Workbook

Sheet cards-dc.json
A1: Name to Type | C1: Cardnum Name | D1: Set | E1: Rarity | F1: TYPE | G1: ALIGNMENT | H1: TEXT | N1: RARITY: | U1: Rarity | V1: Total
A2: "Tom" - Tûma | B2: =COUNTIF(progressive!C$13:BW$227,'cards-dc.json'!I177) -> 0 | C2: "Tom" - Tûma (TW) | D2: (TW) | E2: U | F2: Hazard Creature | G2: Neutral | H2: Unique. Troll. One strike. If played after \"Bert\" or \"William\" and if keyed to the same site path against the same company, each character wounded by \"Tom\" must discard all non-special items he bears. Two Wildernesses [w] in the site path are required.", | I2: ="*"&C2 -> *"Tom" - Tûma (TW) | M2: COUNT | N2: METW | U2: R3 | V2: 69
A3: "Two-headed" Troll | B3: =COUNTIF(progressive!C$13:BW$227,'cards-dc.json'!I1546) -> 0 | C3: "Two-headed" Troll (LE) | D3: (LE) | E3: R | F3: Resource Ally | G3: Minion | H3: Playable at any tapped or untapped Ruins & Lairs [R] with a Troll automatic-attack. Tap to cancel an Orc or Troll attack. Cannot be duplicated in a given company. \"I'm afraid trolls do behave like that, even those with only one head each.\" -Hob", | I3: ="*"&C3 -> *"Two-headed" Troll (LE) | N3: F# =appears in # different fixed sets | U3: R2 | V3: 134
A4: "William" - Wûluag | B4: =COUNTIF(progressive!C$13:BW$227,'cards-dc.json'!I186) -> 0 | C4: "William" - Wûluag (TW) | D4: (TW) | E4: U | F4: Hazard Creature | G4: Neutral | H4: Unique. Troll. One strike. If played after \"Bert\" or \"Tom\" and if keyed to the same site path against the same company, each character wounded by \"William\" must discard all non-special items he bears. \"William choked. 'Shut yer mouth!' he said as soon as he could. 'Yer can't expect folks to stop here for ever just to be et by you and Bert...'\"-Hob", | I4: ="*"&C4 -> *"William" - Wûluag (TW) | N4: CA1=appears once on the general common sheet | U4: R1 | V4: 10
A5: A Blazing Fire & a Mug of Ale | B5: =COUNTIF(progressive!C$13:BW$227,'cards-dc.json'!I3040) -> 0 | C5: A Blazing Fire & a Mug of Ale (RS) | D5: (RS) | H5: [MP: 1; CP: +1; Body: +1] Unique. Playable on Barliman Butterbur or Nob at Bree. +1 to target's corruption checks and +1 body. He may tap to bring Marvels Told, Beer from the East-farthing, or Glamour of Surpassing Excellence from your sideboard or discard pile to your play deck. Discard if he is at a Haven [H] or a site not in Arthedain or The Shire.", | I5: ="*"&C5 -> *A Blazing Fire & a Mug of Ale (RS) | N5: CA2=appears twice on the general common sheet | U5: R | V5: 323
A6: A Chance Meeting | B6: =COUNTIF(progressive!C$13:BW$227,'cards-dc.json'!I242) -> 0 | C6: A Chance Meeting (TW) | D6: (TW) | E6: CB1 | F6: Resource Event | G6: Hero | H6: A character (even a Hobbit) may be brought into play with direct influence at any Free-hold [F], Border-hold [B], or Ruins & Lairs [R]. \"But at last there came about by chance a meeting between Gandalf and Thorin that changed all the fortunes of the House of Durin, and led to other and greater ends beside.\"-LotR", | I6: ="*"&C6 -> *A Chance Meeting (TW) | N6: CB1=appears once on the booster only common sheet | U6: P | V6: 12
A7: A Few Recruits | B7: =COUNTIF(progressive!C$13:BW$227,'cards-dc.json'!I1959) -> 0 | C7: A Few Recruits (BA) | D7: (BA) | E7: R | F7: Resource Faction | G7: Minion | H7: Balrog specific. Playable at a tapped or untapped non-Dragon's lair: Dark-hold [D], Shadow-hold [S], or Ruins & Lairs [R]-the site cannot be an Under-deeps site or surface site thereof-if the influence check is greater than 8. Modifications: The Balrog (+3), leader (+2). \"'...led you here, and we shall lead you back by the was we choose.'\"-LotRIII", | I7: ="*"&C7 -> *A Few Recruits (BA) | N7: CB2=appears twice on the booster only common sheet | U7: U4 | V7: 1
A8: A Few Trusty Lads | B8: =COUNTIF(progressive!C$13:BW$227,'cards-dc.json'!I2485) -> 0 | C8: A Few Trusty Lads (NE) | D8: (NE) | F8: 0 | G8: 0 | H8: Playable on your starting company in lieu of playing a minor item. The company may contain two Orc leaders. Unique Orc leaders in the company receive +3 DI against Orcs; you may start the game at one of their home sites. Discard if you have an avatar in play, or if the company contains more than two unique leaders, a non-Orc leader, or more than two non-Orc characters. Cannot be duplicated by a given player. TAP: bring one resource or character from your sideboard to your play deck (or three to your discard pile).", | I8: ="*"&C8 -> *A Few Trusty Lads (NE) | N8: U=appears once on the uncommon sheet | U8: U3 | V8: 54
A9: A Flush of Air | B9: =COUNTIF(progressive!C$13:BW$227,'cards-dc.json'!I2097) -> 0 | C9: A Flush of Air (FB) | D9: (FB) | F9: 0 | G9: 0 | H9: Unique. Elrond Half-elven specific. Place this card on Elrond if he is in play. TAP: during your end-of-turn phase to take Far-sight, Moon-runes, Test of Lore, or Wisdom to Wield from your discard pile to your hand.", | I9: ="*"&C9 -> *A Flush of Air (FB) | N9: R=appears on the rare sheet | U9: U2 | V9: 158
A10: A Friend of Yore | B10: =COUNTIF(progressive!C$13:BW$227,'cards-dc.json'!I2098) -> 0 | C10: A Friend of Yore (FB) | D10: (FB) | F10: 0 | G10: 0 | H10: Unique. Playable during the site phase at Barad-dûr on an Elf or Dúnadan with a mind of five or more. Tap character. The company faces attacks: Orcs — 3 strikes with 9 prowess; Trolls — 2 strikes with 10 prowess. This card comes into play inverted; it may be stored at any Elf-hold. While inverted, target character may not untap. Re-invert it if he is at an Elf-hold or uses (for no effect) a card with a healing effect. This card gives full MP to a Lord-player. Discard during the organization phase at an Elf-hold to bring Prisoner from Ost-in-Edhil into play as a hero character; he may be taken from your hand, discard pile, or sideboard.", | I10: ="*"&C10 -> *A Friend of Yore (FB) | N10: P=promotional | U10: U1 | V10: 1
A11: A Friend or Three | B11: =COUNTIF(progressive!C$13:BW$227,'cards-dc.json'!I243) -> 0 | C11: A Friend or Three (TW) | D11: (TW) | E11: CB2 | F11: Resource Event | G11: Hero | H11: For every character in the influencing character's company, A Friend or Three gives a +1 modification to an influence check or to a corruption check made by a character in the same company. \"'I was coming...with a friend or two...' said the wizard...'One or three you meant, I see!' said Beorn.\"-Hob", | I11: ="*"&C11 -> *A Friend or Three (TW) | N11: METD | P11: MEDM | U11: U | V11: 258
A12: A Gift for Lords of Men | B12: =COUNTIF(progressive!C$13:BW$227,'cards-dc.json'!I3889) -> 0 | C12: A Gift for Lords of Men (GW) | D12: (GW) | E12: 0 | F12: 0 | G12: 0 | H12: Dragon-lord specific. Offering Attempt. Playable during CvCC, before strikes are assigned. Transfer an item your Dragon-lord bears worth at least 2 mp to a non-Hobbit, non-avatar character in opponent’s company. Your Dragon-lord then makes an influence attempt against this character modified by adding the mp of the item, and by +2 if the Dragon-lord is a diplomat. If successful, target character joins the Dragon-lord’s company; discard all non-follower, non-item cards on the character. CvCC then proceeds normally.", | I12: ="*"&C12 -> *A Gift for Lords of Men (GW) | N12: C1=appears once on the common sheet | U12: F5, CB | V12: 8
A13: A Goblin's Head | B13: =COUNTIF(progressive!C$13:BW$227,'cards-dc.json'!I3187) -> 0 | C13: A Goblin's Head (TI) | D13: (TI) | H13: Unique. Quest. Can only be brought into play from your sideboard, as result of another card’s effect. All characters in Beorn’s company receive +1 prowess against Orcs and Wolves. Orc and Wolf attacks against his company cannot be cancelled. You may flip this card when you play Skin-changer: opponent may then take Minions Stir, Redoubled Force, or Wake of War from his sideboard, play deck, or discard pile to his hand", | I13: ="*"&C13 -> *A Goblin's Head (TI) | N13: C2=appears twice on the common sheet | U13: F5 | V13: 5
A14: A Good Bit Laid By | B14: =COUNTIF(progressive!C$13:BW$227,'cards-dc.json'!I2290) -> 0 | C14: A Good Bit Laid By (DF) | D14: (DF) | F14: 0 | G14: 0 | H14: Unique. Thorin specific. Playable on your Lordhaven [H] if you have stored at least two ore and/or treasure resources there. +3 to your GI. Your characters may play and make influence attempts here against any faction, as if at the site where the faction is normally playable: discard stored ore and/or treasure resources with a combined normal MP equal to the number of contiguous regions from the haven to the site where the faction is playable, minus 1 (resources worth 0 MP count as 1). After a successful influence attempt, a character in the company may tap to play a food item, which may be taken from your discard pile or sideboard.", | I14: ="*"&C14 -> *A Good Bit Laid By (DF) | N14: U2=appears twice on the uncommon sheet | U14: F4 | V14: 1
A15: A Grim Morn | B15: =COUNTIF(progressive!C$13:BW$227,'cards-dc.json'!I3188) -> 0 | C15: A Grim Morn (TI) | D15: (TI) | H15: Quest. Théoden King specific. Only be playable as a starting stage card. Cannot be duplicated by a given player. Place this card with Theoden King if he is in play. Invert this card when you play Hour of Need on a character in his company; you may take a character, ally, or faction playable at a site in Rohan from your play deck or discard pile to your hand. If inverted, flip this card when you play Drughu, Amon Anwar, or Valour in Battle on his company or an entity thereof", | I15: ="*"&C15 -> *A Grim Morn (TI) | N15: U3=appears three times on the uncommon sheet | U15: F3 | V15: 4
A16: A Hobbit's Fate | B16: =COUNTIF(progressive!C$13:BW$227,'cards-dc.json'!I3041) -> 0 | C16: A Hobbit's Fate (RS) | D16: (RS) | F16: 0 | G16: 0 | H16: If both your Ringwraith and The One Ring are in the company. you win the game. Otherwise place this card with a Hobbit prisoner in the company. Fliü if the prisoner is released or leaves play, or if you so choose. You may store any Hobbit prisoner at Barad-dûr or Shelob s Lair.If you have stored a Hobbit there, this card gives 3 marshalling points and your ring tests are modified by +1", | I16: ="*"&C16 -> *A Hobbit's Fate (RS) | N16: R2=appears twice on the rare sheet | U16: F2 | V16: 24
A17: A Hobbit's Tale | B17: =COUNTIF(progressive!C$13:BW$227,'cards-dc.json'!I3042) -> 0 | C17: A Hobbit's Tale (RS) | D17: (RS) | F17: 0 | G17: 0 | H17: Quest. Black Player Only. Playable in lieu of playing a minor item with a starting company. After taking a character or ally prisoner with oe of your companies, place this card with the company; you may immediately play a gold ring with a character in the company, OR play a version of a ring borne by the prisoner (discard his ring), OR test a gold ring in the company, modifying the roll by +2 if the prisoner controls a ring special item and +1 if he is a Hobbit. If the prisoner is a Hobbit, flip this card. Cannot be duplicated by a given player.", | I17: ="*"&C17 -> *A Hobbit's Tale (RS) | N17: R3=appears three times on the rare sheet | U17: F1 | V17: 78
A18: A Lady Rules Upon Arda | B18: =COUNTIF(progressive!C$13:BW$227,'cards-dc.json'!I2099) -> 0 | C18: A Lady Rules Upon Arda (FB) | D18: (FB) | F18: 0 | G18: 0 | H18: Lady Galadriel specific. Playable on Galadriel if she is at Lórien and bears The One Ring. Only one A Lady Rules upon Arda may be played per turn. Make a roll during each of your end-of-turn phases if Galadriel bears The One Ring and she is untapped and at Lórien. Add 1 for each A Lady Rules upon Arda you have in play. If the result is less than 6, Galadriel is eliminated. If the result is greater than 9, you win the game.", | I18: ="*"&C18 -> *A Lady Rules Upon Arda (FB) | N18: P=promotional | U18: CB2 | V18: 25
A19: A Lie in Your Eyes | B19: =COUNTIF(progressive!C$13:BW$227,'cards-dc.json'!I1643) -> 0 | C19: A Lie in Your Eyes (AS) | D19: (AS) | E19: R2 | F19: Hazard Event | G19: Neutral | H19: Playable on an untapped non-Ringwraith, non-Wizard character. Your opponent may either: tap the character, tap an ally the character controls, or choose for you to make a roll (draw a #). If the result is greater than the character's mind plus 6, the character is discarded (along with all cards he controls). \"'That won't do... What did you see, and what did you say?'\"-LotRIII", | I19: ="*"&C19 -> *A Lie in Your Eyes (AS) | N19: MELE | U19: CB1 | V19: 71
A20: A Little Gold Ring | B20: =COUNTIF(progressive!C$13:BW$227,'cards-dc.json'!I1369) -> 3 | C20: A Little Gold Ring (LE) | D20: (LE) | E20: CB, CS1 | F20: Resource Item | G20: Minion | H20: May only be played at Bag End or a Ruins & Lairs [R] where gold rings are playable. Bearer must make a corruption check at the end of each of his untap phases. Discard this ring when tested. If tested, obtain a random value to determine which ring card may be immediately played: The One Ring (11, 12+); a Dwarven Ring (9, 10, 11, 12+); a Magic Ring (1, 2, 3, 4, 5, 6); a Lesser Ring (any result).", | I20: ="*"&C20 -> *A Little Gold Ring (LE) | N20: F# =appears in # different fixed sets | U20: CB, CS2 | V20: 15
A21: A Long Good Talk | B21: =COUNTIF(progressive!C$13:BW$227,'cards-dc.json'!I2100) -> 0 | C21: A Long Good Talk (FB) | D21: (FB) | F21: 0 | G21: 0 | H21: Playable on Gandalf, Radagast, or an Elf-lord. If in his company, Treebeard and Tom Bombadil are not discarded as per their card text when moving to Tom’s House or Wellinghall. If both these allies are in his company, you may place them “off to the side”with this card. You may then tap both (at any time) to either: *Make Awakened Plant creatures playable at your avatar’s current site against minion companies this turn; * Give +2 to a ring test, or cancel Rolled Down to the Sea played earlier in the same chain of effects; * Store Into the Smoking Cone or Fate of the Ithil Stone at Mount Doom or Barad-dûr (as if at a Haven [H]); * Take Cracks of Doom or The Old Thrush from your discard pile to hand.", | I21: ="*"&C21 -> *A Long Good Talk (FB) | N21: CB=appears once on the booster only common sheet | U21: CB, CS1 | V21: 91
A22: A Long-hoarded Treasure | B22: =COUNTIF(progressive!C$13:BW$227,'cards-dc.json'!I2101) -> 0 | C22: A Long-hoarded Treasure (FB) | D22: (FB) | F22: 0 | G22: 0 | H22: Unique. Playable on Círdan if he is at Grey Havens. If Reconstructed Towers is in play, Palantír of Elostirion is not discarded as per its card text when its bearer moves from The White Towers to Grey Havens (or vice versa). Additionally, if you are Círdan you may play A New Ringlord; The White Towers must be used (regardless of its site type) to fulfill the site requirement for the roll.", | I22: ="*"&C22 -> *A Long-hoarded Treasure (FB) | N22: CS1=appears once on the starter only common sheet | U22: CB | V22: 7
A23: A Lust Not Concealed | B23: =COUNTIF(progressive!C$13:BW$227,'cards-dc.json'!I3189) -> 0 | C23: A Lust Not Concealed (TI) | D23: (TI) | F23: 0 | G23: 0 | H23: [SP: 1] Playable at any time on your avatar if you tap two characters with two different skills in his company. Your avatar receives +3 stage points and -3 direct influence this turn; untap him if tapped. Cannot be duplicated in a given turn", | I23: ="*"&C23 -> *A Lust Not Concealed (TI) | N23: CS2=appears twice on the starter only common sheet | U23: CA2 | V23: 32
A24: A Malady Without Healing | B24: =COUNTIF(progressive!C$13:BW$227,'cards-dc.json'!I1370) -> 0 | C24: A Malady Without Healing (LE) | D24: (LE) | E24: R | F24: Resource Event | G24: Minion | H24: Magic. Shadow-magic. Playable during the site phase on a non-Ringwraith, non-Wizard character at the same site as a shadow-magic using character. Target character must make a corruption check modified by -1 followed by a body check (modified by +1 if tapped). If target character is a hero and is eliminated by these checks, you receive his kill Marshaling points. Unless the shadow-magic user is a Ringwraith, he makes a corruption check modified by -5.", | I24: ="*"&C24 -> *A Malady Without Healing (LE) | N24: U=appears once on the uncommon sheet | U24: CA1 | V24: 56
A25: A Merrier World | B25: =COUNTIF(progressive!C$13:BW$227,'cards-dc.json'!I1840) -> 0 | C25: A Merrier World (WH) | D25: (WH) | E25: C3 | F25: Resource Event | G25: Stage | H25: Playable if you have more than 7 stage points. Hazards your company defeat (for which you otherwise get 1 MP) are each worth full kill Marshaling points. Cannot be duplicated by a given player. \"'...the northern world would be merrier for many a long day. The dragon was dead and the goblins overthrown...\"-Hob", | I25: ="*"&C25 -> *A Merrier World (WH) | N25: R=appears on the rare sheet | U25: C4 | V25: 16
A26: A Mind Alike | B26: =COUNTIF(progressive!C$13:BW$227,'cards-dc.json'!I3190) -> 3 | C26: A Mind Alike (TI) | D26: (TI) | F26: 0 | G26: 0 | H26: [SP: 1] Place this card on your avatar when he is in play. You may tap your avatar to look at half the number of cards in opponent’s hand (at random; round up if opponent is of the same alignment, round down otherwise). Avatar makes a CP.", | I26: ="*"&C26 -> *A Mind Alike (TI) | N26: P=promotional | U26: C3 | V26: 41
A27: A More Evil Hour | B27: =COUNTIF(progressive!C$13:BW$227,'cards-dc.json'!I1960) -> 0 | C27: A More Evil Hour (BA) | D27: (BA) | E27: R | F27: Resource Event | G27: Minion | H27: Balrog specific. Tap this card when an opponent plays a card normally giving him three or more Marshaling points. The card does not untap. If tapped, you may discard this card during your organization phase to target a company allowed to move with region movement. The company may move up to two additional regions if moving to a site where an opponent's company is present-and also, thereafter, when leaving this site.", | I27: ="*"&C27 -> *A More Evil Hour (BA) | N27: MEAS | U27: C2 | V27: 130
A28: A More or Less Decent Giant | B28: =COUNTIF(progressive!C$13:BW$227,'cards-dc.json'!I2291) -> 0 | C28: A More or Less Decent Giant (DF) | D28: (DF) | F28: 0 | G28: 0 | H28: Giant. Playable at any tapped or untapped non-Haven, non-Dark-hold site in a mountain region or in High Pass, with a company containing a diplomat. For the purpose of resolving non-combat attacks his base prowess is considered to be 10. Only one A More or Less Decent Giant may be in a given company.", | I28: ="*"&C28 -> *A More or Less Decent Giant (DF) | N28: C2=appears twice on the common sheet | U28: C1 | V28: 38
A29: A New Domain | B29: =COUNTIF(progressive!C$13:BW$227,'cards-dc.json'!I2292) -> 1 | C29: A New Domain (DF) | D29: (DF) | F29: 0 | G29: 0 | H29: Balrog specific. Playable on a site where you have played Lord and Usurper. The site becomes one of your Darkhavens [K]. Additionally, Growing Shadow may be played on the site’s region (or an adjacent region), regardless of any other requirements; if played on such a region, it is not discarded until this card is discarded. Cannot be duplicated on a site.", | I29: ="*"&C29 -> *A New Domain (DF) | N29: C3=appears three times on the common sheet | U29: C | V29: 7
A30: A New Ringlord | B30: =COUNTIF(progressive!C$13:BW$227,'cards-dc.json'!I1841) -> 0 | C30: A New Ringlord (WH) | D30: (WH) | E30: R3 | F30: Resource Event | G30: Stage | H30: Playable on your Fallen-wizard if he has The One Ring at one of your Wizardhavens [W]. Only one A New Ringlord may be played in a given turn. Make a roll during each of your end-of-turn phases if your Fallen-wizard is at a Ruins & Lairs [R] where Information is playable. Add 1 for each A New Ringlord you have in play. If the result is less than 6, your Fallen-wizard is eliminated. If the result is greater than 9, you win the game.", | I30: ="*"&C30 -> *A New Ringlord (WH) | N30: U1=appears once on the uncommon sheet
A31: A Nice Place to Hide | B31: =COUNTIF(progressive!C$13:BW$227,'cards-dc.json'!I1371) -> 0 | C31: A Nice Place to Hide (LE) | D31: (LE) | E31: CB, CS1 | F31: Resource Event | G31: Minion | H31: Scout only. Tap scout to cancel an attack against his company. \"'And a nice place to choose, too. The River seems set on taking us right into their arms!'\"-LotRII", | I31: ="*"&C31 -> *A Nice Place to Hide (LE) | N31: U2=appears twice on the uncommon sheet
A32: A Panoply of Wings | B32: =COUNTIF(progressive!C$13:BW$227,'cards-dc.json'!I1842) -> 0 | C32: A Panoply of Wings (WH) | D32: (WH) | E32: C3 | F32: Resource Faction | G32: Hero | H32: Playable at any tapped or untapped non-Haven, non-Shadow-hold, non-Dark-hold site in a Wilderness [w] if the influence check is greater than 11. Standard Modifications: if Radagast is your Wizard (+3). Discard this faction to make information playable at such a site. \"'Tell them to bring news of anything that bears on this matter...'\"-LotRII", | I32: ="*"&C32 -> *A Panoply of Wings (WH) | N32: U3=appears three times on the uncommon sheet
A33: A Power Still Greater | B33: =COUNTIF(progressive!C$13:BW$227,'cards-dc.json'!I3043) -> 0 | C33: A Power Still Greater (RS) | D33: (RS) | H33: Playable on The One Ring. Your hand size is increased by one. You draw one more card than normal for the bearer’s company when moving to a new site. Discard during opponent’s turn to prevent him from calling the Free Council, Audience with Sauron, or Day of Reckoning. Cannot be duplicated", | I33: ="*"&C33 -> *A Power Still Greater (RS) | N33: R1=appears once on the rare sheet
A34: A Prince to Bring Down the North | B34: =COUNTIF(progressive!C$13:BW$227,'cards-dc.json'!I4052) -> 0 | C34: A Prince to Bring Down the North (KN) | D34: (KN) | F34: 0 | G34: 0 | H34: Quest. Playable in lieu of playing a minor item with a starting company; bring Fornost into play from your sideboard; cannot be duplicated on a given player. tap if you play a unique faction in Angmar or its adjacent regions; this card does not untap normally. If you control either two non-unique or one man faction (playable in Wilderland or its adjacent regions) under Profitable Trade; either untap an opponent’s Hope of the Sister Realm or flip this card", | I34: ="*"&C34 -> *A Prince to Bring Down the North (KN) | N34: R2=appears twice on the rare sheet
A35: A Short Rest | B35: =COUNTIF(progressive!C$13:BW$227,'cards-dc.json'!I950) -> 2 | C35: A Short Rest (TD) | D35: (TD) | E35: C2 | F35: Resource Event | G35: Hero | H35: Each moving company may draw an extra card for each region less than four in its site path. \"That day he looked at the swords they had brought from the trolls' lair, and he said: 'These are not troll-make.'\"-Hob", | I35: ="*"&C35 -> *A Short Rest (TD) | N35: MEWH
A36: A Strident Spawn | B36: =COUNTIF(progressive!C$13:BW$227,'cards-dc.json'!I1843) -> 0 | C36: A Strident Spawn (WH) | D36: (WH) | E36: U3 | F36: Resource Event | G36: Stage | H36: Playable if you are Pallando or Saruman and have 6 or more stage points and a protected Wizardhaven [W]. Each of your Half-orcs requires one less point of influence to control. During your organization phase, you may take one Half-orc character from your discard pile to your hand. You may play Half-orc characters at your Wizardhavens [W], and even if your Fallen-wizard is not there. Cannot be duplicated by a given player.", | I36: ="*"&C36 -> *A Strident Spawn (WH) | N36: C3=appears three times on the common sheet
A37: A Thing of Surpassing Potency | B37: =COUNTIF(progressive!C$13:BW$227,'cards-dc.json'!#REF!) -> 0 | C37: A Thing of Surpassing Potency (MM) | D37: (MM) | F37: 0 | G37: 0 | H37: Playable if The One Ring is in play and borne by a non- Hobbit character with a mind greater than 4. Discard if these conditions are not met. The mp and all bonusses from other special items in play are modified by -1 (to a minimum of 1). Additionally, all CP by other ringbearers are modified by -1, and any Narya, Nenya or Vilya cannot be used.", | I37: ="*"&C37 -> *A Thing of Surpassing Potency (MM) | N37: C4=appears four times on the common sheet
A38: A Trail Fresh and Swift | B38: =COUNTIF(progressive!C$13:BW$227,'cards-dc.json'!I3044) -> 0 | C38: A Trail Fresh and Swift (RS) | D38: (RS) | H38: Unless in play or eliminated, take Gollum from your sideboard and place him with a Shadow-hold [S] or Dark-hold [D] (turn My Precious face-down); this site must be located a number of regions removed from the company’s region, equal to or lower than the modified roll’s result minus 9 (opponent’s choice; site from either location deck). Gollum is considered a Prisoner at this site. He is released automatically by the character tapping for Rescue Prisoners there. You may store Gollum and this card together with Recue Prisoners, if stored it gives 4 marshalling points", | I38: ="*"&C38 -> *A Trail Fresh and Swift (RS) | N38: U3=appears three times on the uncommon sheet
A39: A Weapon in the Right Hands | B39: =COUNTIF(progressive!C$13:BW$227,'cards-dc.json'!#REF!) -> 0 | C39: A Weapon in the Right Hands (MM) | D39: (MM) | F39: 0 | G39: 0 | H39: [Prowess: +1; CP: +1] Unique. Playable on the One Ring. The item cannot concealed or transferred (unless bearer is eliminated by a body check). If bearer is in Barad-dur ( or Dol Guldur if opponent is the Necromancer) he faces an attack during the site phase (alone): Maia - 1 strike with 24 prowess adn 12 body; the strike cannot be canceled, reduced, redirected, or made ineffectual. If the strike is defeated, and bearer of the One Ring is still in play after a corruption check during the end of turn phase, you win the game, otherwise you lose.", | I39: ="*"&C39 -> *A Weapon in the Right Hands (MM) | N39: U4=appears four times on the uncommon sheet
A40: A Will of Its Own | B40: =COUNTIF(progressive!C$13:BW$227,'cards-dc.json'!I3045) -> 5 | C40: A Will of Its Own (RS) | D40: (RS) | H40: Quest. Only playable in lieu of playing a minor item with a starting company; opponent may bring A Will of Its Own into play from his sideboard. When testing a gold ring, you may play The One Ring instead of a Dwarven Ring as result of the test. Flip this card when you have The One Ring in play; you may take a resource only playable on The One Ring or its bearer from your sideboard or discard pile to your hand.", | I40: ="*"&C40 -> *A Will of Its Own (RS) | N40: R2=appears twice on the rare sheet
A41: A Worthy Substitute | B41: =COUNTIF(progressive!C$13:BW$227,'cards-dc.json'!I2486) -> 0 | C41: A Worthy Substitute (NE) | D41: (NE) | F41: 0 | G41: 0 | H41: Minion only. Playable on a Darkhaven [K] or Dark-hold [D]. Characters at the site may transfer any allies they control to other characters in the company with an equal or greater mind (or to an avatar or a Ringwraith). If the ally is non-unique, the new controlling character may not already control such an ally.", | I41: ="*"&C41 -> *A Worthy Substitute (NE) | N41: R3=appears three times on the rare sheet
A42: Aamumeren Isä | B42: =COUNTIF(progressive!C$13:BW$227,'cards-dc.json'!I2678) -> 0 | C42: Aamumeren Isä (NW) | D42: (NW) | F42: 0 | G42: 0 | H42: [MP: 4*; P/B: 17/9] Unique. Maia. Animal. Whale. One strike. May be played keyed to any Coastal Sea region [c] in The Northern Waste. Before strikes are assigned, make a roll (modified by -2 if the company is overt). If the result is: 8-12 attack is detainment, 5-7 attack proceeds normally, 4 or less attack proceeds normally and if all strikes are successful the company must return to its site of origin. As a long-event, each company moving in a region of The Northern Waste and with a Coastal Sea [c] in their site path must return to its site of origin.", | I42: ="*"&C42 -> *Aamumeren Isä (NW) | N42: MEBA
A43: Abandoned Caravansary | B43: =COUNTIF(progressive!C$13:BW$227,'cards-dc.json'!#REF!) -> 0 | C43: Abandoned Caravansary [H] (SL) | D43: (SL) | F43: 0 | G43: 0 | H43: (1)Traps---3 strikes with 7 prowessSpecial: If Rebuild the Town is played on this site it becomes an oasis.", | I43: ="*"&C43 -> *Abandoned Caravansary [H] (SL) | N43: C=appears three times in a full set (except for The Balrog, which appears six times)
A44: Abandoned Caravansary | B44: =COUNTIF(progressive!C$13:BW$227,'cards-dc.json'!#REF!) -> 0 | C44: Abandoned Caravansary [M] (SL) | D44: (SL) | F44: 0 | G44: 0 | H44: (1)Traps---3 strikes with 7 prowessSpecial: If Hold Rebuilt and Repaired is played on this site it becomes an oasis.", | I44: ="*"&C44 -> *Abandoned Caravansary [M] (SL) | N44: U=appears twice in a full set
A45: Abduction | B45: =COUNTIF(progressive!C$13:BW$227,'cards-dc.json'!I2487) -> 8 | C45: Abduction (NE) | D45: (NE) | F45: 0 | G45: 0 | H45: Prisoner. Minion only. Playable during CvCC if your company contains at least twice as many characters as opponent’s company. Instead of making a body check for one of opponent’s non-avatar characters, place him with this card under control of a character in your company that taps: target character is taken prisoner with the company. This card gives 1 MP if the prisoner is stored. Discard at the end of the turn if no prisoner is placed with it.", | I45: ="*"&C45 -> *Abduction (NE) | N45: R=appears once in a full set
A46: Abductor | B46: =COUNTIF(progressive!C$13:BW$227,'cards-dc.json'!I75) -> 0 | C46: Abductor (TW) | D46: (TW) | E46: CA1 | F46: Hazard Creature | G46: Neutral | H46: Men. One strike. Each non-Wizard defending character wounded by the Abductor is discarded. \"Suddenly he seized them. The strength in his long arms and shoulders was terrifying. He tucked them one under each armpit, and crushed them fiercely to his sides; a great stifling hand was clapped over each of their mouths.\"-LotRIII", | I46: ="*"&C46 -> *Abductor (TW)
A47: Abhorred Ring | B47: =COUNTIF(progressive!C$13:BW$227,'cards-dc.json'!I2488) -> 0 | C47: Abhorred Ring (NE) | D47: (NE) | F47: 0 | G47: 0 | H47: Spirit Ring. Playable only with a gold ring and after a test indicates a Spirit Ring. -2 to bearer’s mind (to a minimum of 1). Cannot be duplicated on a given character. TAP: discard a hazard permanent-event played on the company or an entity therein. Bearer makes a CC.", | I47: ="*"&C47 -> *Abhorred Ring (NE)
A48: Abomination Nursed in Darkness | B48: =COUNTIF(progressive!C$13:BW$227,'cards-dc.json'!I2922) -> 0 | C48: Abomination Nursed in Darkness (ML) | D48: (ML) | F48: 0 | G48: 0 | H48: [MP: 1; Mind: 2; P/B: 5/7] Spawn. Playable at The Under-galleries or The Vaults of Utûmno. Winged. When this ally enters play, its controlling character faces a strike with 12 prowess. Abomination receives+2 prowess while at or moving to an Under-deeps or surface site; during CvCC at such a site, you may assign its strike regardless of its status or any resources played. tap: at any time when you play Great Secrets Buried There and make a roll: reveal an extra number of cards equal to roll’s the result", | I48: ="*"&C48 -> *Abomination Nursed in Darkness (ML)
A49: Above the Abyss | B49: =COUNTIF(progressive!C$13:BW$227,'cards-dc.json'!I1680) -> 1 | C49: Above the Abyss (AS) | D49: (AS) | E49: C3 | F49: Resource Event | G49: Minion | H49: Playable on a tapped non-Ringwraith character if your opponent is a Wizard and Ringwraith is in play. Untap target character. \"...in the dark they could not see a descent, until they came on it and put their feet out into emptiness.\"-LotRII", | I49: ="*"&C49 -> *Above the Abyss (AS)
A50: Abur | B50: =COUNTIF(progressive!C$13:BW$227,'cards-dc.json'!#REF!) -> 0 | C50: Abur (SL) | D50: (SL) | F50: 0 | G50: 0 | H50: [MP: 1; Mind: 4; DI: 1; P/B: 5/7]---W---Man. Unique. +1 prowess while at or moving to a site in a Desert [e]. +2 DI against the Junast’s Guard faction. May not be in the company with overt characters.Home site: Tresti.", | I50: ="*"&C50 -> *Abur (SL)
A51: Accept the Offering | B51: =COUNTIF(progressive!C$13:BW$227,'cards-dc.json'!I2102) -> 2 | C51: Accept the Offering (FB) | D51: (FB) | F51: 0 | G51: 0 | H51: Unique. Lady Galadriel specific. Playable on an untapped Galadriel at Lórien if The One Ring is also at Lórien. Tap Galadriel and the bearer of The One Ring (if untapped); both make a CC modified by -4. If both are still in play afterwards, Galadriel may now bear The One Ring and she immediately takes control of it. +1 to her CC.", | I51: ="*"&C51 -> *Accept the Offering (FB)
A52: Achrond | B52: =COUNTIF(progressive!C$13:BW$227,'cards-dc.json'!I2844) -> 0 | C52: Achrond [H] (NW) | D52: (NW) | E52: 0 | F52: 0 | G52: 0 | H52: Nearest Haven: EvermistPlayable: Information, Items (minor)Automatic-attacks: Wolves — 3 strikes with 7 prowessSpecial: Port. Cardolanian Whalers may be played at this site. If Rebuild the Town is in play on Achrond, Ivory Hoard is playable here.", | I52: ="*"&C52 -> *Achrond [H] (NW)
A53: Achrond | B53: =COUNTIF(progressive!C$13:BW$227,'cards-dc.json'!I2845) -> 0 | C53: Achrond [M] (NW) | D53: (NW) | E53: 0 | F53: 0 | G53: 0 | H53: Nearest Darkhaven: Mornost Playable: Information, Items (minor)Automatic-attacks: Wolves — 3 strikes with 7 prowessSpecial: Port. Cardolanian Whalers may be played at this site. If the company contains a wolf ally, the Wargs of the Tundra faction is playable here", | I53: ="*"&C53 -> *Achrond [M] (NW)
A54: Adamant Helmet | B54: =COUNTIF(progressive!C$13:BW$227,'cards-dc.json'!I951) -> 0 | C54: Adamant Helmet (TD) | D54: (TD) | E54: C2 | F54: Resource Item | G54: Hero | H54: Hoard item. Helmet. +1 to body to a maximum of 9. Cancels all dark enchantments targetting bearer. \"...of adamant his helmet tall...\"-LotRII", | I54: ="*"&C54 -> *Adamant Helmet (TD)
A55: Adan Tomb | B55: =COUNTIF(progressive!C$13:BW$227,'cards-dc.json'!I3646) -> 0 | C55: Adan Tomb [H] (CP) | D55: (CP) | F55: 0 | G55: 0 | H55: (1)Traps--- 2 strike with 10 prowessSpecial: Hoard battle-gear items may be played at this site.", | I55: ="*"&C55 -> *Adan Tomb [H] (CP)
A56: Adan Tomb | B56: =COUNTIF(progressive!C$13:BW$227,'cards-dc.json'!I3647) -> 0 | C56: Adan Tomb [M] (CP) | D56: (CP) | F56: 0 | G56: 0 | H56: (1)Traps--- 2 strike with 10 prowessSpecial: Hoard battle-gear items may be played at this site.", | I56: ="*"&C56 -> *Adan Tomb [M] (CP)
A57: Aden Scarlet's Medical Library | B57: =COUNTIF(progressive!C$13:BW$227,'cards-dc.json'!#REF!) -> 0 | C57: Aden Scarlet's Medical Library [H] (KN) | D57: (KN) | E57: 0 | F57: 0 | G57: 0 | H57: (1)Hobbits--- 3 strikes with 5 prowess (detainment)Special: Tap a hobbit to make Mathom Lore from your discard pile to your hand; Mathom Lore may be played here as if at Bag End.", | I57: ="*"&C57 -> *Aden Scarlet's Medical Library [H] (KN)
A58: Aden Scarlet's Medical Library | B58: =COUNTIF(progressive!C$13:BW$227,'cards-dc.json'!#REF!) -> 0 | C58: Aden Scarlet's Medical Library [M] (KN) | D58: (KN) | E58: 0 | F58: 0 | G58: 0 | H58: (1)Hobbits---3 strikes with 5 prowess; (2)Dúnedain---2 strike with 10 prowessSpecial: *Secret Book, Records Unread, Thror's map. If Smoke on the Wind or People Diminished is successfully played at this site, pace this card in your MP instead of discrding it from play: any Information resources in play by hero players are worth one less MP (to a minimum of one)", | I58: ="*"&C58 -> *Aden Scarlet's Medical Library [M] (KN)
A59: Adena | B59: =COUNTIF(progressive!C$13:BW$227,'cards-dc.json'!I3739) -> 0 | C59: Adena (DS) | D59: (DS) | F59: 0 | G59: 0 | H59: [MP: 2] Unique. Playable at Mispír if the influence check is greater than 8. Standard Modifications: Men (+1), all others (-2), Clans of the Drêl (+2 if contolled by you), Clans of the Pel (+2 +2 if contolled by you)", | I59: ="*"&C59 -> *Adena (DS)
A60: Adrazar | B60: =COUNTIF(progressive!C$13:BW$227,'cards-dc.json'!I2) -> 0 | C60: Adrazar (TW) | D60: (TW) | E60: F1 | F60: Character | G60: Hero | H60: Unique. +1 direct influence against all factions. \"He encouraged all men of worth from near or far to enter his service, and to those who proved trustworthy he gave rank and reward.\"-LotR Home Site: Dol Amroth", | I60: ="*"&C60 -> *Adrazar (TW)
A61: Adûnaphel | B61: =COUNTIF(progressive!C$13:BW$227,'cards-dc.json'!I76) -> 0 | C61: Adûnaphel (TW) | D61: (TW) | E61: R | F61: Hazard Creature | G61: Neutral | H61: Unique. Nazgûl (7th). May be played as a hazard creature (with one strike) or as a permanent event. As a creature, may also be played keyed to Brown Lands, Dagorlad, Gorgoroth, and Western Mirkwood; and may also be played at sites in these regions. If played as a permanent-event, it will remain in play until tapped during the opponent's movement/hazard phase (tapping counts against the hazard limit). When tapped, Adûnaphel becomes a short-event and causes any one character to tap.", | I61: ="*"&C61 -> *Adûnaphel (TW)
A62: Adûnaphel the Ringwraith | B62: =COUNTIF(progressive!C$13:BW$227,'cards-dc.json'!I1217) -> 0 | C62: Adûnaphel the Ringwraith (LE) | D62: (LE) | E62: F1 | F62: Character | G62: Avatar | H62: Unique. Manifestation of Adûnaphel. Can use spirit-magic. +2 direct influence in Heralded Lord mode. -2 prowess in Fell Rider mode. As your Ringwraith, if at a Darkhaven [V], she may tap to cancel one hazard creature attack not played at a site against any one of your companies. Home Site: Ulurtsu Nurn", | I62: ="*"&C62 -> *Adûnaphel the Ringwraith (LE)
A63: Adûnaphel Unleashed | B63: =COUNTIF(progressive!C$13:BW$227,'cards-dc.json'!I1372) -> 0 | C63: Adûnaphel Unleashed (LE) | D63: (LE) | E63: R | F63: Resource Event | G63: Minion | H63: Playable on any attack against Adûnaphel (as your Ringwraith) if she is the only character in her company. The number of strikes of the attack is reduced to one and the attack's body is modified by -2. Alternatively, playable on any attack by a lone Adûnaphel the Ringwraith (as your Ringwraith). You choose defending characters. Any resulting body checks for defending characters are modified by +2. Cannot be duplicated on a given attack.", | I63: ="*"&C63 -> *Adûnaphel Unleashed (LE)
A64: Adûnaphel's Lute | B64: =COUNTIF(progressive!C$13:BW$227,'cards-dc.json'!I2489) -> 0 | C64: Adûnaphel's Lute (NE) | D64: (NE) | F64: 0 | G64: 0 | H64: Unique. Instrument. Playable only by Adûnaphel the Ringwraith at any site in The Sun-lands (does not tap the site). This item only affects Adûnaphel; she gains the sage skill and need not be taken to hand on a body check result of 7 or 8. Unless in Fell Rider mode, one Ringwraith follower is not considered in her company for the purpose of resource short-events. TAP: during the end-of-turn phase to take Heralded Lord, Morgul-apprentice, or No Escape from My Magic from your discard pile to your hand.", | I64: ="*"&C64 -> *Adûnaphel's Lute (NE)
A65: Adûn-Tarîk | B65: =COUNTIF(progressive!C$13:BW$227,'cards-dc.json'!#REF!) -> 0 | C65: Adûn-Tarîk [H] (SL) | D65: (SL) | F65: 0 | G65: 0 | H65: (1)Men--- 3 strikes at 7 prowess; (2)Trolls---2 strikes with 8 prowessSpecial: Battleground. When Tower Raided is played at this site you may bring one resource specific to your avatar (or his race) from sideboard to hand.", | I65: ="*"&C65 -> *Adûn-Tarîk [H] (SL)
A66: Adûn-Tarîk | B66: =COUNTIF(progressive!C$13:BW$227,'cards-dc.json'!#REF!) -> 0 | C66: Adûn-Tarîk [M] (SL) | D66: (SL) | F66: 0 | G66: 0 | H66: (1)Men--- 3 strikes with 7 prowess (detainment); (2)Trolls--- 2 strikes with 8 prowess (detainment against overt companies) *must only be faced if company plays a gold ring item. Trap--- 1 strike with 10 prowess----Cannot be canceled and weapons do not modifyCannot be canceled and weapons do not modify", | I66: ="*"&C66 -> *Adûn-Tarîk [M] (SL)
A67: Aeglin | B67: =COUNTIF(progressive!C$13:BW$227,'cards-dc.json'!I3890) -> 0 | C67: Aeglin (GW) | D67: (GW) | E67: 0 | F67: 0 | G67: 0 | H67: [MP: 3; CP: 2] Unique. Playable at Cirith Helkaloke or Steel Fall. Weapon: +3 prowess (to a maximum of 9 or double the bearer’s base prowess). Is considered non-unique and Sword of Gondolin for the purpose of Attuning the Blade and Biter and Beater. Elf warrior only: tap: take one Attuning the Blade from your discard pile to your hand.", | I67: ="*"&C67 -> *Aeglin (GW)
A68: Aegnor | B68: =COUNTIF(progressive!C$13:BW$227,'cards-dc.json'!I2035) -> 0 | C68: Aegnor (FB) | D68: (FB) | F68: 0 | G68: 0 | H68: Unique. Noldo. TAP: if at a site where Information is playable to test a gold ring in his company. Home Site: Lórien", | I68: ="*"&C68 -> *Aegnor (FB)
A69: Aelinost | B69: =COUNTIF(progressive!C$13:BW$227,'cards-dc.json'!I3363) -> 0 | C69: Aelinost [H] (BO) | D69: (BO) | F69: 0 | G69: 0 | H69: (1)Dúnedain--- 2 strikes with 8 prowess (detainment)Special: Port. Tap a Dúnadan diplomat with a home site in Gondor or Eriador to place one Sentinels of Númenor you have in play with this site (tap site if untapped): Dúnadan factions playable at sites in Bay of Ormal may be placed under Sentinels of Númenor (as if playable at sites in Gondor).", | I69: ="*"&C69 -> *Aelinost [H] (BO)
A70: Aelinost | B70: =COUNTIF(progressive!C$13:BW$227,'cards-dc.json'!I3364) -> 0 | C70: Aelinost [M] (BO) | D70: (BO) | F70: 0 | G70: 0 | H70: (1)Men--- each character faces a strike with 7 prowess (detainment against covert companies); (2)Dúnedain--- 4 strikes with 9 prowess (against covert companies only)Special: Port. Tap a Dúnadan or a Ringwraith in Heralded Lord mode to discard Sentinels of Númenor from this site.", | I70: ="*"&C70 -> *Aelinost [M] (BO)
A71: Aeluin | B71: =COUNTIF(progressive!C$13:BW$227,'cards-dc.json'!I3768) -> 0 | C71: Aeluin [H] (DS) | D71: (DS) | F71: 0 | G71: 0 | H71: (1)Drake--- 1 strike with 10 prowessSpecial: Contains a hoard. Animal and drake creatures keyable to CS may be keyed to this site. Any sage may play Eyes of Mandos at this site.", | I71: ="*"&C71 -> *Aeluin [H] (DS)
A72: Aeluin | B72: =COUNTIF(progressive!C$13:BW$227,'cards-dc.json'!I3769) -> 0 | C72: Aeluin [M] (DS) | D72: (DS) | F72: 0 | G72: 0 | H72: (1)Drake--- 1 strike with 10 prowessSpecial: Contains a hoard. Animal and drake creatures keyable to CS may be keyed to this site.", | I72: ="*"&C72 -> *Aeluin [M] (DS)
A73: Aerfaroth | B73: =COUNTIF(progressive!C$13:BW$227,'cards-dc.json'!I2734) -> 0 | C73: Aerfaroth (NW) | D73: (NW) | F73: 0 | G73: 0 | H73: [MP: 1]Unique. Playable at Jääkylät if the influence check is greater than 8. Standard Modifications: character with a home site in the Northern Waste (+2), Dwarves (-2). tap: cancel an attack keyed to East Bay of Forochel or West Bay of Forochel (by type or name) against one of your companies. If Doors of Night or Fell Winter is in play, this faction does not untap", | I73: ="*"&C73 -> *Aerfaroth (NW)
A74: Against All Counsel | B74: =COUNTIF(progressive!C$13:BW$227,'cards-dc.json'!I2103) -> 0 | C74: Against All Counsel (FB) | D74: (FB) | F74: 0 | G74: 0 | H74: Playable only on Elrond Half-elven or Thranduil of Mirkwood, if he is at his home site and bears The One Ring. May also be played during the site phase. If your avatar bears The One Ring, he makes a CC during each of his end-of-turn phases for each hero character with a mind of 8 or more at his site (10 for a Wizard). If still in play afterwards, make a roll and add 1 for each hero character with a mind of 8 or more at his site: if the result is less than 6, he is eliminated; if the result is greater than 10, you win the game.", | I74: ="*"&C74 -> *Against All Counsel (FB)
A75: Against the Eye | B75: =COUNTIF(progressive!C$13:BW$227,'cards-dc.json'!I3891) -> 0 | C75: Against the Eye (GW) | D75: (GW) | E75: 0 | F75: 0 | G75: 0 | H75: [MP: 3, SP: 2] Dragon-lord specific. Playable during the site phase on your Dragon-lord’s current Shadow-hold [S], if you have at least 4P. Your Dragon-lord faces an attack: Troll – 1 strike at 15 (cannot be cancelled or redirected). Following the attack tap your Dragon-lord and the site or discard this card. All versions of this site become a Ruins & Lairs [R]; this site is never discarded and never untaps for you.", | I75: ="*"&C75 -> *Against the Eye (GW)
A76: Agburanar | B76: =COUNTIF(progressive!C$13:BW$227,'cards-dc.json'!I77) -> 1 | C76: Agburanar (TW) | D76: (TW) | E76: R | F76: Hazard Creature | G76: Neutral | H76: Unique. May be played at Caves of Ûlond. Dragon. Two strikes. If Doors of Night is in play, may also be played keyed to Grey Mountain Narrows, Iron Hills, Northern Rhovanion, and Withered Heath; and may also be played at sites in these regions.", | I76: ="*"&C76 -> *Agburanar (TW)
A77: Agburanar Ahunt | B77: =COUNTIF(progressive!C$13:BW$227,'cards-dc.json'!I861) -> 0 | C77: Agburanar Ahunt (TD) | D77: (TD) | E77: U2 | F77: Hazard Event | G77: Neutral | H77: Unique. Any company moving in Withered Heath, Northern Rhovanion, Iron Hills, and/or Grey Mountain Narrows immediately faces one Dragon attack (considered a hazard creature attack)-3 strikes at 13/8. If Doors of Night is in play, this attack also affects: Southern Rhovanion, Dorwinion, Heart of Mirkwood, and Woodland Realm.", | I77: ="*"&C77 -> *Agburanar Ahunt (TD)
A78: Agburanar at Home | B78: =COUNTIF(progressive!C$13:BW$227,'cards-dc.json'!I862) -> 0 | C78: Agburanar at Home (TD) | D78: (TD) | E78: R3 | F78: Hazard Event | G78: Neutral | H78: Unique. Unless Agburanar Ahunt is in play, Caves of Ûlund has an additional automatic-attack: Dragon-2 strikes at 16/9. In addition, one unique Dragon manifestation played against each company does not count against the hazard limit. \"Slow and silent he crept back to his lair and half closed his eyes.\"-Hob", | I78: ="*"&C78 -> *Agburanar at Home (TD)
A79: Agburanar Roused | B79: =COUNTIF(progressive!C$13:BW$227,'cards-dc.json'!I1373) -> 0 | C79: Agburanar Roused (LE) | D79: (LE) | E79: R | F79: Resource Faction | G79: Minion | H79: Unique. Manifestation of Agburanar. Playable at Caves of Ûlund if the influence check is greater than 12. Modifications: influencer discards a major item (+3) or a greater item (+6). All attacks by manifestations of Agburanar against your companies are canceled. Any company moving in Withered Heath, Northern Rhovanion, Grey Mountain Narrows, and/or Iron Hills faces one attack: Dragon-two strikes at 15/9 prowess/body.", | I79: ="*"&C79 -> *Agburanar Roused (LE)
A80: Agents of the Enemy | B80: =COUNTIF(progressive!C$13:BW$227,'cards-dc.json'!I3016) -> 1 | C80: Agents of the Enemy (RS) | D80: (RS) | H80: Invert this card when a company faces an agent or Nazgûl attack. If inverted, your agents may tap to make hazard creatures playable against and compayn with a ring or treasure item at or moving to their site, as if it were the agent's home site. Discard to give an attack from your agent or Nazgûl an extra strike, or to take Behind the Hedge or On Their Master's Errand from your sideboard to your hand.", | I80: ="*"&C80 -> *Agents of the Enemy (RS)
A81: Aglarond | B81: =COUNTIF(progressive!C$13:BW$227,'cards-dc.json'!I3191) -> 0 | C81: Aglarond (TI) | D81: (TI) | F81: 0 | G81: 0 | H81: [MP: 1] Playable during the site phase on Glittering Caves, if you have a Dwarf with mind of 5 or more at the site. The company faces an attack (cannot be cancelled): Pûkel-creature — 2 strikes with 8 prowess. Tap a Dwarf after the attack or discard this card. All versions of Glittering Caves become a Border-hold [B] and a Dwarf-hold; all automatic- attacks are cancelled for your companies. This site is never discarded and never untaps for you. Cannot be duplicated", | I81: ="*"&C81 -> *Aglarond (TI)
A82: Agog | B82: =COUNTIF(progressive!C$13:BW$227,'cards-dc.json'!I2649) -> 0 | C82: Agog (NW) | D82: (NW) | F82: 0 | G82: 0 | H82: [MP: 3; Mind: 8; DI: 2; P/B: 4/7]---W/R/D---Orc. Unique. Ice-orc. Leader. Discard on a body check result of 7. +1 prowess against Elves. +2 EI against Ice-orcs. +2 EI against the Ice-orcs and Orcs of the Bleak Mountains factions. +2 to prowess and body when at or moving to a site in the Northern Waste. No More Nonsense may be duplicated on Agog. Home site: Mornost.", | I82: ="*"&C82 -> *Agog (NW)
A83: Ahar | B83: =COUNTIF(progressive!C$13:BW$227,'cards-dc.json'!I3612) -> 3 | C83: Ahar (CP) | D83: (CP) | F83: 0 | G83: 0 | H83: [MP: 2] Unique. Playable at Thraath if the influence check is greater than 8. Standard Modifications: character with home site in Chy, Heb Aaraan or Orgothraath (+2). Wild Horses faction is playable at the site where Ahar is played; modify any influence attempt against such a faction at this site by +4.", | I83: ="*"&C83 -> *Ahar (CP)
A84: Aiglos | B84: =COUNTIF(progressive!C$13:BW$227,'cards-dc.json'!I1138) -> 0 | C84: Aiglos (DM) | D84: (DM) | E84: R2 | F84: Resource Item | G84: Hero | H84: Unique. Playable at any Under-deeps Dark-hold [D] or Shadow-hold [S]. Weapon. Warrior only: +2 prowess (+5 if Doors of Night is in play) (to a maximum of 11); +1 body (to a maximum of 10); -2 to target's body; +3 direct influence against Elves and Elf factions. \"'...for the Spear Gil-galad and the Sword of Elendil, Aiglos and Narsil, none could withstand.'\"-LotRII", | I84: ="*"&C84 -> *Aiglos (DM)
A85: Airatano | B85: =COUNTIF(progressive!C$13:BW$227,'cards-dc.json'!I3421) -> 3 | C85: Airatano (CA) | D85: (CA) | F85: 0 | G85: 0 | H85: [MP: 3; Mind: 8; DI: 2; P/B: 5/10]---W/Sa---Demon. Unique. Court Member of Ardor. He does not need to tap to play Dark-forges, Forged Below, or Reforging; only one of these cards can be on him at any given time. tap: make any non-unique ore card playable at his current under-deeps site. You may play Delver’s Harvest or Earth-eater (as if it was a normal resource) on his company at any under-deeps Ruins & Lairs [R] site.Home site: Engkîr.", | I85: ="*"&C85 -> *Airatano (CA)
A86: Aiwendil | B86: =COUNTIF(progressive!C$13:BW$227,'cards-dc.json'!I2735) -> 0 | C86: Aiwendil (NW) | D86: (NW) | F86: 0 | G86: 0 | H86: Unique. Manifestation of Radagast. Playable on a company moving in Wilderland or the Northern Waste, if you have not revealed your avatar. Characters in the company may play Radagast’s Black Bird and influence factions as if you were Radagast. You may play spells on the company as if on Radagast (except Sacrifice of Form and True Fána); ignore any required CC. If the company has moved with at least two Wilderness [w ,w] in their site path this turn, you may bring one resource from your sideboard to your play deck (or three to your discard pile). Discard when Radagast enters play, you bring an avatar into play, you have 10 SP or more, or during the movement/ hazard phase if the company does not attempt to move with a Wilderness in their site path", | I86: ="*"&C86 -> *Aiwendil (NW)
A87: Akhôrahil | B87: =COUNTIF(progressive!C$13:BW$227,'cards-dc.json'!I78) -> 0 | C87: Akhôrahil (TW) | D87: (TW) | E87: R | F87: Hazard Creature | G87: Neutral | H87: Unique. Nazgûl (5th). May be played as a hazard creature (with one strike) or as a permanent event. As a creature, may also be played keyed to Harondor, Horse Plains, Gorgoroth, and Khand; and may also be played at sites in these regions. If played as a permanent-event, it will remain in play until tapped during the opponent's movement/hazard phase (tapping counts against the hazard limit). When tapped, Akhôrahil becomes a short-event and modifies any one character's body by -1 for the rest of this turn.", | I87: ="*"&C87 -> *Akhôrahil (TW)
A88: Akhôrahil the Ringwraith | B88: =COUNTIF(progressive!C$13:BW$227,'cards-dc.json'!I1218) -> 0 | C88: Akhôrahil the Ringwraith (LE) | D88: (LE) | E88: F1 | F88: Character | G88: Avatar | H88: Unique. Manifestation of Akhôrahil. Can use sorcery, spirit-magic, and shadow-magic. +3 direct influence in Heralded Lord mode. +1 prowess in Fell Rider mode. As your Ringwraith, when he uses a magic card, return it to the play deck and reshuffle. Home Site: Any site in Nurn", | I88: ="*"&C88 -> *Akhôrahil the Ringwraith (LE)
A89: Akhôrahil Unleashed | B89: =COUNTIF(progressive!C$13:BW$227,'cards-dc.json'!I1374) -> 0 | C89: Akhôrahil Unleashed (LE) | D89: (LE) | E89: R | F89: Resource Event | G89: Minion | H89: Playable on Akhôrahil the Ringwraith (as your Ringwraith). You may take a magic card from your play deck or discard pile to your hand (reshuffle play deck if searched). \"'As the Power grows, its proved friends will also grow...'\"-LotRII", | I89: ="*"&C89 -> *Akhôrahil Unleashed (LE)
A90: Aknazeh | B90: =COUNTIF(progressive!C$13:BW$227,'cards-dc.json'!I3302) -> 7 | C90: Aknazeh (BO) | D90: (BO) | F90: 0 | G90: 0 | H90: [MP: 1; Mind: 4; DI: 1; P/B: 2/8]---Sa/D---Man. Unique. Can use shadow-magic. +2 DI against the Sons of Sâdeh faction. Wound Akhazek to let him use sorcery until the end of the turn (no body check required). Home site: Naerphys, Samarth.", | I90: ="*"&C90 -> *Aknazeh (BO)
A91: Alatar | B91: =COUNTIF(progressive!C$13:BW$227,'cards-dc.json'!I3) -> 0 | C91: Alatar [H] (TW) | D91: (TW) | E91: F2 | F91: Character | G91: Avatar | H91: Unique. During the movement/hazard phase, the number of cards that opponent draws based on Alatar's company's movement is reduced by one. If in a haven when a hazard creature is played on another company, he may join that company and face one of the hazard creature's strikes; he must make a corruption check immediately following the attack, and, if untapped, he must tap. Home Site: Edhellond", | I91: ="*"&C91 -> *Alatar [H] (TW)
A92: Alatar | B92: =COUNTIF(progressive!C$13:BW$227,'cards-dc.json'!I1807) -> 0 | C92: Alatar [F] (WH) | D92: (WH) | E92: C4 | F92: Character | G92: Avatar | H92: Unique. Hazards your companies defeat (even with *) are worth full kill Marshaling points. I you have more than 7 stage points, all detainment attacks against your companies attack normally instead. If at one of his Wizardhavens [W] when a hazard creature attacks one of your companies, he may immediately join that company. Alatar must face a strike from the creature (in all cases). Following all of the creature's attacks, Alatar must tap (if untapped) and make a corruption check. Home Site: Any non-\"Dragon's lair\" Ruins & Lairs in Wilderness", | I92: ="*"&C92 -> *Alatar [F] (WH)
A93: Alatar the Hunter | B93: =COUNTIF(progressive!C$13:BW$227,'cards-dc.json'!I1644) -> 0 | C93: Alatar the Hunter (AS) | D93: (AS) | E93: R2 | F93: Hazard Creature | G93: Neutral | H93: Unique. Maia. Manifestation of Alatar. Two strikes. Attacker chooses defending characters. Detainment and -3 prowess against hero companies. Discard this card if Alatar comes into play. As a creature, may also be played keyed to Andrast, Old Pûkel Gap, Anfalas, Lamedon, Lebennin, Belfalas, or Anórien; or at sites in these regions. As a permanent-event, all Maia attacks receive +1 prowess and +1 strike and attacker chooses defending characters. Discard when any play deck is exhausted.", | I93: ="*"&C93 -> *Alatar the Hunter (AS)
A94: Alert the Folk | B94: =COUNTIF(progressive!C$13:BW$227,'cards-dc.json'!I952) -> 0 | C94: Alert the Folk (TD) | D94: (TD) | E94: U2 | F94: Resource Event | G94: Hero | H94: Playable on a company facing a Dragon or Drake attack (not Eärcaraxë). Discard from your hand and one or two factions playable at sites in Northern Rhovanion, Iron Hills, Woodland Realm, or Anduin Vales. All characters facing the attack gain a bonus to their prowess equal to the total Marshaling point values (as printed on their cards) of the factions discarded.", | I94: ="*"&C94 -> *Alert the Folk (TD)
A95: Alfur | B95: =COUNTIF(progressive!C$13:BW$227,'cards-dc.json'!I2923) -> 0 | C95: Alfur (ML) | D95: (ML) | F95: 0 | G95: 0 | H95: Unique. Dwarf. Broadbeam. Playbable at any Under-deeps site or site in the Northern Waste that contains hoard; or at a (tapped) Ancient Dwarf-ruin after playing Rescue Prisoners that phase. Discard a treasure item from the company or wound Alfur when he comes into play (no body check required). tap: cancel a strike from a Trap-attack against his company.", | I95: ="*"&C95 -> *Alfur (ML)
A96: Align Palantír | B96: =COUNTIF(progressive!C$13:BW$227,'cards-dc.json'!I244) -> 0 | C96: Align Palantír (TW) | D96: (TW) | E96: U | F96: Resource Event | G96: Hero | H96: Sage only if a Palantír is in his company. Keep with the Palantír; bearer now has the ability to use the Palantír. If the Palantír is stored, this card is stored too. Discard Align Palantír if the company carrying the Palantír moves. May not be duplicated on a given Palantír. \"'...For this assuredly is the palantír of Orthanc from the treasury of Elendil, set here by the Kings of Gondor...'\"-LotRIII", | I96: ="*"&C96 -> *Align Palantír (TW)
A97: Alkarrânda | B97: =COUNTIF(progressive!C$13:BW$227,'cards-dc.json'!I3365) -> 0 | C97: Alkarrânda [H] (BO) | D97: (BO) | F97: 0 | G97: 0 | H97: (1)Dúnedain--- each character faces a strike with 8 prowess (detainment if the company does not contain any Elves)Special: Port.", | I97: ="*"&C97 -> *Alkarrânda [H] (BO)
A98: Alkarrânda | B98: =COUNTIF(progressive!C$13:BW$227,'cards-dc.json'!I3366) -> 0 | C98: Alkarrânda [M] (BO) | D98: (BO) | F98: 0 | G98: 0 | H98: (1)Dúnedain--- 2 strikes with 8 prowess (detainment)Special: Port.", | I98: ="*"&C98 -> *Alkarrânda [M] (BO)
A99: Alkyad | B99: =COUNTIF(progressive!C$13:BW$227,'cards-dc.json'!I3648) -> 0 | C99: Alkyad [H] (CP) | D99: (CP) | F99: 0 | G99: 0 | H99: (1)Men--- 3 strikes with 6 prowess (detainment)0", | I99: ="*"&C99 -> *Alkyad [H] (CP)
A100: Alkyad | B100: =COUNTIF(progressive!C$13:BW$227,'cards-dc.json'!I3649) -> 0 | C100: Alkyad [M] (CP) | D100: (CP) | F100: 0 | G100: 0 | H100: (1)Men---3 strikes with 6 prowess (detainment)", | I100: ="*"&C100 -> *Alkyad [M] (CP)
...

Sheet council
C1: ="game start deck count: "&SUM(B41:B80)+SUM(B84:B123)+SUM(B23:B37) -> game start deck count: 12 | E1: ="CHARACTERS: "&SUM(B23:B37) -> CHARACTERS: 5 | F1: ="RESOURCES: "&SUM(B41:B80) -> RESOURCES: 2 | G1: ="SIDEBOARD: "&SUM(B127:B166) -> SIDEBOARD: 2
B2: POOL | C2: POOL | F2: ="HAZARDS: "&SUM(B84:B123) -> HAZARDS: 5 | G2: ="FW-DC-SB: "&SUM(B170:B189) -> FW-DC-SB: 1
B3: Quantity | C3: =IFERROR(B3&" "&VLOOKUP(E3,'cards-dc.json'!A:C,3,FALSE),"") | E3: TYPE HERE
B4: 2 | C4: =IFERROR(B4&" "&VLOOKUP(E4,'cards-dc.json'!A:C,3,FALSE),"") -> 2 Elf-stone (TW) | D4: =IFERROR(VLOOKUP(RIGHT(C4,LEN(C4)-2),'cards-dc.json'!$C:$E,3,FALSE),"") -> CB2 | E4: Elf-stone | F4: =IF(E4="","",IFERROR(INDEX('cards-dc.json'!C:C,(MATCH(E4&"*",'cards-dc.json'!A:A,1)),1),".")) -> Elf-stone (TW) | G4: =IFERROR(LEFT(F4,LEN(F4)-5),".") -> Elf-stone
C5: =IFERROR(B5&" "&VLOOKUP(E5,'cards-dc.json'!A:C,3,FALSE),"") | D5: =IFERROR(VLOOKUP(RIGHT(C5,LEN(C5)-2),'cards-dc.json'!$C:$E,3,FALSE),"") | F5: =IF(E5="","",IFERROR(INDEX('cards-dc.json'!C:C,(MATCH(E5&"*",'cards-dc.json'!A:A,1)),1),".")) | G5: =IFERROR(LEFT(F5,LEN(F5)-5),".") -> .
C6: =IFERROR(B6&" "&VLOOKUP(E6,'cards-dc.json'!A:C,3,FALSE),"") | D6: =IFERROR(VLOOKUP(RIGHT(C6,LEN(C6)-2),'cards-dc.json'!$C:$E,3,FALSE),"") | F6: =IF(E6="","",IFERROR(INDEX('cards-dc.json'!C:C,(MATCH(E6&"*",'cards-dc.json'!A:A,1)),1),".")) | G6: =IFERROR(LEFT(F6,LEN(F6)-5),".") -> .
C7: =IFERROR(B7&" "&VLOOKUP(E7,'cards-dc.json'!A:C,3,FALSE),"") | D7: =IFERROR(VLOOKUP(RIGHT(C7,LEN(C7)-2),'cards-dc.json'!$C:$E,3,FALSE),"") | F7: =IF(E7="","",IFERROR(INDEX('cards-dc.json'!C:C,(MATCH(E7&"*",'cards-dc.json'!A:A,1)),1),".")) | G7: =IFERROR(LEFT(F7,LEN(F7)-5),".") -> .
C8: =IFERROR(B8&" "&VLOOKUP(E8,'cards-dc.json'!A:C,3,FALSE),"") | D8: =IFERROR(VLOOKUP(RIGHT(C8,LEN(C8)-2),'cards-dc.json'!$C:$E,3,FALSE),"") | F8: =IF(E8="","",IFERROR(INDEX('cards-dc.json'!C:C,(MATCH(E8&"*",'cards-dc.json'!A:A,1)),1),".")) | G8: =IFERROR(LEFT(F8,LEN(F8)-5),".") -> .
C9: =IFERROR(B9&" "&VLOOKUP(E9,'cards-dc.json'!A:C,3,FALSE),"") | D9: =IFERROR(VLOOKUP(RIGHT(C9,LEN(C9)-2),'cards-dc.json'!$C:$E,3,FALSE),"") | F9: =IF(E9="","",IFERROR(INDEX('cards-dc.json'!C:C,(MATCH(E9&"*",'cards-dc.json'!A:A,1)),1),".")) | G9: =IFERROR(LEFT(F9,LEN(F9)-5),".") -> .
C10: =IFERROR(B10&" "&VLOOKUP(E10,'cards-dc.json'!A:C,3,FALSE),"") | D10: =IFERROR(VLOOKUP(RIGHT(C10,LEN(C10)-2),'cards-dc.json'!$C:$E,3,FALSE),"") | F10: =IF(E10="","",IFERROR(INDEX('cards-dc.json'!C:C,(MATCH(E10&"*",'cards-dc.json'!A:A,1)),1),".")) | G10: =IFERROR(LEFT(F10,LEN(F10)-5),".") -> .
C11: =IFERROR(B11&" "&VLOOKUP(E11,'cards-dc.json'!A:C,3,FALSE),"") | D11: =IFERROR(VLOOKUP(RIGHT(C11,LEN(C11)-2),'cards-dc.json'!$C:$E,3,FALSE),"") | F11: =IF(E11="","",IFERROR(INDEX('cards-dc.json'!C:C,(MATCH(E11&"*",'cards-dc.json'!A:A,1)),1),".")) | G11: =IFERROR(LEFT(F11,LEN(F11)-5),".") -> .
C12: =IFERROR(B12&" "&VLOOKUP(E12,'cards-dc.json'!A:C,3,FALSE),"") | D12: =IFERROR(VLOOKUP(RIGHT(C12,LEN(C12)-2),'cards-dc.json'!$C:$E,3,FALSE),"") | F12: =IF(E12="","",IFERROR(INDEX('cards-dc.json'!C:C,(MATCH(E12&"*",'cards-dc.json'!A:A,1)),1),".")) | G12: =IFERROR(LEFT(F12,LEN(F12)-5),".") -> .
C13: =IFERROR(B13&" "&VLOOKUP(E13,'cards-dc.json'!A:C,3,FALSE),"") | D13: =IFERROR(VLOOKUP(RIGHT(C13,LEN(C13)-2),'cards-dc.json'!$C:$E,3,FALSE),"") | F13: =IF(E13="","",IFERROR(INDEX('cards-dc.json'!C:C,(MATCH(E13&"*",'cards-dc.json'!A:A,1)),1),".")) | G13: =IFERROR(LEFT(F13,LEN(F13)-5),".") -> .
C14: =IFERROR(B14&" "&VLOOKUP(E14,'cards-dc.json'!A:C,3,FALSE),"") | D14: =IFERROR(VLOOKUP(RIGHT(C14,LEN(C14)-2),'cards-dc.json'!$C:$E,3,FALSE),"") | F14: =IF(E14="","",IFERROR(INDEX('cards-dc.json'!C:C,(MATCH(E14&"*",'cards-dc.json'!A:A,1)),1),".")) | G14: =IFERROR(LEFT(F14,LEN(F14)-5),".") -> .
C15: =IFERROR(B15&" "&VLOOKUP(E15,'cards-dc.json'!A:C,3,FALSE),"") | D15: =IFERROR(VLOOKUP(RIGHT(C15,LEN(C15)-2),'cards-dc.json'!$C:$E,3,FALSE),"") | F15: =IF(E15="","",IFERROR(INDEX('cards-dc.json'!C:C,(MATCH(E15&"*",'cards-dc.json'!A:A,1)),1),".")) | G15: =IFERROR(LEFT(F15,LEN(F15)-5),".") -> .
C16: =IFERROR(B16&" "&VLOOKUP(E16,'cards-dc.json'!A:C,3,FALSE),"") | D16: =IFERROR(VLOOKUP(RIGHT(C16,LEN(C16)-2),'cards-dc.json'!$C:$E,3,FALSE),"") | F16: =IF(E16="","",IFERROR(INDEX('cards-dc.json'!C:C,(MATCH(E16&"*",'cards-dc.json'!A:A,1)),1),".")) | G16: =IFERROR(LEFT(F16,LEN(F16)-5),".") -> .
... C19: =IFERROR(B19&" "&VLOOKUP(E19,'cards-dc.json'!A:C,3,FALSE),"") | D19: =IFERROR(VLOOKUP(RIGHT(C19,LEN(C19)-2),'cards-dc.json'!$C:$E,3,FALSE),"") | F19: =IF(E19="","",IFERROR(INDEX('cards-dc.json'!C:C,(MATCH(E19&"*",'cards-dc.json'!A:A,1)),1),".")) | G19: =IFERROR(LEFT(F19,LEN(F19)-5),".") -> .
B21: CHARACTER | C21: CHARACTERS
B22: ="Qty: "&SUM(B23:B37) -> Qty: 5 | C22: =IFERROR(B22&" "&VLOOKUP(E22,'cards-dc.json'!A:C,3,FALSE),"") | E22: TYPE HERE
B23: 1 | C23: =IFERROR(B23&" "&VLOOKUP(E23,'cards-dc.json'!A:C,3,FALSE),"") -> 1 Arwen (TW) | D23: =IFERROR(VLOOKUP(RIGHT(C23,LEN(C23)-2),'cards-dc.json'!$C:$E,3,FALSE),"") -> R | E23: Arwen | F23: =IF(E23="","",IFERROR(INDEX('cards-dc.json'!C:C,(MATCH(E23&"*",'cards-dc.json'!A:A,1)),1),".")) -> Arwen (TW) | G23: =IFERROR(LEFT(F23,LEN(F23)-5),".") -> Arwen
C24: =IFERROR(B24&" "&VLOOKUP(E24,'cards-dc.json'!A:C,3,FALSE),"") | D24: =IFERROR(VLOOKUP(RIGHT(C24,LEN(C24)-2),'cards-dc.json'!$C:$E,3,FALSE),"") | E24: Eowyn | F24: =IF(E24="","",IFERROR(INDEX('cards-dc.json'!C:C,(MATCH(E24&"*",'cards-dc.json'!A:A,1)),1),".")) -> Éowyn (TW) | G24: =IFERROR(LEFT(F24,LEN(F24)-5),".") -> Éowyn
B25: 1 | C25: =IFERROR(B25&" "&VLOOKUP(E25,'cards-dc.json'!A:C,3,FALSE),"") -> 1 Éowyn (TW) | D25: =IFERROR(VLOOKUP(RIGHT(C25,LEN(C25)-2),'cards-dc.json'!$C:$E,3,FALSE),"") -> U | E25: Éowyn | F25: =IF(E25="","",IFERROR(INDEX('cards-dc.json'!C:C,(MATCH(E25&"*",'cards-dc.json'!A:A,1)),1),".")) -> Éowyn (TW) | G25: =IFERROR(LEFT(F25,LEN(F25)-5),".") -> Éowyn
B26: 1 | C26: =IFERROR(B26&" "&VLOOKUP(E26,'cards-dc.json'!A:C,3,FALSE),"") -> 1 Pallando [H] (TW) | D26: =IFERROR(VLOOKUP(RIGHT(C26,LEN(C26)-2),'cards-dc.json'!$C:$E,3,FALSE),"") -> F2 | E26: Pallando | F26: =IF(E26="","",IFERROR(INDEX('cards-dc.json'!C:C,(MATCH(E26&"*",'cards-dc.json'!A:A,1)),1),".")) -> Pallando the Soul-keeper (AS) | G26: =IFERROR(LEFT(F26,LEN(F26)-5),".") -> Pallando the Soul-keeper
C27: =IFERROR(B27&" "&VLOOKUP(E27,'cards-dc.json'!A:C,3,FALSE),"") | D27: =IFERROR(VLOOKUP(RIGHT(C27,LEN(C27)-2),'cards-dc.json'!$C:$E,3,FALSE),"") | E27: Akhorahil the Ringwraith | F27: =IF(E27="","",IFERROR(INDEX('cards-dc.json'!C:C,(MATCH(E27&"*",'cards-dc.json'!A:A,1)),1),".")) -> Akhôrahil the Ringwraith (LE) | G27: =IFERROR(LEFT(F27,LEN(F27)-5),".") -> Akhôrahil the Ringwraith
B28: 1 | C28: =IFERROR(B28&" "&VLOOKUP(E28,'cards-dc.json'!A:C,3,FALSE),"") -> 1 Akhôrahil the Ringwraith (LE) | D28: =IFERROR(VLOOKUP(RIGHT(C28,LEN(C28)-2),'cards-dc.json'!$C:$E,3,FALSE),"") -> F1 | E28: Akhôrahil the Ringwraith | F28: =IF(E28="","",IFERROR(INDEX('cards-dc.json'!C:C,(MATCH(E28&"*",'cards-dc.json'!A:A,1)),1),".")) -> Akhôrahil the Ringwraith (LE) | G28: =IFERROR(LEFT(F28,LEN(F28)-5),".") -> Akhôrahil the Ringwraith
B29: 1 | C29: =IFERROR(B29&" "&VLOOKUP(E29,'cards-dc.json'!A:C,3,FALSE),"") -> 1 Saruman [H] (TW) | D29: =IFERROR(VLOOKUP(RIGHT(C29,LEN(C29)-2),'cards-dc.json'!$C:$E,3,FALSE),"") -> F2 | E29: Saruman | F29: =IF(E29="","",IFERROR(INDEX('cards-dc.json'!C:C,(MATCH(E29&"*",'cards-dc.json'!A:A,1)),1),".")) -> Saruman the Wise (AS) | G29: =IFERROR(LEFT(F29,LEN(F29)-5),".") -> Saruman the Wise
C30: =IFERROR(B30&" "&VLOOKUP(E30,'cards-dc.json'!A:C,3,FALSE),"") | D30: =IFERROR(VLOOKUP(RIGHT(C30,LEN(C30)-2),'cards-dc.json'!$C:$E,3,FALSE),"") | F30: =IF(E30="","",IFERROR(INDEX('cards-dc.json'!C:C,(MATCH(E30&"*",'cards-dc.json'!A:A,1)),1),".")) | G30: =IFERROR(LEFT(F30,LEN(F30)-5),".") -> .
C31: =IFERROR(B31&" "&VLOOKUP(E31,'cards-dc.json'!A:C,3,FALSE),"") | D31: =IFERROR(VLOOKUP(RIGHT(C31,LEN(C31)-2),'cards-dc.json'!$C:$E,3,FALSE),"") | F31: =IF(E31="","",IFERROR(INDEX('cards-dc.json'!C:C,(MATCH(E31&"*",'cards-dc.json'!A:A,1)),1),".")) | G31: =IFERROR(LEFT(F31,LEN(F31)-5),".") -> .
C32: =IFERROR(B32&" "&VLOOKUP(E32,'cards-dc.json'!A:C,3,FALSE),"") | D32: =IFERROR(VLOOKUP(RIGHT(C32,LEN(C32)-2),'cards-dc.json'!$C:$E,3,FALSE),"") | F32: =IF(E32="","",IFERROR(INDEX('cards-dc.json'!C:C,(MATCH(E32&"*",'cards-dc.json'!A:A,1)),1),".")) | G32: =IFERROR(LEFT(F32,LEN(F32)-5),".") -> .
C33: =IFERROR(B33&" "&VLOOKUP(E33,'cards-dc.json'!A:C,3,FALSE),"") | D33: =IFERROR(VLOOKUP(RIGHT(C33,LEN(C33)-2),'cards-dc.json'!$C:$E,3,FALSE),"") | F33: =IF(E33="","",IFERROR(INDEX('cards-dc.json'!C:C,(MATCH(E33&"*",'cards-dc.json'!A:A,1)),1),".")) | G33: =IFERROR(LEFT(F33,LEN(F33)-5),".") -> .
C34: =IFERROR(B34&" "&VLOOKUP(E34,'cards-dc.json'!A:C,3,FALSE),"") | D34: =IFERROR(VLOOKUP(RIGHT(C34,LEN(C34)-2),'cards-dc.json'!$C:$E,3,FALSE),"") | F34: =IF(E34="","",IFERROR(INDEX('cards-dc.json'!C:C,(MATCH(E34&"*",'cards-dc.json'!A:A,1)),1),".")) | G34: =IFERROR(LEFT(F34,LEN(F34)-5),".") -> .
C35: =IFERROR(B35&" "&VLOOKUP(E35,'cards-dc.json'!A:C,3,FALSE),"") | D35: =IFERROR(VLOOKUP(RIGHT(C35,LEN(C35)-2),'cards-dc.json'!$C:$E,3,FALSE),"") | F35: =IF(E35="","",IFERROR(INDEX('cards-dc.json'!C:C,(MATCH(E35&"*",'cards-dc.json'!A:A,1)),1),".")) | G35: =IFERROR(LEFT(F35,LEN(F35)-5),".") -> .
C36: =IFERROR(B36&" "&VLOOKUP(E36,'cards-dc.json'!A:C,3,FALSE),"") | D36: =IFERROR(VLOOKUP(RIGHT(C36,LEN(C36)-2),'cards-dc.json'!$C:$E,3,FALSE),"") | F36: =IF(E36="","",IFERROR(INDEX('cards-dc.json'!C:C,(MATCH(E36&"*",'cards-dc.json'!A:A,1)),1),".")) | G36: =IFERROR(LEFT(F36,LEN(F36)-5),".") -> .
C37: =IFERROR(B37&" "&VLOOKUP(E37,'cards-dc.json'!A:C,3,FALSE),"") | D37: =IFERROR(VLOOKUP(RIGHT(C37,LEN(C37)-2),'cards-dc.json'!$C:$E,3,FALSE),"") | F37: =IF(E37="","",IFERROR(INDEX('cards-dc.json'!C:C,(MATCH(E37&"*",'cards-dc.json'!A:A,1)),1),".")) | G37: =IFERROR(LEFT(F37,LEN(F37)-5),".") -> .
B39: RESOURCES | C39: RESOURCES
B40: ="Qty: "&SUM(B41:B80) -> Qty: 2 | C40: =IFERROR(B40&" "&VLOOKUP(E40,'cards-dc.json'!A:C,3,FALSE),"") | E40: TYPE HERE
B41: 1 | C41: =IFERROR(B41&" "&VLOOKUP(E41,'cards-dc.json'!A:C,3,FALSE),"") -> 1 Mallorn (DM) | D41: =IFERROR(VLOOKUP(RIGHT(C41,LEN(C41)-2),'cards-dc.json'!$C:$E,3,FALSE),"") -> R2 | E41: Mallorn | F41: =IF(E41="","",IFERROR(INDEX('cards-dc.json'!C:C,(MATCH(E41&"*",'cards-dc.json'!A:A,1)),1),".")) -> Mallorn (DM) | G41: =IFERROR(LEFT(F41,LEN(F41)-5),".") -> Mallorn
C42: =IFERROR(B42&" "&VLOOKUP(E42,'cards-dc.json'!A:C,3,FALSE),"") | D42: =IFERROR(VLOOKUP(RIGHT(C42,LEN(C42)-2),'cards-dc.json'!$C:$E,3,FALSE),"") | E42: Black Numenoreans | F42: =IF(E42="","",IFERROR(INDEX('cards-dc.json'!C:C,(MATCH(E42&"*",'cards-dc.json'!A:A,1)),1),".")) -> Black Númenóreans (AS) | G42: =IFERROR(LEFT(F42,LEN(F42)-5),".") -> Black Númenóreans
B43: 1 | C43: =IFERROR(B43&" "&VLOOKUP(E43,'cards-dc.json'!A:C,3,FALSE),"") -> 1 Black Númenóreans (AS) | D43: =IFERROR(VLOOKUP(RIGHT(C43,LEN(C43)-2),'cards-dc.json'!$C:$E,3,FALSE),"") -> U2 | E43: Black Númenóreans | F43: =IF(E43="","",IFERROR(INDEX('cards-dc.json'!C:C,(MATCH(E43&"*",'cards-dc.json'!A:A,1)),1),".")) -> Black Númenóreans (AS) | G43: =IFERROR(LEFT(F43,LEN(F43)-5),".") -> Black Númenóreans
C44: =IFERROR(B44&" "&VLOOKUP(E44,'cards-dc.json'!A:C,3,FALSE),"") | D44: =IFERROR(VLOOKUP(RIGHT(C44,LEN(C44)-2),'cards-dc.json'!$C:$E,3,FALSE),"") | F44: =IF(E44="","",IFERROR(INDEX('cards-dc.json'!C:C,(MATCH(E44&"*",'cards-dc.json'!A:A,1)),1),".")) | G44: =IFERROR(LEFT(F44,LEN(F44)-5),".") -> .
C45: =IFERROR(B45&" "&VLOOKUP(E45,'cards-dc.json'!A:C,3,FALSE),"") | D45: =IFERROR(VLOOKUP(RIGHT(C45,LEN(C45)-2),'cards-dc.json'!$C:$E,3,FALSE),"") | F45: =IF(E45="","",IFERROR(INDEX('cards-dc.json'!C:C,(MATCH(E45&"*",'cards-dc.json'!A:A,1)),1),".")) | G45: =IFERROR(LEFT(F45,LEN(F45)-5),".") -> .
C46: =IFERROR(B46&" "&VLOOKUP(E46,'cards-dc.json'!A:C,3,FALSE),"") | D46: =IFERROR(VLOOKUP(RIGHT(C46,LEN(C46)-2),'cards-dc.json'!$C:$E,3,FALSE),"") | F46: =IF(E46="","",IFERROR(INDEX('cards-dc.json'!C:C,(MATCH(E46&"*",'cards-dc.json'!A:A,1)),1),".")) | G46: =IFERROR(LEFT(F46,LEN(F46)-5),".") -> .
C47: =IFERROR(B47&" "&VLOOKUP(E47,'cards-dc.json'!A:C,3,FALSE),"") | D47: =IFERROR(VLOOKUP(RIGHT(C47,LEN(C47)-2),'cards-dc.json'!$C:$E,3,FALSE),"") | F47: =IF(E47="","",IFERROR(INDEX('cards-dc.json'!C:C,(MATCH(E47&"*",'cards-dc.json'!A:A,1)),1),".")) | G47: =IFERROR(LEFT(F47,LEN(F47)-5),".") -> .
C48: =IFERROR(B48&" "&VLOOKUP(E48,'cards-dc.json'!A:C,3,FALSE),"") | D48: =IFERROR(VLOOKUP(RIGHT(C48,LEN(C48)-2),'cards-dc.json'!$C:$E,3,FALSE),"") | F48: =IF(E48="","",IFERROR(INDEX('cards-dc.json'!C:C,(MATCH(E48&"*",'cards-dc.json'!A:A,1)),1),".")) | G48: =IFERROR(LEFT(F48,LEN(F48)-5),".") -> .
C49: =IFERROR(B49&" "&VLOOKUP(E49,'cards-dc.json'!A:C,3,FALSE),"") | D49: =IFERROR(VLOOKUP(RIGHT(C49,LEN(C49)-2),'cards-dc.json'!$C:$E,3,FALSE),"") | F49: =IF(E49="","",IFERROR(INDEX('cards-dc.json'!C:C,(MATCH(E49&"*",'cards-dc.json'!A:A,1)),1),".")) | G49: =IFERROR(LEFT(F49,LEN(F49)-5),".") -> .
C50: =IFERROR(B50&" "&VLOOKUP(E50,'cards-dc.json'!A:C,3,FALSE),"") | D50: =IFERROR(VLOOKUP(RIGHT(C50,LEN(C50)-2),'cards-dc.json'!$C:$E,3,FALSE),"") | F50: =IF(E50="","",IFERROR(INDEX('cards-dc.json'!C:C,(MATCH(E50&"*",'cards-dc.json'!A:A,1)),1),".")) | G50: =IFERROR(LEFT(F50,LEN(F50)-5),".") -> .
C51: =IFERROR(B51&" "&VLOOKUP(E51,'cards-dc.json'!A:C,3,FALSE),"") | D51: =IFERROR(VLOOKUP(RIGHT(C51,LEN(C51)-2),'cards-dc.json'!$C:$E,3,FALSE),"") | F51: =IF(E51="","",IFERROR(INDEX('cards-dc.json'!C:C,(MATCH(E51&"*",'cards-dc.json'!A:A,1)),1),".")) | G51: =IFERROR(LEFT(F51,LEN(F51)-5),".") -> .
C52: =IFERROR(B52&" "&VLOOKUP(E52,'cards-dc.json'!A:C,3,FALSE),"") | D52: =IFERROR(VLOOKUP(RIGHT(C52,LEN(C52)-2),'cards-dc.json'!$C:$E,3,FALSE),"") | F52: =IF(E52="","",IFERROR(INDEX('cards-dc.json'!C:C,(MATCH(E52&"*",'cards-dc.json'!A:A,1)),1),".")) | G52: =IFERROR(LEFT(F52,LEN(F52)-5),".") -> .
C53: =IFERROR(B53&" "&VLOOKUP(E53,'cards-dc.json'!A:C,3,FALSE),"") | D53: =IFERROR(VLOOKUP(RIGHT(C53,LEN(C53)-2),'cards-dc.json'!$C:$E,3,FALSE),"") | F53: =IF(E53="","",IFERROR(INDEX('cards-dc.json'!C:C,(MATCH(E53&"*",'cards-dc.json'!A:A,1)),1),".")) | G53: =IFERROR(LEFT(F53,LEN(F53)-5),".") -> .
C54: =IFERROR(B54&" "&VLOOKUP(E54,'cards-dc.json'!A:C,3,FALSE),"") | D54: =IFERROR(VLOOKUP(RIGHT(C54,LEN(C54)-2),'cards-dc.json'!$C:$E,3,FALSE),"") | F54: =IF(E54="","",IFERROR(INDEX('cards-dc.json'!C:C,(MATCH(E54&"*",'cards-dc.json'!A:A,1)),1),".")) | G54: =IFERROR(LEFT(F54,LEN(F54)-5),".") -> .
C55: =IFERROR(B55&" "&VLOOKUP(E55,'cards-dc.json'!A:C,3,FALSE),"") | D55: =IFERROR(VLOOKUP(RIGHT(C55,LEN(C55)-2),'cards-dc.json'!$C:$E,3,FALSE),"") | F55: =IF(E55="","",IFERROR(INDEX('cards-dc.json'!C:C,(MATCH(E55&"*",'cards-dc.json'!A:A,1)),1),".")) | G55: =IFERROR(LEFT(F55,LEN(F55)-5),".") -> .
... C80: =IFERROR(B80&" "&VLOOKUP(E80,'cards-dc.json'!A:C,3,FALSE),"") | D80: =IFERROR(VLOOKUP(RIGHT(C80,LEN(C80)-2),'cards-dc.json'!$C:$E,3,FALSE),"") | F80: =IF(E80="","",IFERROR(INDEX('cards-dc.json'!C:C,(MATCH(E80&"*",'cards-dc.json'!A:A,1)),1),".")) | G80: =IFERROR(LEFT(F80,LEN(F80)-5),".") -> .
B82: HAZARDS | C82: HAZARDS
B83: ="Qty: "&SUM(B84:B123) -> Qty: 5 | C83: =IFERROR(B83&" "&VLOOKUP(E83,'cards-dc.json'!A:C,3,FALSE),"") | E83: TYPE HERE
B84: 1 | C84: =IFERROR(B84&" "&VLOOKUP(E84,'cards-dc.json'!A:C,3,FALSE),"") -> 1 Mouth of Sauron (TW) | D84: =IFERROR(VLOOKUP(RIGHT(C84,LEN(C84)-2),'cards-dc.json'!$C:$E,3,FALSE),"") -> R | E84: Mouth of Sauron | F84: =IF(E84="","",IFERROR(INDEX('cards-dc.json'!C:C,(MATCH(E84&"*",'cards-dc.json'!A:A,1)),1),".")) -> Mouth of Sauron (TW) | G84: =IFERROR(LEFT(F84,LEN(F84)-5),".") -> Mouth of Sauron
C85: =IFERROR(B85&" "&VLOOKUP(E85,'cards-dc.json'!A:C,3,FALSE),"") | D85: =IFERROR(VLOOKUP(RIGHT(C85,LEN(C85)-2),'cards-dc.json'!$C:$E,3,FALSE),"") | E85: Hoarmurath of Dir | F85: =IF(E85="","",IFERROR(INDEX('cards-dc.json'!C:C,(MATCH(E85&"*",'cards-dc.json'!A:A,1)),1),".")) -> Hoarmûrath of Dír (TW) | G85: =IFERROR(LEFT(F85,LEN(F85)-5),".") -> Hoarmûrath of Dír
B86: 1 | C86: =IFERROR(B86&" "&VLOOKUP(E86,'cards-dc.json'!A:C,3,FALSE),"") -> 1 Hoarmûrath of Dír (TW) | D86: =IFERROR(VLOOKUP(RIGHT(C86,LEN(C86)-2),'cards-dc.json'!$C:$E,3,FALSE),"") -> R | E86: Hoarmûrath of Dír | F86: =IF(E86="","",IFERROR(INDEX('cards-dc.json'!C:C,(MATCH(E86&"*",'cards-dc.json'!A:A,1)),1),".")) -> Hoarmûrath of Dír (TW) | G86: =IFERROR(LEFT(F86,LEN(F86)-5),".") -> Hoarmûrath of Dír
B87: 3 | C87: =IFERROR(B87&" "&VLOOKUP(E87,'cards-dc.json'!A:C,3,FALSE),"") -> 3 Long Winter (LE) | D87: =IFERROR(VLOOKUP(RIGHT(C87,LEN(C87)-2),'cards-dc.json'!$C:$E,3,FALSE),"") -> CB, CS1 | E87: Long Winter | F87: =IF(E87="","",IFERROR(INDEX('cards-dc.json'!C:C,(MATCH(E87&"*",'cards-dc.json'!A:A,1)),1),".")) -> Long Winter (TW) | G87: =IFERROR(LEFT(F87,LEN(F87)-5),".") -> Long Winter
C88: =IFERROR(B88&" "&VLOOKUP(E88,'cards-dc.json'!A:C,3,FALSE),"") | D88: =IFERROR(VLOOKUP(RIGHT(C88,LEN(C88)-2),'cards-dc.json'!$C:$E,3,FALSE),"") | F88: =IF(E88="","",IFERROR(INDEX('cards-dc.json'!C:C,(MATCH(E88&"*",'cards-dc.json'!A:A,1)),1),".")) | G88: =IFERROR(LEFT(F88,LEN(F88)-5),".") -> .
C89: =IFERROR(B89&" "&VLOOKUP(E89,'cards-dc.json'!A:C,3,FALSE),"") | D89: =IFERROR(VLOOKUP(RIGHT(C89,LEN(C89)-2),'cards-dc.json'!$C:$E,3,FALSE),"") | F89: =IF(E89="","",IFERROR(INDEX('cards-dc.json'!C:C,(MATCH(E89&"*",'cards-dc.json'!A:A,1)),1),".")) | G89: =IFERROR(LEFT(F89,LEN(F89)-5),".") -> .
C90: =IFERROR(B90&" "&VLOOKUP(E90,'cards-dc.json'!A:C,3,FALSE),"") | D90: =IFERROR(VLOOKUP(RIGHT(C90,LEN(C90)-2),'cards-dc.json'!$C:$E,3,FALSE),"") | F90: =IF(E90="","",IFERROR(INDEX('cards-dc.json'!C:C,(MATCH(E90&"*",'cards-dc.json'!A:A,1)),1),".")) | G90: =IFERROR(LEFT(F90,LEN(F90)-5),".") -> .
C91: =IFERROR(B91&" "&VLOOKUP(E91,'cards-dc.json'!A:C,3,FALSE),"") | D91: =IFERROR(VLOOKUP(RIGHT(C91,LEN(C91)-2),'cards-dc.json'!$C:$E,3,FALSE),"") | F91: =IF(E91="","",IFERROR(INDEX('cards-dc.json'!C:C,(MATCH(E91&"*",'cards-dc.json'!A:A,1)),1),".")) | G91: =IFERROR(LEFT(F91,LEN(F91)-5),".") -> .
C92: =IFERROR(B92&" "&VLOOKUP(E92,'cards-dc.json'!A:C,3,FALSE),"") | D92: =IFERROR(VLOOKUP(RIGHT(C92,LEN(C92)-2),'cards-dc.json'!$C:$E,3,FALSE),"") | F92: =IF(E92="","",IFERROR(INDEX('cards-dc.json'!C:C,(MATCH(E92&"*",'cards-dc.json'!A:A,1)),1),".")) | G92: =IFERROR(LEFT(F92,LEN(F92)-5),".") -> .
C93: =IFERROR(B93&" "&VLOOKUP(E93,'cards-dc.json'!A:C,3,FALSE),"") | D93: =IFERROR(VLOOKUP(RIGHT(C93,LEN(C93)-2),'cards-dc.json'!$C:$E,3,FALSE),"") | F93: =IF(E93="","",IFERROR(INDEX('cards-dc.json'!C:C,(MATCH(E93&"*",'cards-dc.json'!A:A,1)),1),".")) | G93: =IFERROR(LEFT(F93,LEN(F93)-5),".") -> .
C94: =IFERROR(B94&" "&VLOOKUP(E94,'cards-dc.json'!A:C,3,FALSE),"") | D94: =IFERROR(VLOOKUP(RIGHT(C94,LEN(C94)-2),'cards-dc.json'!$C:$E,3,FALSE),"") | F94: =IF(E94="","",IFERROR(INDEX('cards-dc.json'!C:C,(MATCH(E94&"*",'cards-dc.json'!A:A,1)),1),".")) | G94: =IFERROR(LEFT(F94,LEN(F94)-5),".") -> .
C95: =IFERROR(B95&" "&VLOOKUP(E95,'cards-dc.json'!A:C,3,FALSE),"") | D95: =IFERROR(VLOOKUP(RIGHT(C95,LEN(C95)-2),'cards-dc.json'!$C:$E,3,FALSE),"") | F95: =IF(E95="","",IFERROR(INDEX('cards-dc.json'!C:C,(MATCH(E95&"*",'cards-dc.json'!A:A,1)),1),".")) | G95: =IFERROR(LEFT(F95,LEN(F95)-5),".") -> .
C96: =IFERROR(B96&" "&VLOOKUP(E96,'cards-dc.json'!A:C,3,FALSE),"") | D96: =IFERROR(VLOOKUP(RIGHT(C96,LEN(C96)-2),'cards-dc.json'!$C:$E,3,FALSE),"") | F96: =IF(E96="","",IFERROR(INDEX('cards-dc.json'!C:C,(MATCH(E96&"*",'cards-dc.json'!A:A,1)),1),".")) | G96: =IFERROR(LEFT(F96,LEN(F96)-5),".") -> .
C97: =IFERROR(B97&" "&VLOOKUP(E97,'cards-dc.json'!A:C,3,FALSE),"") | D97: =IFERROR(VLOOKUP(RIGHT(C97,LEN(C97)-2),'cards-dc.json'!$C:$E,3,FALSE),"") | F97: =IF(E97="","",IFERROR(INDEX('cards-dc.json'!C:C,(MATCH(E97&"*",'cards-dc.json'!A:A,1)),1),".")) | G97: =IFERROR(LEFT(F97,LEN(F97)-5),".") -> .
C98: =IFERROR(B98&" "&VLOOKUP(E98,'cards-dc.json'!A:C,3,FALSE),"") | D98: =IFERROR(VLOOKUP(RIGHT(C98,LEN(C98)-2),'cards-dc.json'!$C:$E,3,FALSE),"") | F98: =IF(E98="","",IFERROR(INDEX('cards-dc.json'!C:C,(MATCH(E98&"*",'cards-dc.json'!A:A,1)),1),".")) | G98: =IFERROR(LEFT(F98,LEN(F98)-5),".") -> .
C99: =IFERROR(B99&" "&VLOOKUP(E99,'cards-dc.json'!A:C,3,FALSE),"") | D99: =IFERROR(VLOOKUP(RIGHT(C99,LEN(C99)-2),'cards-dc.json'!$C:$E,3,FALSE),"") | F99: =IF(E99="","",IFERROR(INDEX('cards-dc.json'!C:C,(MATCH(E99&"*",'cards-dc.json'!A:A,1)),1),".")) | G99: =IFERROR(LEFT(F99,LEN(F99)-5),".") -> .
... C123: =IFERROR(B123&" "&VLOOKUP(E123,'cards-dc.json'!A:C,3,FALSE),"") | D123: =IFERROR(VLOOKUP(RIGHT(C123,LEN(C123)-2),'cards-dc.json'!$C:$E,3,FALSE),"") | F123: =IF(E123="","",IFERROR(INDEX('cards-dc.json'!C:C,(MATCH(E123&"*",'cards-dc.json'!A:A,1)),1),".")) | G123: =IFERROR(LEFT(F123,LEN(F123)-5),".") -> .
B125: SIDEBOARD | C125: SIDEBOARD
B126: ="Qty: "&SUM(B127:B166) -> Qty: 2 | C126: =IFERROR(B126&" "&VLOOKUP(E126,'cards-dc.json'!A:C,3,FALSE),"") | E126: TYPE HERE
B127: 1 | C127: =IFERROR(B127&" "&VLOOKUP(E127,'cards-dc.json'!A:C,3,FALSE),"") -> 1 Shadowfax (TW) | D127: =IFERROR(VLOOKUP(RIGHT(C127,LEN(C127)-2),'cards-dc.json'!$C:$E,3,FALSE),"") -> R | E127: Shadowfax | F127: =IF(E127="","",IFERROR(INDEX('cards-dc.json'!C:C,(MATCH(E127&"*",'cards-dc.json'!A:A,1)),1),".")) -> Shadowfax (TW) | G127: =IFERROR(LEFT(F127,LEN(F127)-5),".") -> Shadowfax
B128: 1 | C128: =IFERROR(B128&" "&VLOOKUP(E128,'cards-dc.json'!A:C,3,FALSE),"") -> 1 Wizard's Voice (TW) | D128: =IFERROR(VLOOKUP(RIGHT(C128,LEN(C128)-2),'cards-dc.json'!$C:$E,3,FALSE),"") -> R | E128: Wizard's Voice | F128: =IF(E128="","",IFERROR(INDEX('cards-dc.json'!C:C,(MATCH(E128&"*",'cards-dc.json'!A:A,1)),1),".")) -> Wizard's Voice (TW) | G128: =IFERROR(LEFT(F128,LEN(F128)-5),".") -> Wizard's Voice
C129: =IFERROR(B129&" "&VLOOKUP(E129,'cards-dc.json'!A:C,3,FALSE),"") | D129: =IFERROR(VLOOKUP(RIGHT(C129,LEN(C129)-2),'cards-dc.json'!$C:$E,3,FALSE),"") | F129: =IF(E129="","",IFERROR(INDEX('cards-dc.json'!C:C,(MATCH(E129&"*",'cards-dc.json'!A:A,1)),1),".")) | G129: =IFERROR(LEFT(F129,LEN(F129)-5),".") -> .
C130: =IFERROR(B130&" "&VLOOKUP(E130,'cards-dc.json'!A:C,3,FALSE),"") | D130: =IFERROR(VLOOKUP(RIGHT(C130,LEN(C130)-2),'cards-dc.json'!$C:$E,3,FALSE),"") | F130: =IF(E130="","",IFERROR(INDEX('cards-dc.json'!C:C,(MATCH(E130&"*",'cards-dc.json'!A:A,1)),1),".")) | G130: =IFERROR(LEFT(F130,LEN(F130)-5),".") -> .
C131: =IFERROR(B131&" "&VLOOKUP(E131,'cards-dc.json'!A:C,3,FALSE),"") | D131: =IFERROR(VLOOKUP(RIGHT(C131,LEN(C131)-2),'cards-dc.json'!$C:$E,3,FALSE),"") | F131: =IF(E131="","",IFERROR(INDEX('cards-dc.json'!C:C,(MATCH(E131&"*",'cards-dc.json'!A:A,1)),1),".")) | G131: =IFERROR(LEFT(F131,LEN(F131)-5),".") -> .
C132: =IFERROR(B132&" "&VLOOKUP(E132,'cards-dc.json'!A:C,3,FALSE),"") | D132: =IFERROR(VLOOKUP(RIGHT(C132,LEN(C132)-2),'cards-dc.json'!$C:$E,3,FALSE),"") | F132: =IF(E132="","",IFERROR(INDEX('cards-dc.json'!C:C,(MATCH(E132&"*",'cards-dc.json'!A:A,1)),1),".")) | G132: =IFERROR(LEFT(F132,LEN(F132)-5),".") -> .
C133: =IFERROR(B133&" "&VLOOKUP(E133,'cards-dc.json'!A:C,3,FALSE),"") | D133: =IFERROR(VLOOKUP(RIGHT(C133,LEN(C133)-2),'cards-dc.json'!$C:$E,3,FALSE),"") | F133: =IF(E133="","",IFERROR(INDEX('cards-dc.json'!C:C,(MATCH(E133&"*",'cards-dc.json'!A:A,1)),1),".")) | G133: =IFERROR(LEFT(F133,LEN(F133)-5),".") -> .
C134: =IFERROR(B134&" "&VLOOKUP(E134,'cards-dc.json'!A:C,3,FALSE),"") | D134: =IFERROR(VLOOKUP(RIGHT(C134,LEN(C134)-2),'cards-dc.json'!$C:$E,3,FALSE),"") | F134: =IF(E134="","",IFERROR(INDEX('cards-dc.json'!C:C,(MATCH(E134&"*",'cards-dc.json'!A:A,1)),1),".")) | G134: =IFERROR(LEFT(F134,LEN(F134)-5),".") -> .
C135: =IFERROR(B135&" "&VLOOKUP(E135,'cards-dc.json'!A:C,3,FALSE),"") | D135: =IFERROR(VLOOKUP(RIGHT(C135,LEN(C135)-2),'cards-dc.json'!$C:$E,3,FALSE),"") | F135: =IF(E135="","",IFERROR(INDEX('cards-dc.json'!C:C,(MATCH(E135&"*",'cards-dc.json'!A:A,1)),1),".")) | G135: =IFERROR(LEFT(F135,LEN(F135)-5),".") -> .
C136: =IFERROR(B136&" "&VLOOKUP(E136,'cards-dc.json'!A:C,3,FALSE),"") | D136: =IFERROR(VLOOKUP(RIGHT(C136,LEN(C136)-2),'cards-dc.json'!$C:$E,3,FALSE),"") | F136: =IF(E136="","",IFERROR(INDEX('cards-dc.json'!C:C,(MATCH(E136&"*",'cards-dc.json'!A:A,1)),1),".")) | G136: =IFERROR(LEFT(F136,LEN(F136)-5),".") -> .
C137: =IFERROR(B137&" "&VLOOKUP(E137,'cards-dc.json'!A:C,3,FALSE),"") | D137: =IFERROR(VLOOKUP(RIGHT(C137,LEN(C137)-2),'cards-dc.json'!$C:$E,3,FALSE),"") | F137: =IF(E137="","",IFERROR(INDEX('cards-dc.json'!C:C,(MATCH(E137&"*",'cards-dc.json'!A:A,1)),1),".")) | G137: =IFERROR(LEFT(F137,LEN(F137)-5),".") -> .
C138: =IFERROR(B138&" "&VLOOKUP(E138,'cards-dc.json'!A:C,3,FALSE),"") | D138: =IFERROR(VLOOKUP(RIGHT(C138,LEN(C138)-2),'cards-dc.json'!$C:$E,3,FALSE),"") | F138: =IF(E138="","",IFERROR(INDEX('cards-dc.json'!C:C,(MATCH(E138&"*",'cards-dc.json'!A:A,1)),1),".")) | G138: =IFERROR(LEFT(F138,LEN(F138)-5),".") -> .
C139: =IFERROR(B139&" "&VLOOKUP(E139,'cards-dc.json'!A:C,3,FALSE),"") | D139: =IFERROR(VLOOKUP(RIGHT(C139,LEN(C139)-2),'cards-dc.json'!$C:$E,3,FALSE),"") | F139: =IF(E139="","",IFERROR(INDEX('cards-dc.json'!C:C,(MATCH(E139&"*",'cards-dc.json'!A:A,1)),1),".")) | G139: =IFERROR(LEFT(F139,LEN(F139)-5),".") -> .
C140: =IFERROR(B140&" "&VLOOKUP(E140,'cards-dc.json'!A:C,3,FALSE),"") | D140: =IFERROR(VLOOKUP(RIGHT(C140,LEN(C140)-2),'cards-dc.json'!$C:$E,3,FALSE),"") | F140: =IF(E140="","",IFERROR(INDEX('cards-dc.json'!C:C,(MATCH(E140&"*",'cards-dc.json'!A:A,1)),1),".")) | G140: =IFERROR(LEFT(F140,LEN(F140)-5),".") -> .
... C166: =IFERROR(B166&" "&VLOOKUP(E166,'cards-dc.json'!A:C,3,FALSE),"") | D166: =IFERROR(VLOOKUP(RIGHT(C166,LEN(C166)-2),'cards-dc.json'!$C:$E,3,FALSE),"") | F166: =IF(E166="","",IFERROR(INDEX('cards-dc.json'!C:C,(MATCH(E166&"*",'cards-dc.json'!A:A,1)),1),".")) | G166: =IFERROR(LEFT(F166,LEN(F166)-5),".") -> .
B168: FW-DC-SB | C168: SIDEBOARD: Fallen,Dream
B169: ="Qty: "&SUM(B170:B189) -> Qty: 1 | C169: =IFERROR(B169&" "&VLOOKUP(E169,'cards-dc.json'!A:C,3,FALSE),"") | E169: TYPE HERE
B170: 1 | C170: =IFERROR(B170&" "&VLOOKUP(E170,'cards-dc.json'!A:C,3,FALSE),"") -> 1 Inner Rot (WH) | D170: =IFERROR(VLOOKUP(RIGHT(C170,LEN(C170)-2),'cards-dc.json'!$C:$E,3,FALSE),"") -> R3 | E170: Inner Rot | F170: =IF(E170="","",IFERROR(INDEX('cards-dc.json'!C:C,(MATCH(E170&"*",'cards-dc.json'!A:A,1)),1),".")) -> Inner Rot (WH) | G170: =IFERROR(LEFT(F170,LEN(F170)-5),".") -> Inner Rot
C171: =IFERROR(B171&" "&VLOOKUP(E171,'cards-dc.json'!A:C,3,FALSE),"") | D171: =IFERROR(VLOOKUP(RIGHT(C171,LEN(C171)-2),'cards-dc.json'!$C:$E,3,FALSE),"") | F171: =IF(E171="","",IFERROR(INDEX('cards-dc.json'!C:C,(MATCH(E171&"*",'cards-dc.json'!A:A,1)),1),".")) | G171: =IFERROR(LEFT(F171,LEN(F171)-5),".") -> .
C172: =IFERROR(B172&" "&VLOOKUP(E172,'cards-dc.json'!A:C,3,FALSE),"") | D172: =IFERROR(VLOOKUP(RIGHT(C172,LEN(C172)-2),'cards-dc.json'!$C:$E,3,FALSE),"") | F172: =IF(E172="","",IFERROR(INDEX('cards-dc.json'!C:C,(MATCH(E172&"*",'cards-dc.json'!A:A,1)),1),".")) | G172: =IFERROR(LEFT(F172,LEN(F172)-5),".") -> .
C173: =IFERROR(B173&" "&VLOOKUP(E173,'cards-dc.json'!A:C,3,FALSE),"") | D173: =IFERROR(VLOOKUP(RIGHT(C173,LEN(C173)-2),'cards-dc.json'!$C:$E,3,FALSE),"") | F173: =IF(E173="","",IFERROR(INDEX('cards-dc.json'!C:C,(MATCH(E173&"*",'cards-dc.json'!A:A,1)),1),".")) | G173: =IFERROR(LEFT(F173,LEN(F173)-5),".") -> .
C174: =IFERROR(B174&" "&VLOOKUP(E174,'cards-dc.json'!A:C,3,FALSE),"") | D174: =IFERROR(VLOOKUP(RIGHT(C174,LEN(C174)-2),'cards-dc.json'!$C:$E,3,FALSE),"") | F174: =IF(E174="","",IFERROR(INDEX('cards-dc.json'!C:C,(MATCH(E174&"*",'cards-dc.json'!A:A,1)),1),".")) | G174: =IFERROR(LEFT(F174,LEN(F174)-5),".") -> .
C175: =IFERROR(B175&" "&VLOOKUP(E175,'cards-dc.json'!A:C,3,FALSE),"") | D175: =IFERROR(VLOOKUP(RIGHT(C175,LEN(C175)-2),'cards-dc.json'!$C:$E,3,FALSE),"") | F175: =IF(E175="","",IFERROR(INDEX('cards-dc.json'!C:C,(MATCH(E175&"*",'cards-dc.json'!A:A,1)),1),".")) | G175: =IFERROR(LEFT(F175,LEN(F175)-5),".") -> .
C176: =IFERROR(B176&" "&VLOOKUP(E176,'cards-dc.json'!A:C,3,FALSE),"") | D176: =IFERROR(VLOOKUP(RIGHT(C176,LEN(C176)-2),'cards-dc.json'!$C:$E,3,FALSE),"") | F176: =IF(E176="","",IFERROR(INDEX('cards-dc.json'!C:C,(MATCH(E176&"*",'cards-dc.json'!A:A,1)),1),".")) | G176: =IFERROR(LEFT(F176,LEN(F176)-5),".") -> .
C177: =IFERROR(B177&" "&VLOOKUP(E177,'cards-dc.json'!A:C,3,FALSE),"") | D177: =IFERROR(VLOOKUP(RIGHT(C177,LEN(C177)-2),'cards-dc.json'!$C:$E,3,FALSE),"") | F177: =IF(E177="","",IFERROR(INDEX('cards-dc.json'!C:C,(MATCH(E177&"*",'cards-dc.json'!A:A,1)),1),".")) | G177: =IFERROR(LEFT(F177,LEN(F177)-5),".") -> .
C178: =IFERROR(B178&" "&VLOOKUP(E178,'cards-dc.json'!A:C,3,FALSE),"") | D178: =IFERROR(VLOOKUP(RIGHT(C178,LEN(C178)-2),'cards-dc.json'!$C:$E,3,FALSE),"") | F178: =IF(E178="","",IFERROR(INDEX('cards-dc.json'!C:C,(MATCH(E178&"*",'cards-dc.json'!A:A,1)),1),".")) | G178: =IFERROR(LEFT(F178,LEN(F178)-5),".") -> .
C179: =IFERROR(B179&" "&VLOOKUP(E179,'cards-dc.json'!A:C,3,FALSE),"") | D179: =IFERROR(VLOOKUP(RIGHT(C179,LEN(C179)-2),'cards-dc.json'!$C:$E,3,FALSE),"") | F179: =IF(E179="","",IFERROR(INDEX('cards-dc.json'!C:C,(MATCH(E179&"*",'cards-dc.json'!A:A,1)),1),".")) | G179: =IFERROR(LEFT(F179,LEN(F179)-5),".") -> .
...

Sheet bree
C1: ="game start deck count: "&SUM(B41:B80)+SUM(B84:B123)+SUM(B23:B37) -> game start deck count: 0 | E1: ="CHARACTERS: "&SUM(B23:B37) -> CHARACTERS: 0 | F1: ="RESOURCES: "&SUM(B41:B80) -> RESOURCES: 0 | G1: ="SIDEBOARD: "&SUM(B127:B166) -> SIDEBOARD: 0
B2: POOL | C2: POOL | F2: ="HAZARDS: "&SUM(B84:B123) -> HAZARDS: 0 | G2: ="FW-DC-SB: "&SUM(B170:B188) -> FW-DC-SB: 0 | I2: card names for easy copy in this column; customize to your wishes
B3: Quantity | C3: =IFERROR(B3&" "&VLOOKUP(E3,'cards-dc.json'!A:C,3,FALSE),"") | E3: TYPE HERE
C4: =IFERROR(B4&" "&VLOOKUP(E4,'cards-dc.json'!A:C,3,FALSE),"") | D4: =IFERROR(VLOOKUP(RIGHT(C4,LEN(C4)-2),'cards-dc.json'!$C:$E,3,FALSE),"") | F4: =IF(E4="","",IFERROR(INDEX('cards-dc.json'!C:C,(MATCH(E4&"*",'cards-dc.json'!A:A,1)),1),".")) | G4: =IFERROR(LEFT(F4,LEN(F4)-5),".") -> . | I4: Umagaur
C5: =IFERROR(B5&" "&VLOOKUP(E5,'cards-dc.json'!A:C,3,FALSE),"") | D5: =IFERROR(VLOOKUP(RIGHT(C5,LEN(C5)-2),'cards-dc.json'!$C:$E,3,FALSE),"") | F5: =IF(E5="","",IFERROR(INDEX('cards-dc.json'!C:C,(MATCH(E5&"*",'cards-dc.json'!A:A,1)),1),".")) | G5: =IFERROR(LEFT(F5,LEN(F5)-5),".") -> . | I5: Bûthrakaur
C6: =IFERROR(B6&" "&VLOOKUP(E6,'cards-dc.json'!A:C,3,FALSE),"") | D6: =IFERROR(VLOOKUP(RIGHT(C6,LEN(C6)-2),'cards-dc.json'!$C:$E,3,FALSE),"") | F6: =IF(E6="","",IFERROR(INDEX('cards-dc.json'!C:C,(MATCH(E6&"*",'cards-dc.json'!A:A,1)),1),".")) | G6: =IFERROR(LEFT(F6,LEN(F6)-5),".") -> . | I6: Mountain-Maggot
C7: =IFERROR(B7&" "&VLOOKUP(E7,'cards-dc.json'!A:C,3,FALSE),"") | D7: =IFERROR(VLOOKUP(RIGHT(C7,LEN(C7)-2),'cards-dc.json'!$C:$E,3,FALSE),"") | F7: =IF(E7="","",IFERROR(INDEX('cards-dc.json'!C:C,(MATCH(E7&"*",'cards-dc.json'!A:A,1)),1),".")) | G7: =IFERROR(LEFT(F7,LEN(F7)-5),".") -> .
C8: =IFERROR(B8&" "&VLOOKUP(E8,'cards-dc.json'!A:C,3,FALSE),"") | D8: =IFERROR(VLOOKUP(RIGHT(C8,LEN(C8)-2),'cards-dc.json'!$C:$E,3,FALSE),"") | F8: =IF(E8="","",IFERROR(INDEX('cards-dc.json'!C:C,(MATCH(E8&"*",'cards-dc.json'!A:A,1)),1),".")) | G8: =IFERROR(LEFT(F8,LEN(F8)-5),".") -> .
C9: =IFERROR(B9&" "&VLOOKUP(E9,'cards-dc.json'!A:C,3,FALSE),"") | D9: =IFERROR(VLOOKUP(RIGHT(C9,LEN(C9)-2),'cards-dc.json'!$C:$E,3,FALSE),"") | F9: =IF(E9="","",IFERROR(INDEX('cards-dc.json'!C:C,(MATCH(E9&"*",'cards-dc.json'!A:A,1)),1),".")) | G9: =IFERROR(LEFT(F9,LEN(F9)-5),".") -> .
C10: =IFERROR(B10&" "&VLOOKUP(E10,'cards-dc.json'!A:C,3,FALSE),"") | D10: =IFERROR(VLOOKUP(RIGHT(C10,LEN(C10)-2),'cards-dc.json'!$C:$E,3,FALSE),"") | F10: =IF(E10="","",IFERROR(INDEX('cards-dc.json'!C:C,(MATCH(E10&"*",'cards-dc.json'!A:A,1)),1),".")) | G10: =IFERROR(LEFT(F10,LEN(F10)-5),".") -> .
C11: =IFERROR(B11&" "&VLOOKUP(E11,'cards-dc.json'!A:C,3,FALSE),"") | D11: =IFERROR(VLOOKUP(RIGHT(C11,LEN(C11)-2),'cards-dc.json'!$C:$E,3,FALSE),"") | F11: =IF(E11="","",IFERROR(INDEX('cards-dc.json'!C:C,(MATCH(E11&"*",'cards-dc.json'!A:A,1)),1),".")) | G11: =IFERROR(LEFT(F11,LEN(F11)-5),".") -> .
C12: =IFERROR(B12&" "&VLOOKUP(E12,'cards-dc.json'!A:C,3,FALSE),"") | D12: =IFERROR(VLOOKUP(RIGHT(C12,LEN(C12)-2),'cards-dc.json'!$C:$E,3,FALSE),"") | F12: =IF(E12="","",IFERROR(INDEX('cards-dc.json'!C:C,(MATCH(E12&"*",'cards-dc.json'!A:A,1)),1),".")) | G12: =IFERROR(LEFT(F12,LEN(F12)-5),".") -> .
C13: =IFERROR(B13&" "&VLOOKUP(E13,'cards-dc.json'!A:C,3,FALSE),"") | D13: =IFERROR(VLOOKUP(RIGHT(C13,LEN(C13)-2),'cards-dc.json'!$C:$E,3,FALSE),"") | F13: =IF(E13="","",IFERROR(INDEX('cards-dc.json'!C:C,(MATCH(E13&"*",'cards-dc.json'!A:A,1)),1),".")) | G13: =IFERROR(LEFT(F13,LEN(F13)-5),".") -> .
C14: =IFERROR(B14&" "&VLOOKUP(E14,'cards-dc.json'!A:C,3,FALSE),"") | D14: =IFERROR(VLOOKUP(RIGHT(C14,LEN(C14)-2),'cards-dc.json'!$C:$E,3,FALSE),"") | F14: =IF(E14="","",IFERROR(INDEX('cards-dc.json'!C:C,(MATCH(E14&"*",'cards-dc.json'!A:A,1)),1),".")) | G14: =IFERROR(LEFT(F14,LEN(F14)-5),".") -> .
C15: =IFERROR(B15&" "&VLOOKUP(E15,'cards-dc.json'!A:C,3,FALSE),"") | D15: =IFERROR(VLOOKUP(RIGHT(C15,LEN(C15)-2),'cards-dc.json'!$C:$E,3,FALSE),"") | F15: =IF(E15="","",IFERROR(INDEX('cards-dc.json'!C:C,(MATCH(E15&"*",'cards-dc.json'!A:A,1)),1),".")) | G15: =IFERROR(LEFT(F15,LEN(F15)-5),".") -> .
C16: =IFERROR(B16&" "&VLOOKUP(E16,'cards-dc.json'!A:C,3,FALSE),"") | D16: =IFERROR(VLOOKUP(RIGHT(C16,LEN(C16)-2),'cards-dc.json'!$C:$E,3,FALSE),"") | F16: =IF(E16="","",IFERROR(INDEX('cards-dc.json'!C:C,(MATCH(E16&"*",'cards-dc.json'!A:A,1)),1),".")) | G16: =IFERROR(LEFT(F16,LEN(F16)-5),".") -> . | I16: Orders From the Great Demon
C17: =IFERROR(B17&" "&VLOOKUP(E17,'cards-dc.json'!A:C,3,FALSE),"") | D17: =IFERROR(VLOOKUP(RIGHT(C17,LEN(C17)-2),'cards-dc.json'!$C:$E,3,FALSE),"") | F17: =IF(E17="","",IFERROR(INDEX('cards-dc.json'!C:C,(MATCH(E17&"*",'cards-dc.json'!A:A,1)),1),".")) | G17: =IFERROR(LEFT(F17,LEN(F17)-5),".") -> .
C18: =IFERROR(B18&" "&VLOOKUP(E18,'cards-dc.json'!A:C,3,FALSE),"") | D18: =IFERROR(VLOOKUP(RIGHT(C18,LEN(C18)-2),'cards-dc.json'!$C:$E,3,FALSE),"") | F18: =IF(E18="","",IFERROR(INDEX('cards-dc.json'!C:C,(MATCH(E18&"*",'cards-dc.json'!A:A,1)),1),".")) | G18: =IFERROR(LEFT(F18,LEN(F18)-5),".") -> .
C19: =IFERROR(B19&" "&VLOOKUP(E19,'cards-dc.json'!A:C,3,FALSE),"") | D19: =IFERROR(VLOOKUP(RIGHT(C19,LEN(C19)-2),'cards-dc.json'!$C:$E,3,FALSE),"") | F19: =IF(E19="","",IFERROR(INDEX('cards-dc.json'!C:C,(MATCH(E19&"*",'cards-dc.json'!A:A,1)),1),".")) | G19: =IFERROR(LEFT(F19,LEN(F19)-5),".") -> .
B21: CHARACTER | C21: CHARACTERS
B22: ="Qty: "&SUM(B23:B37) -> Qty: 0 | C22: =IFERROR(B22&" "&VLOOKUP(E22,'cards-dc.json'!A:C,3,FALSE),"") | E22: TYPE HERE | I22: TYPE HERE
C23: =IFERROR(B23&" "&VLOOKUP(E23,'cards-dc.json'!A:C,3,FALSE),"") | D23: =IFERROR(VLOOKUP(RIGHT(C23,LEN(C23)-2),'cards-dc.json'!$C:$E,3,FALSE),"") | F23: =IF(E23="","",IFERROR(INDEX('cards-dc.json'!C:C,(MATCH(E23&"*",'cards-dc.json'!A:A,1)),1),".")) | G23: =IFERROR(LEFT(F23,LEN(F23)-5),".") -> . | I23: The Balrog [B]
C24: =IFERROR(B24&" "&VLOOKUP(E24,'cards-dc.json'!A:C,3,FALSE),"") | D24: =IFERROR(VLOOKUP(RIGHT(C24,LEN(C24)-2),'cards-dc.json'!$C:$E,3,FALSE),"") | F24: =IF(E24="","",IFERROR(INDEX('cards-dc.json'!C:C,(MATCH(E24&"*",'cards-dc.json'!A:A,1)),1),".")) | G24: =IFERROR(LEFT(F24,LEN(F24)-5),".") -> .
C25: =IFERROR(B25&" "&VLOOKUP(E25,'cards-dc.json'!A:C,3,FALSE),"") | D25: =IFERROR(VLOOKUP(RIGHT(C25,LEN(C25)-2),'cards-dc.json'!$C:$E,3,FALSE),"") | F25: =IF(E25="","",IFERROR(INDEX('cards-dc.json'!C:C,(MATCH(E25&"*",'cards-dc.json'!A:A,1)),1),".")) | G25: =IFERROR(LEFT(F25,LEN(F25)-5),".") -> . | I25: Bolg
C26: =IFERROR(B26&" "&VLOOKUP(E26,'cards-dc.json'!A:C,3,FALSE),"") | D26: =IFERROR(VLOOKUP(RIGHT(C26,LEN(C26)-2),'cards-dc.json'!$C:$E,3,FALSE),"") | F26: =IF(E26="","",IFERROR(INDEX('cards-dc.json'!C:C,(MATCH(E26&"*",'cards-dc.json'!A:A,1)),1),".")) | G26: =IFERROR(LEFT(F26,LEN(F26)-5),".") -> . | I26: Azog
C27: =IFERROR(B27&" "&VLOOKUP(E27,'cards-dc.json'!A:C,3,FALSE),"") | D27: =IFERROR(VLOOKUP(RIGHT(C27,LEN(C27)-2),'cards-dc.json'!$C:$E,3,FALSE),"") | F27: =IF(E27="","",IFERROR(INDEX('cards-dc.json'!C:C,(MATCH(E27&"*",'cards-dc.json'!A:A,1)),1),".")) | G27: =IFERROR(LEFT(F27,LEN(F27)-5),".") -> .
C28: =IFERROR(B28&" "&VLOOKUP(E28,'cards-dc.json'!A:C,3,FALSE),"") | D28: =IFERROR(VLOOKUP(RIGHT(C28,LEN(C28)-2),'cards-dc.json'!$C:$E,3,FALSE),"") | F28: =IF(E28="","",IFERROR(INDEX('cards-dc.json'!C:C,(MATCH(E28&"*",'cards-dc.json'!A:A,1)),1),".")) | G28: =IFERROR(LEFT(F28,LEN(F28)-5),".") -> .
C29: =IFERROR(B29&" "&VLOOKUP(E29,'cards-dc.json'!A:C,3,FALSE),"") | D29: =IFERROR(VLOOKUP(RIGHT(C29,LEN(C29)-2),'cards-dc.json'!$C:$E,3,FALSE),"") | F29: =IF(E29="","",IFERROR(INDEX('cards-dc.json'!C:C,(MATCH(E29&"*",'cards-dc.json'!A:A,1)),1),".")) | G29: =IFERROR(LEFT(F29,LEN(F29)-5),".") -> .
C30: =IFERROR(B30&" "&VLOOKUP(E30,'cards-dc.json'!A:C,3,FALSE),"") | D30: =IFERROR(VLOOKUP(RIGHT(C30,LEN(C30)-2),'cards-dc.json'!$C:$E,3,FALSE),"") | F30: =IF(E30="","",IFERROR(INDEX('cards-dc.json'!C:C,(MATCH(E30&"*",'cards-dc.json'!A:A,1)),1),".")) | G30: =IFERROR(LEFT(F30,LEN(F30)-5),".") -> .
C31: =IFERROR(B31&" "&VLOOKUP(E31,'cards-dc.json'!A:C,3,FALSE),"") | D31: =IFERROR(VLOOKUP(RIGHT(C31,LEN(C31)-2),'cards-dc.json'!$C:$E,3,FALSE),"") | F31: =IF(E31="","",IFERROR(INDEX('cards-dc.json'!C:C,(MATCH(E31&"*",'cards-dc.json'!A:A,1)),1),".")) | G31: =IFERROR(LEFT(F31,LEN(F31)-5),".") -> .
C32: =IFERROR(B32&" "&VLOOKUP(E32,'cards-dc.json'!A:C,3,FALSE),"") | D32: =IFERROR(VLOOKUP(RIGHT(C32,LEN(C32)-2),'cards-dc.json'!$C:$E,3,FALSE),"") | F32: =IF(E32="","",IFERROR(INDEX('cards-dc.json'!C:C,(MATCH(E32&"*",'cards-dc.json'!A:A,1)),1),".")) | G32: =IFERROR(LEFT(F32,LEN(F32)-5),".") -> .
C33: =IFERROR(B33&" "&VLOOKUP(E33,'cards-dc.json'!A:C,3,FALSE),"") | D33: =IFERROR(VLOOKUP(RIGHT(C33,LEN(C33)-2),'cards-dc.json'!$C:$E,3,FALSE),"") | F33: =IF(E33="","",IFERROR(INDEX('cards-dc.json'!C:C,(MATCH(E33&"*",'cards-dc.json'!A:A,1)),1),".")) | G33: =IFERROR(LEFT(F33,LEN(F33)-5),".") -> .
C34: =IFERROR(B34&" "&VLOOKUP(E34,'cards-dc.json'!A:C,3,FALSE),"") | D34: =IFERROR(VLOOKUP(RIGHT(C34,LEN(C34)-2),'cards-dc.json'!$C:$E,3,FALSE),"") | F34: =IF(E34="","",IFERROR(INDEX('cards-dc.json'!C:C,(MATCH(E34&"*",'cards-dc.json'!A:A,1)),1),".")) | G34: =IFERROR(LEFT(F34,LEN(F34)-5),".") -> . | I34: Palantír of Minas Ithil
C35: =IFERROR(B35&" "&VLOOKUP(E35,'cards-dc.json'!A:C,3,FALSE),"") | D35: =IFERROR(VLOOKUP(RIGHT(C35,LEN(C35)-2),'cards-dc.json'!$C:$E,3,FALSE),"") | F35: =IF(E35="","",IFERROR(INDEX('cards-dc.json'!C:C,(MATCH(E35&"*",'cards-dc.json'!A:A,1)),1),".")) | G35: =IFERROR(LEFT(F35,LEN(F35)-5),".") -> .
C36: =IFERROR(B36&" "&VLOOKUP(E36,'cards-dc.json'!A:C,3,FALSE),"") | D36: =IFERROR(VLOOKUP(RIGHT(C36,LEN(C36)-2),'cards-dc.json'!$C:$E,3,FALSE),"") | F36: =IF(E36="","",IFERROR(INDEX('cards-dc.json'!C:C,(MATCH(E36&"*",'cards-dc.json'!A:A,1)),1),".")) | G36: =IFERROR(LEFT(F36,LEN(F36)-5),".") -> .
C37: =IFERROR(B37&" "&VLOOKUP(E37,'cards-dc.json'!A:C,3,FALSE),"") | D37: =IFERROR(VLOOKUP(RIGHT(C37,LEN(C37)-2),'cards-dc.json'!$C:$E,3,FALSE),"") | F37: =IF(E37="","",IFERROR(INDEX('cards-dc.json'!C:C,(MATCH(E37&"*",'cards-dc.json'!A:A,1)),1),".")) | G37: =IFERROR(LEFT(F37,LEN(F37)-5),".") -> .
B39: RESOURCES | C39: RESOURCES
B40: ="Qty: "&SUM(B41:B80) -> Qty: 0 | C40: =IFERROR(B40&" "&VLOOKUP(E40,'cards-dc.json'!A:C,3,FALSE),"") | E40: TYPE HERE | I40: TYPE HERE
C41: =IFERROR(B41&" "&VLOOKUP(E41,'cards-dc.json'!A:C,3,FALSE),"") | D41: =IFERROR(VLOOKUP(RIGHT(C41,LEN(C41)-2),'cards-dc.json'!$C:$E,3,FALSE),"") | F41: =IF(E41="","",IFERROR(INDEX('cards-dc.json'!C:C,(MATCH(E41&"*",'cards-dc.json'!A:A,1)),1),".")) | G41: =IFERROR(LEFT(F41,LEN(F41)-5),".") -> . | I41: Stinker
C42: =IFERROR(B42&" "&VLOOKUP(E42,'cards-dc.json'!A:C,3,FALSE),"") | D42: =IFERROR(VLOOKUP(RIGHT(C42,LEN(C42)-2),'cards-dc.json'!$C:$E,3,FALSE),"") | F42: =IF(E42="","",IFERROR(INDEX('cards-dc.json'!C:C,(MATCH(E42&"*",'cards-dc.json'!A:A,1)),1),".")) | G42: =IFERROR(LEFT(F42,LEN(F42)-5),".") -> . | I42: Sable Shield
C43: =IFERROR(B43&" "&VLOOKUP(E43,'cards-dc.json'!A:C,3,FALSE),"") | D43: =IFERROR(VLOOKUP(RIGHT(C43,LEN(C43)-2),'cards-dc.json'!$C:$E,3,FALSE),"") | F43: =IF(E43="","",IFERROR(INDEX('cards-dc.json'!C:C,(MATCH(E43&"*",'cards-dc.json'!A:A,1)),1),".")) | G43: =IFERROR(LEFT(F43,LEN(F43)-5),".") -> .
C44: =IFERROR(B44&" "&VLOOKUP(E44,'cards-dc.json'!A:C,3,FALSE),"") | D44: =IFERROR(VLOOKUP(RIGHT(C44,LEN(C44)-2),'cards-dc.json'!$C:$E,3,FALSE),"") | F44: =IF(E44="","",IFERROR(INDEX('cards-dc.json'!C:C,(MATCH(E44&"*",'cards-dc.json'!A:A,1)),1),".")) | G44: =IFERROR(LEFT(F44,LEN(F44)-5),".") -> .
C45: =IFERROR(B45&" "&VLOOKUP(E45,'cards-dc.json'!A:C,3,FALSE),"") | D45: =IFERROR(VLOOKUP(RIGHT(C45,LEN(C45)-2),'cards-dc.json'!$C:$E,3,FALSE),"") | F45: =IF(E45="","",IFERROR(INDEX('cards-dc.json'!C:C,(MATCH(E45&"*",'cards-dc.json'!A:A,1)),1),".")) | G45: =IFERROR(LEFT(F45,LEN(F45)-5),".") -> .
C46: =IFERROR(B46&" "&VLOOKUP(E46,'cards-dc.json'!A:C,3,FALSE),"") | D46: =IFERROR(VLOOKUP(RIGHT(C46,LEN(C46)-2),'cards-dc.json'!$C:$E,3,FALSE),"") | F46: =IF(E46="","",IFERROR(INDEX('cards-dc.json'!C:C,(MATCH(E46&"*",'cards-dc.json'!A:A,1)),1),".")) | G46: =IFERROR(LEFT(F46,LEN(F46)-5),".") -> . | I46: High Helm
C47: =IFERROR(B47&" "&VLOOKUP(E47,'cards-dc.json'!A:C,3,FALSE),"") | D47: =IFERROR(VLOOKUP(RIGHT(C47,LEN(C47)-2),'cards-dc.json'!$C:$E,3,FALSE),"") | F47: =IF(E47="","",IFERROR(INDEX('cards-dc.json'!C:C,(MATCH(E47&"*",'cards-dc.json'!A:A,1)),1),".")) | G47: =IFERROR(LEFT(F47,LEN(F47)-5),".") -> . | I47: Great Bats
C48: =IFERROR(B48&" "&VLOOKUP(E48,'cards-dc.json'!A:C,3,FALSE),"") | D48: =IFERROR(VLOOKUP(RIGHT(C48,LEN(C48)-2),'cards-dc.json'!$C:$E,3,FALSE),"") | F48: =IF(E48="","",IFERROR(INDEX('cards-dc.json'!C:C,(MATCH(E48&"*",'cards-dc.json'!A:A,1)),1),".")) | G48: =IFERROR(LEFT(F48,LEN(F48)-5),".") -> .
C49: =IFERROR(B49&" "&VLOOKUP(E49,'cards-dc.json'!A:C,3,FALSE),"") | D49: =IFERROR(VLOOKUP(RIGHT(C49,LEN(C49)-2),'cards-dc.json'!$C:$E,3,FALSE),"") | F49: =IF(E49="","",IFERROR(INDEX('cards-dc.json'!C:C,(MATCH(E49&"*",'cards-dc.json'!A:A,1)),1),".")) | G49: =IFERROR(LEFT(F49,LEN(F49)-5),".") -> . | I49: Tempest of Fire
C50: =IFERROR(B50&" "&VLOOKUP(E50,'cards-dc.json'!A:C,3,FALSE),"") | D50: =IFERROR(VLOOKUP(RIGHT(C50,LEN(C50)-2),'cards-dc.json'!$C:$E,3,FALSE),"") | F50: =IF(E50="","",IFERROR(INDEX('cards-dc.json'!C:C,(MATCH(E50&"*",'cards-dc.json'!A:A,1)),1),".")) | G50: =IFERROR(LEFT(F50,LEN(F50)-5),".") -> . | I50: Burning Rick, Cot, and Tree
C51: =IFERROR(B51&" "&VLOOKUP(E51,'cards-dc.json'!A:C,3,FALSE),"") | D51: =IFERROR(VLOOKUP(RIGHT(C51,LEN(C51)-2),'cards-dc.json'!$C:$E,3,FALSE),"") | F51: =IF(E51="","",IFERROR(INDEX('cards-dc.json'!C:C,(MATCH(E51&"*",'cards-dc.json'!A:A,1)),1),".")) | G51: =IFERROR(LEFT(F51,LEN(F51)-5),".") -> .
C52: =IFERROR(B52&" "&VLOOKUP(E52,'cards-dc.json'!A:C,3,FALSE),"") | D52: =IFERROR(VLOOKUP(RIGHT(C52,LEN(C52)-2),'cards-dc.json'!$C:$E,3,FALSE),"") | F52: =IF(E52="","",IFERROR(INDEX('cards-dc.json'!C:C,(MATCH(E52&"*",'cards-dc.json'!A:A,1)),1),".")) | G52: =IFERROR(LEFT(F52,LEN(F52)-5),".") -> .
C53: =IFERROR(B53&" "&VLOOKUP(E53,'cards-dc.json'!A:C,3,FALSE),"") | D53: =IFERROR(VLOOKUP(RIGHT(C53,LEN(C53)-2),'cards-dc.json'!$C:$E,3,FALSE),"") | F53: =IF(E53="","",IFERROR(INDEX('cards-dc.json'!C:C,(MATCH(E53&"*",'cards-dc.json'!A:A,1)),1),".")) | G53: =IFERROR(LEFT(F53,LEN(F53)-5),".") -> . | I53: Great Shadow
C54: =IFERROR(B54&" "&VLOOKUP(E54,'cards-dc.json'!A:C,3,FALSE),"") | D54: =IFERROR(VLOOKUP(RIGHT(C54,LEN(C54)-2),'cards-dc.json'!$C:$E,3,FALSE),"") | F54: =IF(E54="","",IFERROR(INDEX('cards-dc.json'!C:C,(MATCH(E54&"*",'cards-dc.json'!A:A,1)),1),".")) | G54: =IFERROR(LEFT(F54,LEN(F54)-5),".") -> . | I54: I'll Report You
C55: =IFERROR(B55&" "&VLOOKUP(E55,'cards-dc.json'!A:C,3,FALSE),"") | D55: =IFERROR(VLOOKUP(RIGHT(C55,LEN(C55)-2),'cards-dc.json'!$C:$E,3,FALSE),"") | F55: =IF(E55="","",IFERROR(INDEX('cards-dc.json'!C:C,(MATCH(E55&"*",'cards-dc.json'!A:A,1)),1),".")) | G55: =IFERROR(LEFT(F55,LEN(F55)-5),".") -> . | I55: Orc Quarrels
C56: =IFERROR(B56&" "&VLOOKUP(E56,'cards-dc.json'!A:C,3,FALSE),"") | D56: =IFERROR(VLOOKUP(RIGHT(C56,LEN(C56)-2),'cards-dc.json'!$C:$E,3,FALSE),"") | F56: =IF(E56="","",IFERROR(INDEX('cards-dc.json'!C:C,(MATCH(E56&"*",'cards-dc.json'!A:A,1)),1),".")) | G56: =IFERROR(LEFT(F56,LEN(F56)-5),".") -> . | I56: Voices of Malice
C57: =IFERROR(B57&" "&VLOOKUP(E57,'cards-dc.json'!A:C,3,FALSE),"") | D57: =IFERROR(VLOOKUP(RIGHT(C57,LEN(C57)-2),'cards-dc.json'!$C:$E,3,FALSE),"") | F57: =IF(E57="","",IFERROR(INDEX('cards-dc.json'!C:C,(MATCH(E57&"*",'cards-dc.json'!A:A,1)),1),".")) | G57: =IFERROR(LEFT(F57,LEN(F57)-5),".") -> . | I57: Weigh All Things to a Nicety
C58: =IFERROR(B58&" "&VLOOKUP(E58,'cards-dc.json'!A:C,3,FALSE),"") | D58: =IFERROR(VLOOKUP(RIGHT(C58,LEN(C58)-2),'cards-dc.json'!$C:$E,3,FALSE),"") | F58: =IF(E58="","",IFERROR(INDEX('cards-dc.json'!C:C,(MATCH(E58&"*",'cards-dc.json'!A:A,1)),1),".")) | G58: =IFERROR(LEFT(F58,LEN(F58)-5),".") -> . | I58: We Have Come to Kill
C59: =IFERROR(B59&" "&VLOOKUP(E59,'cards-dc.json'!A:C,3,FALSE),"") | D59: =IFERROR(VLOOKUP(RIGHT(C59,LEN(C59)-2),'cards-dc.json'!$C:$E,3,FALSE),"") | F59: =IF(E59="","",IFERROR(INDEX('cards-dc.json'!C:C,(MATCH(E59&"*",'cards-dc.json'!A:A,1)),1),".")) | G59: =IFERROR(LEFT(F59,LEN(F59)-5),".") -> . | I59: Swift Strokes
C60: =IFERROR(B60&" "&VLOOKUP(E60,'cards-dc.json'!A:C,3,FALSE),"") | D60: =IFERROR(VLOOKUP(RIGHT(C60,LEN(C60)-2),'cards-dc.json'!$C:$E,3,FALSE),"") | F60: =IF(E60="","",IFERROR(INDEX('cards-dc.json'!C:C,(MATCH(E60&"*",'cards-dc.json'!A:A,1)),1),".")) | G60: =IFERROR(LEFT(F60,LEN(F60)-5),".") -> .
C61: =IFERROR(B61&" "&VLOOKUP(E61,'cards-dc.json'!A:C,3,FALSE),"") | D61: =IFERROR(VLOOKUP(RIGHT(C61,LEN(C61)-2),'cards-dc.json'!$C:$E,3,FALSE),"") | F61: =IF(E61="","",IFERROR(INDEX('cards-dc.json'!C:C,(MATCH(E61&"*",'cards-dc.json'!A:A,1)),1),".")) | G61: =IFERROR(LEFT(F61,LEN(F61)-5),".") -> . | I61: Dark Tryst
C62: =IFERROR(B62&" "&VLOOKUP(E62,'cards-dc.json'!A:C,3,FALSE),"") | D62: =IFERROR(VLOOKUP(RIGHT(C62,LEN(C62)-2),'cards-dc.json'!$C:$E,3,FALSE),"") | F62: =IF(E62="","",IFERROR(INDEX('cards-dc.json'!C:C,(MATCH(E62&"*",'cards-dc.json'!A:A,1)),1),".")) | G62: =IFERROR(LEFT(F62,LEN(F62)-5),".") -> .
C63: =IFERROR(B63&" "&VLOOKUP(E63,'cards-dc.json'!A:C,3,FALSE),"") | D63: =IFERROR(VLOOKUP(RIGHT(C63,LEN(C63)-2),'cards-dc.json'!$C:$E,3,FALSE),"") | F63: =IF(E63="","",IFERROR(INDEX('cards-dc.json'!C:C,(MATCH(E63&"*",'cards-dc.json'!A:A,1)),1),".")) | G63: =IFERROR(LEFT(F63,LEN(F63)-5),".") -> .
C64: =IFERROR(B64&" "&VLOOKUP(E64,'cards-dc.json'!A:C,3,FALSE),"") | D64: =IFERROR(VLOOKUP(RIGHT(C64,LEN(C64)-2),'cards-dc.json'!$C:$E,3,FALSE),"") | F64: =IF(E64="","",IFERROR(INDEX('cards-dc.json'!C:C,(MATCH(E64&"*",'cards-dc.json'!A:A,1)),1),".")) | G64: =IFERROR(LEFT(F64,LEN(F64)-5),".") -> .
C65: =IFERROR(B65&" "&VLOOKUP(E65,'cards-dc.json'!A:C,3,FALSE),"") | D65: =IFERROR(VLOOKUP(RIGHT(C65,LEN(C65)-2),'cards-dc.json'!$C:$E,3,FALSE),"") | F65: =IF(E65="","",IFERROR(INDEX('cards-dc.json'!C:C,(MATCH(E65&"*",'cards-dc.json'!A:A,1)),1),".")) | G65: =IFERROR(LEFT(F65,LEN(F65)-5),".") -> .
C66: =IFERROR(B66&" "&VLOOKUP(E66,'cards-dc.json'!A:C,3,FALSE),"") | D66: =IFERROR(VLOOKUP(RIGHT(C66,LEN(C66)-2),'cards-dc.json'!$C:$E,3,FALSE),"") | F66: =IF(E66="","",IFERROR(INDEX('cards-dc.json'!C:C,(MATCH(E66&"*",'cards-dc.json'!A:A,1)),1),".")) | G66: =IFERROR(LEFT(F66,LEN(F66)-5),".") -> .
C67: =IFERROR(B67&" "&VLOOKUP(E67,'cards-dc.json'!A:C,3,FALSE),"") | D67: =IFERROR(VLOOKUP(RIGHT(C67,LEN(C67)-2),'cards-dc.json'!$C:$E,3,FALSE),"") | F67: =IF(E67="","",IFERROR(INDEX('cards-dc.json'!C:C,(MATCH(E67&"*",'cards-dc.json'!A:A,1)),1),".")) | G67: =IFERROR(LEFT(F67,LEN(F67)-5),".") -> .
C68: =IFERROR(B68&" "&VLOOKUP(E68,'cards-dc.json'!A:C,3,FALSE),"") | D68: =IFERROR(VLOOKUP(RIGHT(C68,LEN(C68)-2),'cards-dc.json'!$C:$E,3,FALSE),"") | F68: =IF(E68="","",IFERROR(INDEX('cards-dc.json'!C:C,(MATCH(E68&"*",'cards-dc.json'!A:A,1)),1),".")) | G68: =IFERROR(LEFT(F68,LEN(F68)-5),".") -> .
C69: =IFERROR(B69&" "&VLOOKUP(E69,'cards-dc.json'!A:C,3,FALSE),"") | D69: =IFERROR(VLOOKUP(RIGHT(C69,LEN(C69)-2),'cards-dc.json'!$C:$E,3,FALSE),"") | F69: =IF(E69="","",IFERROR(INDEX('cards-dc.json'!C:C,(MATCH(E69&"*",'cards-dc.json'!A:A,1)),1),".")) | G69: =IFERROR(LEFT(F69,LEN(F69)-5),".") -> .
C70: =IFERROR(B70&" "&VLOOKUP(E70,'cards-dc.json'!A:C,3,FALSE),"") | D70: =IFERROR(VLOOKUP(RIGHT(C70,LEN(C70)-2),'cards-dc.json'!$C:$E,3,FALSE),"") | F70: =IF(E70="","",IFERROR(INDEX('cards-dc.json'!C:C,(MATCH(E70&"*",'cards-dc.json'!A:A,1)),1),".")) | G70: =IFERROR(LEFT(F70,LEN(F70)-5),".") -> .
C71: =IFERROR(B71&" "&VLOOKUP(E71,'cards-dc.json'!A:C,3,FALSE),"") | D71: =IFERROR(VLOOKUP(RIGHT(C71,LEN(C71)-2),'cards-dc.json'!$C:$E,3,FALSE),"") | F71: =IF(E71="","",IFERROR(INDEX('cards-dc.json'!C:C,(MATCH(E71&"*",'cards-dc.json'!A:A,1)),1),".")) | G71: =IFERROR(LEFT(F71,LEN(F71)-5),".") -> .
C72: =IFERROR(B72&" "&VLOOKUP(E72,'cards-dc.json'!A:C,3,FALSE),"") | D72: =IFERROR(VLOOKUP(RIGHT(C72,LEN(C72)-2),'cards-dc.json'!$C:$E,3,FALSE),"") | F72: =IF(E72="","",IFERROR(INDEX('cards-dc.json'!C:C,(MATCH(E72&"*",'cards-dc.json'!A:A,1)),1),".")) | G72: =IFERROR(LEFT(F72,LEN(F72)-5),".") -> .
C73: =IFERROR(B73&" "&VLOOKUP(E73,'cards-dc.json'!A:C,3,FALSE),"") | D73: =IFERROR(VLOOKUP(RIGHT(C73,LEN(C73)-2),'cards-dc.json'!$C:$E,3,FALSE),"") | F73: =IF(E73="","",IFERROR(INDEX('cards-dc.json'!C:C,(MATCH(E73&"*",'cards-dc.json'!A:A,1)),1),".")) | G73: =IFERROR(LEFT(F73,LEN(F73)-5),".") -> .
... C80: =IFERROR(B80&" "&VLOOKUP(E80,'cards-dc.json'!A:C,3,FALSE),"") | D80: =IFERROR(VLOOKUP(RIGHT(C80,LEN(C80)-2),'cards-dc.json'!$C:$E,3,FALSE),"") | F80: =IF(E80="","",IFERROR(INDEX('cards-dc.json'!C:C,(MATCH(E80&"*",'cards-dc.json'!A:A,1)),1),".")) | G80: =IFERROR(LEFT(F80,LEN(F80)-5),".") -> .
B82: HAZARDS | C82: HAZARDS
B83: ="Qty: "&SUM(B84:B123) -> Qty: 0 | C83: =IFERROR(B83&" "&VLOOKUP(E83,'cards-dc.json'!A:C,3,FALSE),"") | E83: TYPE HERE | I83: TYPE HERE
C84: =IFERROR(B84&" "&VLOOKUP(E84,'cards-dc.json'!A:C,3,FALSE),"") | D84: =IFERROR(VLOOKUP(RIGHT(C84,LEN(C84)-2),'cards-dc.json'!$C:$E,3,FALSE),"") | F84: =IF(E84="","",IFERROR(INDEX('cards-dc.json'!C:C,(MATCH(E84&"*",'cards-dc.json'!A:A,1)),1),".")) | G84: =IFERROR(LEFT(F84,LEN(F84)-5),".") -> . | I84: Mouth of Sauron
C85: =IFERROR(B85&" "&VLOOKUP(E85,'cards-dc.json'!A:C,3,FALSE),"") | D85: =IFERROR(VLOOKUP(RIGHT(C85,LEN(C85)-2),'cards-dc.json'!$C:$E,3,FALSE),"") | F85: =IF(E85="","",IFERROR(INDEX('cards-dc.json'!C:C,(MATCH(E85&"*",'cards-dc.json'!A:A,1)),1),".")) | G85: =IFERROR(LEFT(F85,LEN(F85)-5),".") -> . | I85: Ûvatha the Horseman
C86: =IFERROR(B86&" "&VLOOKUP(E86,'cards-dc.json'!A:C,3,FALSE),"") | D86: =IFERROR(VLOOKUP(RIGHT(C86,LEN(C86)-2),'cards-dc.json'!$C:$E,3,FALSE),"") | F86: =IF(E86="","",IFERROR(INDEX('cards-dc.json'!C:C,(MATCH(E86&"*",'cards-dc.json'!A:A,1)),1),".")) | G86: =IFERROR(LEFT(F86,LEN(F86)-5),".") -> . | I86: Adûnaphel
C87: =IFERROR(B87&" "&VLOOKUP(E87,'cards-dc.json'!A:C,3,FALSE),"") | D87: =IFERROR(VLOOKUP(RIGHT(C87,LEN(C87)-2),'cards-dc.json'!$C:$E,3,FALSE),"") | F87: =IF(E87="","",IFERROR(INDEX('cards-dc.json'!C:C,(MATCH(E87&"*",'cards-dc.json'!A:A,1)),1),".")) | G87: =IFERROR(LEFT(F87,LEN(F87)-5),".") -> . | I87: Akhôrahil
C88: =IFERROR(B88&" "&VLOOKUP(E88,'cards-dc.json'!A:C,3,FALSE),"") | D88: =IFERROR(VLOOKUP(RIGHT(C88,LEN(C88)-2),'cards-dc.json'!$C:$E,3,FALSE),"") | F88: =IF(E88="","",IFERROR(INDEX('cards-dc.json'!C:C,(MATCH(E88&"*",'cards-dc.json'!A:A,1)),1),".")) | G88: =IFERROR(LEFT(F88,LEN(F88)-5),".") -> .
C89: =IFERROR(B89&" "&VLOOKUP(E89,'cards-dc.json'!A:C,3,FALSE),"") | D89: =IFERROR(VLOOKUP(RIGHT(C89,LEN(C89)-2),'cards-dc.json'!$C:$E,3,FALSE),"") | F89: =IF(E89="","",IFERROR(INDEX('cards-dc.json'!C:C,(MATCH(E89&"*",'cards-dc.json'!A:A,1)),1),".")) | G89: =IFERROR(LEFT(F89,LEN(F89)-5),".") -> . | I89: Witch-king of Angmar
C90: =IFERROR(B90&" "&VLOOKUP(E90,'cards-dc.json'!A:C,3,FALSE),"") | D90: =IFERROR(VLOOKUP(RIGHT(C90,LEN(C90)-2),'cards-dc.json'!$C:$E,3,FALSE),"") | F90: =IF(E90="","",IFERROR(INDEX('cards-dc.json'!C:C,(MATCH(E90&"*",'cards-dc.json'!A:A,1)),1),".")) | G90: =IFERROR(LEFT(F90,LEN(F90)-5),".") -> .
C91: =IFERROR(B91&" "&VLOOKUP(E91,'cards-dc.json'!A:C,3,FALSE),"") | D91: =IFERROR(VLOOKUP(RIGHT(C91,LEN(C91)-2),'cards-dc.json'!$C:$E,3,FALSE),"") | F91: =IF(E91="","",IFERROR(INDEX('cards-dc.json'!C:C,(MATCH(E91&"*",'cards-dc.json'!A:A,1)),1),".")) | G91: =IFERROR(LEFT(F91,LEN(F91)-5),".") -> .
C92: =IFERROR(B92&" "&VLOOKUP(E92,'cards-dc.json'!A:C,3,FALSE),"") | D92: =IFERROR(VLOOKUP(RIGHT(C92,LEN(C92)-2),'cards-dc.json'!$C:$E,3,FALSE),"") | F92: =IF(E92="","",IFERROR(INDEX('cards-dc.json'!C:C,(MATCH(E92&"*",'cards-dc.json'!A:A,1)),1),".")) | G92: =IFERROR(LEFT(F92,LEN(F92)-5),".") -> . | I92: Lobelia Sackville-Baggins
C93: =IFERROR(B93&" "&VLOOKUP(E93,'cards-dc.json'!A:C,3,FALSE),"") | D93: =IFERROR(VLOOKUP(RIGHT(C93,LEN(C93)-2),'cards-dc.json'!$C:$E,3,FALSE),"") | F93: =IF(E93="","",IFERROR(INDEX('cards-dc.json'!C:C,(MATCH(E93&"*",'cards-dc.json'!A:A,1)),1),".")) | G93: =IFERROR(LEFT(F93,LEN(F93)-5),".") -> . | I93: Golodhros
C94: =IFERROR(B94&" "&VLOOKUP(E94,'cards-dc.json'!A:C,3,FALSE),"") | D94: =IFERROR(VLOOKUP(RIGHT(C94,LEN(C94)-2),'cards-dc.json'!$C:$E,3,FALSE),"") | F94: =IF(E94="","",IFERROR(INDEX('cards-dc.json'!C:C,(MATCH(E94&"*",'cards-dc.json'!A:A,1)),1),".")) | G94: =IFERROR(LEFT(F94,LEN(F94)-5),".") -> . | I94: Beorning Skin-Changers
C95: =IFERROR(B95&" "&VLOOKUP(E95,'cards-dc.json'!A:C,3,FALSE),"") | D95: =IFERROR(VLOOKUP(RIGHT(C95,LEN(C95)-2),'cards-dc.json'!$C:$E,3,FALSE),"") | F95: =IF(E95="","",IFERROR(INDEX('cards-dc.json'!C:C,(MATCH(E95&"*",'cards-dc.json'!A:A,1)),1),".")) | G95: =IFERROR(LEFT(F95,LEN(F95)-5),".") -> . | I95: Assassin
C96: =IFERROR(B96&" "&VLOOKUP(E96,'cards-dc.json'!A:C,3,FALSE),"") | D96: =IFERROR(VLOOKUP(RIGHT(C96,LEN(C96)-2),'cards-dc.json'!$C:$E,3,FALSE),"") | F96: =IF(E96="","",IFERROR(INDEX('cards-dc.json'!C:C,(MATCH(E96&"*",'cards-dc.json'!A:A,1)),1),".")) | G96: =IFERROR(LEFT(F96,LEN(F96)-5),".") -> . | I96: Cave-drake
C97: =IFERROR(B97&" "&VLOOKUP(E97,'cards-dc.json'!A:C,3,FALSE),"") | D97: =IFERROR(VLOOKUP(RIGHT(C97,LEN(C97)-2),'cards-dc.json'!$C:$E,3,FALSE),"") | F97: =IF(E97="","",IFERROR(INDEX('cards-dc.json'!C:C,(MATCH(E97&"*",'cards-dc.json'!A:A,1)),1),".")) | G97: =IFERROR(LEFT(F97,LEN(F97)-5),".") -> . | I97: Rain-drake
C98: =IFERROR(B98&" "&VLOOKUP(E98,'cards-dc.json'!A:C,3,FALSE),"") | D98: =IFERROR(VLOOKUP(RIGHT(C98,LEN(C98)-2),'cards-dc.json'!$C:$E,3,FALSE),"") | F98: =IF(E98="","",IFERROR(INDEX('cards-dc.json'!C:C,(MATCH(E98&"*",'cards-dc.json'!A:A,1)),1),".")) | G98: =IFERROR(LEFT(F98,LEN(F98)-5),".") -> .
C99: =IFERROR(B99&" "&VLOOKUP(E99,'cards-dc.json'!A:C,3,FALSE),"") | D99: =IFERROR(VLOOKUP(RIGHT(C99,LEN(C99)-2),'cards-dc.json'!$C:$E,3,FALSE),"") | F99: =IF(E99="","",IFERROR(INDEX('cards-dc.json'!C:C,(MATCH(E99&"*",'cards-dc.json'!A:A,1)),1),".")) | G99: =IFERROR(LEFT(F99,LEN(F99)-5),".") -> .
C100: =IFERROR(B100&" "&VLOOKUP(E100,'cards-dc.json'!A:C,3,FALSE),"") | D100: =IFERROR(VLOOKUP(RIGHT(C100,LEN(C100)-2),'cards-dc.json'!$C:$E,3,FALSE),"") | F100: =IF(E100="","",IFERROR(INDEX('cards-dc.json'!C:C,(MATCH(E100&"*",'cards-dc.json'!A:A,1)),1),".")) | G100: =IFERROR(LEFT(F100,LEN(F100)-5),".") -> . | I100: Daelomin At Home
C101: =IFERROR(B101&" "&VLOOKUP(E101,'cards-dc.json'!A:C,3,FALSE),"") | D101: =IFERROR(VLOOKUP(RIGHT(C101,LEN(C101)-2),'cards-dc.json'!$C:$E,3,FALSE),"") | F101: =IF(E101="","",IFERROR(INDEX('cards-dc.json'!C:C,(MATCH(E101&"*",'cards-dc.json'!A:A,1)),1),".")) | G101: =IFERROR(LEFT(F101,LEN(F101)-5),".") -> . | I101: Sellswords Between Charters
C102: =IFERROR(B102&" "&VLOOKUP(E102,'cards-dc.json'!A:C,3,FALSE),"") | D102: =IFERROR(VLOOKUP(RIGHT(C102,LEN(C102)-2),'cards-dc.json'!$C:$E,3,FALSE),"") | F102: =IF(E102="","",IFERROR(INDEX('cards-dc.json'!C:C,(MATCH(E102&"*",'cards-dc.json'!A:A,1)),1),".")) | G102: =IFERROR(LEFT(F102,LEN(F102)-5),".") -> .
C103: =IFERROR(B103&" "&VLOOKUP(E103,'cards-dc.json'!A:C,3,FALSE),"") | D103: =IFERROR(VLOOKUP(RIGHT(C103,LEN(C103)-2),'cards-dc.json'!$C:$E,3,FALSE),"") | F103: =IF(E103="","",IFERROR(INDEX('cards-dc.json'!C:C,(MATCH(E103&"*",'cards-dc.json'!A:A,1)),1),".")) | G103: =IFERROR(LEFT(F103,LEN(F103)-5),".") -> . | I103: Revealed to all Watchers
C104: =IFERROR(B104&" "&VLOOKUP(E104,'cards-dc.json'!A:C,3,FALSE),"") | D104: =IFERROR(VLOOKUP(RIGHT(C104,LEN(C104)-2),'cards-dc.json'!$C:$E,3,FALSE),"") | F104: =IF(E104="","",IFERROR(INDEX('cards-dc.json'!C:C,(MATCH(E104&"*",'cards-dc.json'!A:A,1)),1),".")) | G104: =IFERROR(LEFT(F104,LEN(F104)-5),".") -> .
C105: =IFERROR(B105&" "&VLOOKUP(E105,'cards-dc.json'!A:C,3,FALSE),"") | D105: =IFERROR(VLOOKUP(RIGHT(C105,LEN(C105)-2),'cards-dc.json'!$C:$E,3,FALSE),"") | F105: =IF(E105="","",IFERROR(INDEX('cards-dc.json'!C:C,(MATCH(E105&"*",'cards-dc.json'!A:A,1)),1),".")) | G105: =IFERROR(LEFT(F105,LEN(F105)-5),".") -> . | I105: Twilight
C106: =IFERROR(B106&" "&VLOOKUP(E106,'cards-dc.json'!A:C,3,FALSE),"") | D106: =IFERROR(VLOOKUP(RIGHT(C106,LEN(C106)-2),'cards-dc.json'!$C:$E,3,FALSE),"") | F106: =IF(E106="","",IFERROR(INDEX('cards-dc.json'!C:C,(MATCH(E106&"*",'cards-dc.json'!A:A,1)),1),".")) | G106: =IFERROR(LEFT(F106,LEN(F106)-5),".") -> . | I106: Bane of The Ithil-Stone
C107: =IFERROR(B107&" "&VLOOKUP(E107,'cards-dc.json'!A:C,3,FALSE),"") | D107: =IFERROR(VLOOKUP(RIGHT(C107,LEN(C107)-2),'cards-dc.json'!$C:$E,3,FALSE),"") | F107: =IF(E107="","",IFERROR(INDEX('cards-dc.json'!C:C,(MATCH(E107&"*",'cards-dc.json'!A:A,1)),1),".")) | G107: =IFERROR(LEFT(F107,LEN(F107)-5),".") -> . | I107: Corsairs of Umbar
C108: =IFERROR(B108&" "&VLOOKUP(E108,'cards-dc.json'!A:C,3,FALSE),"") | D108: =IFERROR(VLOOKUP(RIGHT(C108,LEN(C108)-2),'cards-dc.json'!$C:$E,3,FALSE),"") | F108: =IF(E108="","",IFERROR(INDEX('cards-dc.json'!C:C,(MATCH(E108&"*",'cards-dc.json'!A:A,1)),1),".")) | G108: =IFERROR(LEFT(F108,LEN(F108)-5),".") -> . | I108: An Unexpected Outpost
C109: =IFERROR(B109&" "&VLOOKUP(E109,'cards-dc.json'!A:C,3,FALSE),"") | D109: =IFERROR(VLOOKUP(RIGHT(C109,LEN(C109)-2),'cards-dc.json'!$C:$E,3,FALSE),"") | F109: =IF(E109="","",IFERROR(INDEX('cards-dc.json'!C:C,(MATCH(E109&"*",'cards-dc.json'!A:A,1)),1),".")) | G109: =IFERROR(LEFT(F109,LEN(F109)-5),".") -> . | I109: Doors of Night
...

Sheet album
B1: deck name | F1: deck name | J1: deck name | N1: deck name | R1: deck name | V1: deck name | Z1: deck name
B4: POOL | C4: =SUM(B13:B27) -> 0 | F4: POOL | G4: =SUM(F13:F27) -> 0 | J4: POOL | K4: =SUM(J13:J27) -> 0 | N4: POOL | O4: =SUM(N13:N27) -> 0 | R4: POOL | S4: =SUM(R13:R27) -> 0 | V4: POOL | W4: =SUM(V13:V27) -> 0 | Z4: POOL | AA4: =SUM(Z13:Z27) -> 0
B5: CHAR | C5: =SUM(B32:B46) -> 0 | F5: CHAR | G5: =SUM(F32:F46) -> 0 | J5: CHAR | K5: =SUM(J32:J46) -> 0 | N5: CHAR | O5: =SUM(N32:N46) -> 0 | R5: CHAR | S5: =SUM(R32:R46) -> 0 | V5: CHAR | W5: =SUM(V32:V46) -> 0 | Z5: CHAR | AA5: =SUM(Z32:Z46) -> 0
B6: RES | C6: =SUM(B50:B89) -> 0 | F6: RES | G6: =SUM(F50:F89) -> 0 | J6: RES | K6: =SUM(J50:J89) -> 0 | N6: RES | O6: =SUM(N50:N89) -> 0 | R6: RES | S6: =SUM(R50:R89) -> 0 | V6: RES | W6: =SUM(V50:V89) -> 0 | Z6: RES | AA6: =SUM(Z50:Z89) -> 0
B7: HAZ | C7: =SUM(B93:B132) -> 0 | F7: HAZ | G7: =SUM(F93:F132) -> 0 | J7: HAZ | K7: =SUM(J93:J132) -> 0 | N7: HAZ | O7: =SUM(N93:N132) -> 0 | R7: HAZ | S7: =SUM(R93:R132) -> 0 | V7: HAZ | W7: =SUM(V93:V132) -> 0 | Z7: HAZ | AA7: =SUM(Z93:Z132) -> 0
B8: Sideboard | C8: =SUM(B136:B175) -> 0 | F8: Sideboard | G8: =SUM(F136:F175) -> 0 | J8: Sideboard | K8: =SUM(J136:J175) -> 0 | N8: Sideboard | O8: =SUM(N136:N175) -> 0 | R8: Sideboard | S8: =SUM(R136:R175) -> 0 | V8: Sideboard | W8: =SUM(V136:V175) -> 0 | Z8: Sideboard | AA8: =SUM(Z136:Z175) -> 0
B9: FW-DC-SB | C9: =SUM(B179:B198) -> 0 | F9: FW-DC-SB | G9: =SUM(F179:F198) -> 0 | J9: FW-DC-SB | K9: =SUM(J179:J198) -> 0 | N9: FW-DC-SB | O9: =SUM(N179:N198) -> 0 | R9: FW-DC-SB | S9: =SUM(R179:R198) -> 0 | V9: FW-DC-SB | W9: =SUM(V179:V198) -> 0 | Z9: FW-DC-SB | AA9: =SUM(Z179:Z198) -> 0
C10: ="deck count: "&SUM(B50:B89)+SUM(B93:B132)+SUM(B32:B46) -> deck count: 0 | G10: ="deck count: "&SUM(F50:F89)+SUM(F93:F132)+SUM(F32:F46) -> deck count: 0 | K10: ="deck count: "&SUM(J50:J89)+SUM(J93:J132)+SUM(J32:J46) -> deck count: 0 | O10: ="deck count: "&SUM(N50:N89)+SUM(N93:N132)+SUM(N32:N46) -> deck count: 0 | S10: ="deck count: "&SUM(R50:R89)+SUM(R93:R132)+SUM(R32:R46) -> deck count: 0 | W10: ="deck count: "&SUM(V50:V89)+SUM(V93:V132)+SUM(V32:V46) -> deck count: 0 | AA10: ="deck count: "&SUM(Z50:Z89)+SUM(Z93:Z132)+SUM(Z32:Z46) -> deck count: 0
B11: POOL | C11: POOL | F11: POOL | G11: POOL | J11: POOL | K11: POOL | N11: POOL | O11: POOL | R11: POOL | S11: POOL | V11: POOL | W11: POOL | Z11: POOL | AA11: POOL
B12: ="Qty: "&SUM(B13:B27) -> Qty: 0 | F12: ="Qty: "&SUM(F13:F27) -> Qty: 0 | J12: ="Qty: "&SUM(J13:J27) -> Qty: 0 | N12: ="Qty: "&SUM(N13:N27) -> Qty: 0 | R12: ="Qty: "&SUM(R13:R27) -> Qty: 0 | V12: ="Qty: "&SUM(V13:V27) -> Qty: 0 | Z12: ="Qty: "&SUM(Z13:Z27) -> Qty: 0
B13: =IF(LEN(C13) < 3,0,VALUE(LEFT(C13,1))) -> 0 | D13: =IFERROR(VLOOKUP(RIGHT(C13,LEN(C13)-2),'cards-dc.json'!$C:$E,3,FALSE),"") | F13: =IF(LEN(G13) < 3,0,VALUE(LEFT(G13,1))) -> 0 | H13: =IFERROR(VLOOKUP(RIGHT(G13,LEN(G13)-2),'cards-dc.json'!$C:$E,3,FALSE),"") | J13: =IF(LEN(K13) < 3,0,VALUE(LEFT(K13,1))) -> 0 | L13: =IFERROR(VLOOKUP(RIGHT(K13,LEN(K13)-2),'cards-dc.json'!$C:$E,3,FALSE),"") | N13: =IF(LEN(O13) < 3,0,VALUE(LEFT(O13,1))) -> 0 | P13: =IFERROR(VLOOKUP(RIGHT(O13,LEN(O13)-2),'cards-dc.json'!$C:$E,3,FALSE),"") | R13: =IF(LEN(S13) < 3,0,VALUE(LEFT(S13,1))) -> 0 | T13: =IFERROR(VLOOKUP(RIGHT(S13,LEN(S13)-2),'cards-dc.json'!$C:$E,3,FALSE),"") | V13: =IF(LEN(W13) < 3,0,VALUE(LEFT(W13,1))) -> 0 | X13: =IFERROR(VLOOKUP(RIGHT(W13,LEN(W13)-2),'cards-dc.json'!$C:$E,3,FALSE),"") | Z13: =IF(LEN(AA13) < 3,0,VALUE(LEFT(AA13,1))) -> 0 | AB13: =IFERROR(VLOOKUP(RIGHT(AA13,LEN(AA13)-2),'cards-dc.json'!$C:$E,3,FALSE),"")
B14: =IF(LEN(C14) < 3,0,VALUE(LEFT(C14,1))) -> 0 | D14: =IFERROR(VLOOKUP(RIGHT(C14,LEN(C14)-2),'cards-dc.json'!$C:$E,3,FALSE),"") | F14: =IF(LEN(G14) < 3,0,VALUE(LEFT(G14,1))) -> 0 | H14: =IFERROR(VLOOKUP(RIGHT(G14,LEN(G14)-2),'cards-dc.json'!$C:$E,3,FALSE),"") | J14: =IF(LEN(K14) < 3,0,VALUE(LEFT(K14,1))) -> 0 | L14: =IFERROR(VLOOKUP(RIGHT(K14,LEN(K14)-2),'cards-dc.json'!$C:$E,3,FALSE),"") | N14: =IF(LEN(O14) < 3,0,VALUE(LEFT(O14,1))) -> 0 | P14: =IFERROR(VLOOKUP(RIGHT(O14,LEN(O14)-2),'cards-dc.json'!$C:$E,3,FALSE),"") | R14: =IF(LEN(S14) < 3,0,VALUE(LEFT(S14,1))) -> 0 | T14: =IFERROR(VLOOKUP(RIGHT(S14,LEN(S14)-2),'cards-dc.json'!$C:$E,3,FALSE),"") | V14: =IF(LEN(W14) < 3,0,VALUE(LEFT(W14,1))) -> 0 | X14: =IFERROR(VLOOKUP(RIGHT(W14,LEN(W14)-2),'cards-dc.json'!$C:$E,3,FALSE),"") | Z14: =IF(LEN(AA14) < 3,0,VALUE(LEFT(AA14,1))) -> 0 | AB14: =IFERROR(VLOOKUP(RIGHT(AA14,LEN(AA14)-2),'cards-dc.json'!$C:$E,3,FALSE),"")
B15: =IF(LEN(C15) < 3,0,VALUE(LEFT(C15,1))) -> 0 | D15: =IFERROR(VLOOKUP(RIGHT(C15,LEN(C15)-2),'cards-dc.json'!$C:$E,3,FALSE),"") | F15: =IF(LEN(G15) < 3,0,VALUE(LEFT(G15,1))) -> 0 | H15: =IFERROR(VLOOKUP(RIGHT(G15,LEN(G15)-2),'cards-dc.json'!$C:$E,3,FALSE),"") | J15: =IF(LEN(K15) < 3,0,VALUE(LEFT(K15,1))) -> 0 | L15: =IFERROR(VLOOKUP(RIGHT(K15,LEN(K15)-2),'cards-dc.json'!$C:$E,3,FALSE),"") | N15: =IF(LEN(O15) < 3,0,VALUE(LEFT(O15,1))) -> 0 | P15: =IFERROR(VLOOKUP(RIGHT(O15,LEN(O15)-2),'cards-dc.json'!$C:$E,3,FALSE),"") | R15: =IF(LEN(S15) < 3,0,VALUE(LEFT(S15,1))) -> 0 | T15: =IFERROR(VLOOKUP(RIGHT(S15,LEN(S15)-2),'cards-dc.json'!$C:$E,3,FALSE),"") | V15: =IF(LEN(W15) < 3,0,VALUE(LEFT(W15,1))) -> 0 | X15: =IFERROR(VLOOKUP(RIGHT(W15,LEN(W15)-2),'cards-dc.json'!$C:$E,3,FALSE),"") | Z15: =IF(LEN(AA15) < 3,0,VALUE(LEFT(AA15,1))) -> 0 | AB15: =IFERROR(VLOOKUP(RIGHT(AA15,LEN(AA15)-2),'cards-dc.json'!$C:$E,3,FALSE),"")
B16: =IF(LEN(C16) < 3,0,VALUE(LEFT(C16,1))) -> 0 | D16: =IFERROR(VLOOKUP(RIGHT(C16,LEN(C16)-2),'cards-dc.json'!$C:$E,3,FALSE),"") | F16: =IF(LEN(G16) < 3,0,VALUE(LEFT(G16,1))) -> 0 | H16: =IFERROR(VLOOKUP(RIGHT(G16,LEN(G16)-2),'cards-dc.json'!$C:$E,3,FALSE),"") | J16: =IF(LEN(K16) < 3,0,VALUE(LEFT(K16,1))) -> 0 | L16: =IFERROR(VLOOKUP(RIGHT(K16,LEN(K16)-2),'cards-dc.json'!$C:$E,3,FALSE),"") | N16: =IF(LEN(O16) < 3,0,VALUE(LEFT(O16,1))) -> 0 | P16: =IFERROR(VLOOKUP(RIGHT(O16,LEN(O16)-2),'cards-dc.json'!$C:$E,3,FALSE),"") | R16: =IF(LEN(S16) < 3,0,VALUE(LEFT(S16,1))) -> 0 | T16: =IFERROR(VLOOKUP(RIGHT(S16,LEN(S16)-2),'cards-dc.json'!$C:$E,3,FALSE),"") | V16: =IF(LEN(W16) < 3,0,VALUE(LEFT(W16,1))) -> 0 | X16: =IFERROR(VLOOKUP(RIGHT(W16,LEN(W16)-2),'cards-dc.json'!$C:$E,3,FALSE),"") | Z16: =IF(LEN(AA16) < 3,0,VALUE(LEFT(AA16,1))) -> 0 | AB16: =IFERROR(VLOOKUP(RIGHT(AA16,LEN(AA16)-2),'cards-dc.json'!$C:$E,3,FALSE),"")
B17: =IF(LEN(C17) < 3,0,VALUE(LEFT(C17,1))) -> 0 | D17: =IFERROR(VLOOKUP(RIGHT(C17,LEN(C17)-2),'cards-dc.json'!$C:$E,3,FALSE),"") | F17: =IF(LEN(G17) < 3,0,VALUE(LEFT(G17,1))) -> 0 | H17: =IFERROR(VLOOKUP(RIGHT(G17,LEN(G17)-2),'cards-dc.json'!$C:$E,3,FALSE),"") | J17: =IF(LEN(K17) < 3,0,VALUE(LEFT(K17,1))) -> 0 | L17: =IFERROR(VLOOKUP(RIGHT(K17,LEN(K17)-2),'cards-dc.json'!$C:$E,3,FALSE),"") | N17: =IF(LEN(O17) < 3,0,VALUE(LEFT(O17,1))) -> 0 | P17: =IFERROR(VLOOKUP(RIGHT(O17,LEN(O17)-2),'cards-dc.json'!$C:$E,3,FALSE),"") | R17: =IF(LEN(S17) < 3,0,VALUE(LEFT(S17,1))) -> 0 | T17: =IFERROR(VLOOKUP(RIGHT(S17,LEN(S17)-2),'cards-dc.json'!$C:$E,3,FALSE),"") | V17: =IF(LEN(W17) < 3,0,VALUE(LEFT(W17,1))) -> 0 | X17: =IFERROR(VLOOKUP(RIGHT(W17,LEN(W17)-2),'cards-dc.json'!$C:$E,3,FALSE),"") | Z17: =IF(LEN(AA17) < 3,0,VALUE(LEFT(AA17,1))) -> 0 | AB17: =IFERROR(VLOOKUP(RIGHT(AA17,LEN(AA17)-2),'cards-dc.json'!$C:$E,3,FALSE),"")
B18: =IF(LEN(C18) < 3,0,VALUE(LEFT(C18,1))) -> 0 | D18: =IFERROR(VLOOKUP(RIGHT(C18,LEN(C18)-2),'cards-dc.json'!$C:$E,3,FALSE),"") | F18: =IF(LEN(G18) < 3,0,VALUE(LEFT(G18,1))) -> 0 | H18: =IFERROR(VLOOKUP(RIGHT(G18,LEN(G18)-2),'cards-dc.json'!$C:$E,3,FALSE),"") | J18: =IF(LEN(K18) < 3,0,VALUE(LEFT(K18,1))) -> 0 | L18: =IFERROR(VLOOKUP(RIGHT(K18,LEN(K18)-2),'cards-dc.json'!$C:$E,3,FALSE),"") | N18: =IF(LEN(O18) < 3,0,VALUE(LEFT(O18,1))) -> 0 | P18: =IFERROR(VLOOKUP(RIGHT(O18,LEN(O18)-2),'cards-dc.json'!$C:$E,3,FALSE),"") | R18: =IF(LEN(S18) < 3,0,VALUE(LEFT(S18,1))) -> 0 | T18: =IFERROR(VLOOKUP(RIGHT(S18,LEN(S18)-2),'cards-dc.json'!$C:$E,3,FALSE),"") | V18: =IF(LEN(W18) < 3,0,VALUE(LEFT(W18,1))) -> 0 | X18: =IFERROR(VLOOKUP(RIGHT(W18,LEN(W18)-2),'cards-dc.json'!$C:$E,3,FALSE),"") | Z18: =IF(LEN(AA18) < 3,0,VALUE(LEFT(AA18,1))) -> 0 | AB18: =IFERROR(VLOOKUP(RIGHT(AA18,LEN(AA18)-2),'cards-dc.json'!$C:$E,3,FALSE),"")
B19: =IF(LEN(C19) < 3,0,VALUE(LEFT(C19,1))) -> 0 | D19: =IFERROR(VLOOKUP(RIGHT(C19,LEN(C19)-2),'cards-dc.json'!$C:$E,3,FALSE),"") | F19: =IF(LEN(G19) < 3,0,VALUE(LEFT(G19,1))) -> 0 | H19: =IFERROR(VLOOKUP(RIGHT(G19,LEN(G19)-2),'cards-dc.json'!$C:$E,3,FALSE),"") | J19: =IF(LEN(K19) < 3,0,VALUE(LEFT(K19,1))) -> 0 | L19: =IFERROR(VLOOKUP(RIGHT(K19,LEN(K19)-2),'cards-dc.json'!$C:$E,3,FALSE),"") | N19: =IF(LEN(O19) < 3,0,VALUE(LEFT(O19,1))) -> 0 | P19: =IFERROR(VLOOKUP(RIGHT(O19,LEN(O19)-2),'cards-dc.json'!$C:$E,3,FALSE),"") | R19: =IF(LEN(S19) < 3,0,VALUE(LEFT(S19,1))) -> 0 | T19: =IFERROR(VLOOKUP(RIGHT(S19,LEN(S19)-2),'cards-dc.json'!$C:$E,3,FALSE),"") | V19: =IF(LEN(W19) < 3,0,VALUE(LEFT(W19,1))) -> 0 | X19: =IFERROR(VLOOKUP(RIGHT(W19,LEN(W19)-2),'cards-dc.json'!$C:$E,3,FALSE),"") | Z19: =IF(LEN(AA19) < 3,0,VALUE(LEFT(AA19,1))) -> 0 | AB19: =IFERROR(VLOOKUP(RIGHT(AA19,LEN(AA19)-2),'cards-dc.json'!$C:$E,3,FALSE),"")
B20: =IF(LEN(C20) < 3,0,VALUE(LEFT(C20,1))) -> 0 | D20: =IFERROR(VLOOKUP(RIGHT(C20,LEN(C20)-2),'cards-dc.json'!$C:$E,3,FALSE),"") | F20: =IF(LEN(G20) < 3,0,VALUE(LEFT(G20,1))) -> 0 | H20: =IFERROR(VLOOKUP(RIGHT(G20,LEN(G20)-2),'cards-dc.json'!$C:$E,3,FALSE),"") | J20: =IF(LEN(K20) < 3,0,VALUE(LEFT(K20,1))) -> 0 | L20: =IFERROR(VLOOKUP(RIGHT(K20,LEN(K20)-2),'cards-dc.json'!$C:$E,3,FALSE),"") | N20: =IF(LEN(O20) < 3,0,VALUE(LEFT(O20,1))) -> 0 | P20: =IFERROR(VLOOKUP(RIGHT(O20,LEN(O20)-2),'cards-dc.json'!$C:$E,3,FALSE),"") | R20: =IF(LEN(S20) < 3,0,VALUE(LEFT(S20,1))) -> 0 | T20: =IFERROR(VLOOKUP(RIGHT(S20,LEN(S20)-2),'cards-dc.json'!$C:$E,3,FALSE),"") | V20: =IF(LEN(W20) < 3,0,VALUE(LEFT(W20,1))) -> 0 | X20: =IFERROR(VLOOKUP(RIGHT(W20,LEN(W20)-2),'cards-dc.json'!$C:$E,3,FALSE),"") | Z20: =IF(LEN(AA20) < 3,0,VALUE(LEFT(AA20,1))) -> 0 | AB20: =IFERROR(VLOOKUP(RIGHT(AA20,LEN(AA20)-2),'cards-dc.json'!$C:$E,3,FALSE),"")
B21: =IF(LEN(C21) < 3,0,VALUE(LEFT(C21,1))) -> 0 | D21: =IFERROR(VLOOKUP(RIGHT(C21,LEN(C21)-2),'cards-dc.json'!$C:$E,3,FALSE),"") | F21: =IF(LEN(G21) < 3,0,VALUE(LEFT(G21,1))) -> 0 | H21: =IFERROR(VLOOKUP(RIGHT(G21,LEN(G21)-2),'cards-dc.json'!$C:$E,3,FALSE),"") | J21: =IF(LEN(K21) < 3,0,VALUE(LEFT(K21,1))) -> 0 | L21: =IFERROR(VLOOKUP(RIGHT(K21,LEN(K21)-2),'cards-dc.json'!$C:$E,3,FALSE),"") | N21: =IF(LEN(O21) < 3,0,VALUE(LEFT(O21,1))) -> 0 | P21: =IFERROR(VLOOKUP(RIGHT(O21,LEN(O21)-2),'cards-dc.json'!$C:$E,3,FALSE),"") | R21: =IF(LEN(S21) < 3,0,VALUE(LEFT(S21,1))) -> 0 | T21: =IFERROR(VLOOKUP(RIGHT(S21,LEN(S21)-2),'cards-dc.json'!$C:$E,3,FALSE),"") | V21: =IF(LEN(W21) < 3,0,VALUE(LEFT(W21,1))) -> 0 | X21: =IFERROR(VLOOKUP(RIGHT(W21,LEN(W21)-2),'cards-dc.json'!$C:$E,3,FALSE),"") | Z21: =IF(LEN(AA21) < 3,0,VALUE(LEFT(AA21,1))) -> 0 | AB21: =IFERROR(VLOOKUP(RIGHT(AA21,LEN(AA21)-2),'cards-dc.json'!$C:$E,3,FALSE),"")
B22: =IF(LEN(C22) < 3,0,VALUE(LEFT(C22,1))) -> 0 | D22: =IFERROR(VLOOKUP(RIGHT(C22,LEN(C22)-2),'cards-dc.json'!$C:$E,3,FALSE),"") | F22: =IF(LEN(G22) < 3,0,VALUE(LEFT(G22,1))) -> 0 | H22: =IFERROR(VLOOKUP(RIGHT(G22,LEN(G22)-2),'cards-dc.json'!$C:$E,3,FALSE),"") | J22: =IF(LEN(K22) < 3,0,VALUE(LEFT(K22,1))) -> 0 | L22: =IFERROR(VLOOKUP(RIGHT(K22,LEN(K22)-2),'cards-dc.json'!$C:$E,3,FALSE),"") | N22: =IF(LEN(O22) < 3,0,VALUE(LEFT(O22,1))) -> 0 | P22: =IFERROR(VLOOKUP(RIGHT(O22,LEN(O22)-2),'cards-dc.json'!$C:$E,3,FALSE),"") | R22: =IF(LEN(S22) < 3,0,VALUE(LEFT(S22,1))) -> 0 | T22: =IFERROR(VLOOKUP(RIGHT(S22,LEN(S22)-2),'cards-dc.json'!$C:$E,3,FALSE),"") | V22: =IF(LEN(W22) < 3,0,VALUE(LEFT(W22,1))) -> 0 | X22: =IFERROR(VLOOKUP(RIGHT(W22,LEN(W22)-2),'cards-dc.json'!$C:$E,3,FALSE),"") | Z22: =IF(LEN(AA22) < 3,0,VALUE(LEFT(AA22,1))) -> 0 | AB22: =IFERROR(VLOOKUP(RIGHT(AA22,LEN(AA22)-2),'cards-dc.json'!$C:$E,3,FALSE),"")
B23: =IF(LEN(C23) < 3,0,VALUE(LEFT(C23,1))) -> 0 | D23: =IFERROR(VLOOKUP(RIGHT(C23,LEN(C23)-2),'cards-dc.json'!$C:$E,3,FALSE),"") | F23: =IF(LEN(G23) < 3,0,VALUE(LEFT(G23,1))) -> 0 | H23: =IFERROR(VLOOKUP(RIGHT(G23,LEN(G23)-2),'cards-dc.json'!$C:$E,3,FALSE),"") | J23: =IF(LEN(K23) < 3,0,VALUE(LEFT(K23,1))) -> 0 | L23: =IFERROR(VLOOKUP(RIGHT(K23,LEN(K23)-2),'cards-dc.json'!$C:$E,3,FALSE),"") | N23: =IF(LEN(O23) < 3,0,VALUE(LEFT(O23,1))) -> 0 | P23: =IFERROR(VLOOKUP(RIGHT(O23,LEN(O23)-2),'cards-dc.json'!$C:$E,3,FALSE),"") | R23: =IF(LEN(S23) < 3,0,VALUE(LEFT(S23,1))) -> 0 | T23: =IFERROR(VLOOKUP(RIGHT(S23,LEN(S23)-2),'cards-dc.json'!$C:$E,3,FALSE),"") | V23: =IF(LEN(W23) < 3,0,VALUE(LEFT(W23,1))) -> 0 | X23: =IFERROR(VLOOKUP(RIGHT(W23,LEN(W23)-2),'cards-dc.json'!$C:$E,3,FALSE),"") | Z23: =IF(LEN(AA23) < 3,0,VALUE(LEFT(AA23,1))) -> 0 | AB23: =IFERROR(VLOOKUP(RIGHT(AA23,LEN(AA23)-2),'cards-dc.json'!$C:$E,3,FALSE),"")
B24: =IF(LEN(C24) < 3,0,VALUE(LEFT(C24,1))) -> 0 | D24: =IFERROR(VLOOKUP(RIGHT(C24,LEN(C24)-2),'cards-dc.json'!$C:$E,3,FALSE),"") | F24: =IF(LEN(G24) < 3,0,VALUE(LEFT(G24,1))) -> 0 | H24: =IFERROR(VLOOKUP(RIGHT(G24,LEN(G24)-2),'cards-dc.json'!$C:$E,3,FALSE),"") | J24: =IF(LEN(K24) < 3,0,VALUE(LEFT(K24,1))) -> 0 | L24: =IFERROR(VLOOKUP(RIGHT(K24,LEN(K24)-2),'cards-dc.json'!$C:$E,3,FALSE),"") | N24: =IF(LEN(O24) < 3,0,VALUE(LEFT(O24,1))) -> 0 | P24: =IFERROR(VLOOKUP(RIGHT(O24,LEN(O24)-2),'cards-dc.json'!$C:$E,3,FALSE),"") | R24: =IF(LEN(S24) < 3,0,VALUE(LEFT(S24,1))) -> 0 | T24: =IFERROR(VLOOKUP(RIGHT(S24,LEN(S24)-2),'cards-dc.json'!$C:$E,3,FALSE),"") | V24: =IF(LEN(W24) < 3,0,VALUE(LEFT(W24,1))) -> 0 | X24: =IFERROR(VLOOKUP(RIGHT(W24,LEN(W24)-2),'cards-dc.json'!$C:$E,3,FALSE),"") | Z24: =IF(LEN(AA24) < 3,0,VALUE(LEFT(AA24,1))) -> 0 | AB24: =IFERROR(VLOOKUP(RIGHT(AA24,LEN(AA24)-2),'cards-dc.json'!$C:$E,3,FALSE),"")
... B28: =IF(LEN(C28) < 3,0,VALUE(LEFT(C28,1))) -> 0 | D28: =IFERROR(VLOOKUP(RIGHT(C28,LEN(C28)-2),'cards-dc.json'!$C:$E,3,FALSE),"") | F28: =IF(LEN(G28) < 3,0,VALUE(LEFT(G28,1))) -> 0 | H28: =IFERROR(VLOOKUP(RIGHT(G28,LEN(G28)-2),'cards-dc.json'!$C:$E,3,FALSE),"") | J28: =IF(LEN(K28) < 3,0,VALUE(LEFT(K28,1))) -> 0 | L28: =IFERROR(VLOOKUP(RIGHT(K28,LEN(K28)-2),'cards-dc.json'!$C:$E,3,FALSE),"") | N28: =IF(LEN(O28) < 3,0,VALUE(LEFT(O28,1))) -> 0 | P28: =IFERROR(VLOOKUP(RIGHT(O28,LEN(O28)-2),'cards-dc.json'!$C:$E,3,FALSE),"") | R28: =IF(LEN(S28) < 3,0,VALUE(LEFT(S28,1))) -> 0 | T28: =IFERROR(VLOOKUP(RIGHT(S28,LEN(S28)-2),'cards-dc.json'!$C:$E,3,FALSE),"") | V28: =IF(LEN(W28) < 3,0,VALUE(LEFT(W28,1))) -> 0 | X28: =IFERROR(VLOOKUP(RIGHT(W28,LEN(W28)-2),'cards-dc.json'!$C:$E,3,FALSE),"") | Z28: =IF(LEN(AA28) < 3,0,VALUE(LEFT(AA28,1))) -> 0 | AB28: =IFERROR(VLOOKUP(RIGHT(AA28,LEN(AA28)-2),'cards-dc.json'!$C:$E,3,FALSE),"")
B30: CHARACTER | C30: CHARACTERS | F30: CHARACTER | G30: CHARACTERS | J30: CHARACTER | K30: CHARACTERS | N30: CHARACTER | O30: CHARACTERS | R30: CHARACTER | S30: CHARACTERS | V30: CHARACTER | W30: CHARACTERS | Z30: CHARACTER | AA30: CHARACTERS
B31: ="Qty: "&SUM(B32:B46) -> Qty: 0 | F31: ="Qty: "&SUM(F32:F46) -> Qty: 0 | J31: ="Qty: "&SUM(J32:J46) -> Qty: 0 | N31: ="Qty: "&SUM(N32:N46) -> Qty: 0 | R31: ="Qty: "&SUM(R32:R46) -> Qty: 0 | V31: ="Qty: "&SUM(V32:V46) -> Qty: 0 | Z31: ="Qty: "&SUM(Z32:Z46) -> Qty: 0
B32: =IF(LEN(C32) < 3,0,VALUE(LEFT(C32,1))) -> 0 | D32: =IFERROR(VLOOKUP(RIGHT(C32,LEN(C32)-2),'cards-dc.json'!$C:$E,3,FALSE),"") | F32: =IF(LEN(G32) < 3,0,VALUE(LEFT(G32,1))) -> 0 | H32: =IFERROR(VLOOKUP(RIGHT(G32,LEN(G32)-2),'cards-dc.json'!$C:$E,3,FALSE),"") | J32: =IF(LEN(K32) < 3,0,VALUE(LEFT(K32,1))) -> 0 | L32: =IFERROR(VLOOKUP(RIGHT(K32,LEN(K32)-2),'cards-dc.json'!$C:$E,3,FALSE),"") | N32: =IF(LEN(O32) < 3,0,VALUE(LEFT(O32,1))) -> 0 | P32: =IFERROR(VLOOKUP(RIGHT(O32,LEN(O32)-2),'cards-dc.json'!$C:$E,3,FALSE),"") | R32: =IF(LEN(S32) < 3,0,VALUE(LEFT(S32,1))) -> 0 | T32: =IFERROR(VLOOKUP(RIGHT(S32,LEN(S32)-2),'cards-dc.json'!$C:$E,3,FALSE),"") | V32: =IF(LEN(W32) < 3,0,VALUE(LEFT(W32,1))) -> 0 | X32: =IFERROR(VLOOKUP(RIGHT(W32,LEN(W32)-2),'cards-dc.json'!$C:$E,3,FALSE),"") | Z32: =IF(LEN(AA32) < 3,0,VALUE(LEFT(AA32,1))) -> 0 | AB32: =IFERROR(VLOOKUP(RIGHT(AA32,LEN(AA32)-2),'cards-dc.json'!$C:$E,3,FALSE),"")
B33: =IF(LEN(C33) < 3,0,VALUE(LEFT(C33,1))) -> 0 | D33: =IFERROR(VLOOKUP(RIGHT(C33,LEN(C33)-2),'cards-dc.json'!$C:$E,3,FALSE),"") | F33: =IF(LEN(G33) < 3,0,VALUE(LEFT(G33,1))) -> 0 | H33: =IFERROR(VLOOKUP(RIGHT(G33,LEN(G33)-2),'cards-dc.json'!$C:$E,3,FALSE),"") | J33: =IF(LEN(K33) < 3,0,VALUE(LEFT(K33,1))) -> 0 | L33: =IFERROR(VLOOKUP(RIGHT(K33,LEN(K33)-2),'cards-dc.json'!$C:$E,3,FALSE),"") | N33: =IF(LEN(O33) < 3,0,VALUE(LEFT(O33,1))) -> 0 | P33: =IFERROR(VLOOKUP(RIGHT(O33,LEN(O33)-2),'cards-dc.json'!$C:$E,3,FALSE),"") | R33: =IF(LEN(S33) < 3,0,VALUE(LEFT(S33,1))) -> 0 | T33: =IFERROR(VLOOKUP(RIGHT(S33,LEN(S33)-2),'cards-dc.json'!$C:$E,3,FALSE),"") | V33: =IF(LEN(W33) < 3,0,VALUE(LEFT(W33,1))) -> 0 | X33: =IFERROR(VLOOKUP(RIGHT(W33,LEN(W33)-2),'cards-dc.json'!$C:$E,3,FALSE),"") | Z33: =IF(LEN(AA33) < 3,0,VALUE(LEFT(AA33,1))) -> 0 | AB33: =IFERROR(VLOOKUP(RIGHT(AA33,LEN(AA33)-2),'cards-dc.json'!$C:$E,3,FALSE),"")
B34: =IF(LEN(C34) < 3,0,VALUE(LEFT(C34,1))) -> 0 | D34: =IFERROR(VLOOKUP(RIGHT(C34,LEN(C34)-2),'cards-dc.json'!$C:$E,3,FALSE),"") | F34: =IF(LEN(G34) < 3,0,VALUE(LEFT(G34,1))) -> 0 | H34: =IFERROR(VLOOKUP(RIGHT(G34,LEN(G34)-2),'cards-dc.json'!$C:$E,3,FALSE),"") | J34: =IF(LEN(K34) < 3,0,VALUE(LEFT(K34,1))) -> 0 | L34: =IFERROR(VLOOKUP(RIGHT(K34,LEN(K34)-2),'cards-dc.json'!$C:$E,3,FALSE),"") | N34: =IF(LEN(O34) < 3,0,VALUE(LEFT(O34,1))) -> 0 | P34: =IFERROR(VLOOKUP(RIGHT(O34,LEN(O34)-2),'cards-dc.json'!$C:$E,3,FALSE),"") | R34: =IF(LEN(S34) < 3,0,VALUE(LEFT(S34,1))) -> 0 | T34: =IFERROR(VLOOKUP(RIGHT(S34,LEN(S34)-2),'cards-dc.json'!$C:$E,3,FALSE),"") | V34: =IF(LEN(W34) < 3,0,VALUE(LEFT(W34,1))) -> 0 | X34: =IFERROR(VLOOKUP(RIGHT(W34,LEN(W34)-2),'cards-dc.json'!$C:$E,3,FALSE),"") | Z34: =IF(LEN(AA34) < 3,0,VALUE(LEFT(AA34,1))) -> 0 | AB34: =IFERROR(VLOOKUP(RIGHT(AA34,LEN(AA34)-2),'cards-dc.json'!$C:$E,3,FALSE),"")
B35: =IF(LEN(C35) < 3,0,VALUE(LEFT(C35,1))) -> 0 | D35: =IFERROR(VLOOKUP(RIGHT(C35,LEN(C35)-2),'cards-dc.json'!$C:$E,3,FALSE),"") | F35: =IF(LEN(G35) < 3,0,VALUE(LEFT(G35,1))) -> 0 | H35: =IFERROR(VLOOKUP(RIGHT(G35,LEN(G35)-2),'cards-dc.json'!$C:$E,3,FALSE),"") | J35: =IF(LEN(K35) < 3,0,VALUE(LEFT(K35,1))) -> 0 | L35: =IFERROR(VLOOKUP(RIGHT(K35,LEN(K35)-2),'cards-dc.json'!$C:$E,3,FALSE),"") | N35: =IF(LEN(O35) < 3,0,VALUE(LEFT(O35,1))) -> 0 | P35: =IFERROR(VLOOKUP(RIGHT(O35,LEN(O35)-2),'cards-dc.json'!$C:$E,3,FALSE),"") | R35: =IF(LEN(S35) < 3,0,VALUE(LEFT(S35,1))) -> 0 | T35: =IFERROR(VLOOKUP(RIGHT(S35,LEN(S35)-2),'cards-dc.json'!$C:$E,3,FALSE),"") | V35: =IF(LEN(W35) < 3,0,VALUE(LEFT(W35,1))) -> 0 | X35: =IFERROR(VLOOKUP(RIGHT(W35,LEN(W35)-2),'cards-dc.json'!$C:$E,3,FALSE),"") | Z35: =IF(LEN(AA35) < 3,0,VALUE(LEFT(AA35,1))) -> 0 | AB35: =IFERROR(VLOOKUP(RIGHT(AA35,LEN(AA35)-2),'cards-dc.json'!$C:$E,3,FALSE),"")
B36: =IF(LEN(C36) < 3,0,VALUE(LEFT(C36,1))) -> 0 | D36: =IFERROR(VLOOKUP(RIGHT(C36,LEN(C36)-2),'cards-dc.json'!$C:$E,3,FALSE),"") | F36: =IF(LEN(G36) < 3,0,VALUE(LEFT(G36,1))) -> 0 | H36: =IFERROR(VLOOKUP(RIGHT(G36,LEN(G36)-2),'cards-dc.json'!$C:$E,3,FALSE),"") | J36: =IF(LEN(K36) < 3,0,VALUE(LEFT(K36,1))) -> 0 | L36: =IFERROR(VLOOKUP(RIGHT(K36,LEN(K36)-2),'cards-dc.json'!$C:$E,3,FALSE),"") | N36: =IF(LEN(O36) < 3,0,VALUE(LEFT(O36,1))) -> 0 | P36: =IFERROR(VLOOKUP(RIGHT(O36,LEN(O36)-2),'cards-dc.json'!$C:$E,3,FALSE),"") | R36: =IF(LEN(S36) < 3,0,VALUE(LEFT(S36,1))) -> 0 | T36: =IFERROR(VLOOKUP(RIGHT(S36,LEN(S36)-2),'cards-dc.json'!$C:$E,3,FALSE),"") | V36: =IF(LEN(W36) < 3,0,VALUE(LEFT(W36,1))) -> 0 | X36: =IFERROR(VLOOKUP(RIGHT(W36,LEN(W36)-2),'cards-dc.json'!$C:$E,3,FALSE),"") | Z36: =IF(LEN(AA36) < 3,0,VALUE(LEFT(AA36,1))) -> 0 | AB36: =IFERROR(VLOOKUP(RIGHT(AA36,LEN(AA36)-2),'cards-dc.json'!$C:$E,3,FALSE),"")
B37: =IF(LEN(C37) < 3,0,VALUE(LEFT(C37,1))) -> 0 | D37: =IFERROR(VLOOKUP(RIGHT(C37,LEN(C37)-2),'cards-dc.json'!$C:$E,3,FALSE),"") | F37: =IF(LEN(G37) < 3,0,VALUE(LEFT(G37,1))) -> 0 | H37: =IFERROR(VLOOKUP(RIGHT(G37,LEN(G37)-2),'cards-dc.json'!$C:$E,3,FALSE),"") | J37: =IF(LEN(K37) < 3,0,VALUE(LEFT(K37,1))) -> 0 | L37: =IFERROR(VLOOKUP(RIGHT(K37,LEN(K37)-2),'cards-dc.json'!$C:$E,3,FALSE),"") | N37: =IF(LEN(O37) < 3,0,VALUE(LEFT(O37,1))) -> 0 | P37: =IFERROR(VLOOKUP(RIGHT(O37,LEN(O37)-2),'cards-dc.json'!$C:$E,3,FALSE),"") | R37: =IF(LEN(S37) < 3,0,VALUE(LEFT(S37,1))) -> 0 | T37: =IFERROR(VLOOKUP(RIGHT(S37,LEN(S37)-2),'cards-dc.json'!$C:$E,3,FALSE),"") | V37: =IF(LEN(W37) < 3,0,VALUE(LEFT(W37,1))) -> 0 | X37: =IFERROR(VLOOKUP(RIGHT(W37,LEN(W37)-2),'cards-dc.json'!$C:$E,3,FALSE),"") | Z37: =IF(LEN(AA37) < 3,0,VALUE(LEFT(AA37,1))) -> 0 | AB37: =IFERROR(VLOOKUP(RIGHT(AA37,LEN(AA37)-2),'cards-dc.json'!$C:$E,3,FALSE),"")
B38: =IF(LEN(C38) < 3,0,VALUE(LEFT(C38,1))) -> 0 | D38: =IFERROR(VLOOKUP(RIGHT(C38,LEN(C38)-2),'cards-dc.json'!$C:$E,3,FALSE),"") | F38: =IF(LEN(G38) < 3,0,VALUE(LEFT(G38,1))) -> 0 | H38: =IFERROR(VLOOKUP(RIGHT(G38,LEN(G38)-2),'cards-dc.json'!$C:$E,3,FALSE),"") | J38: =IF(LEN(K38) < 3,0,VALUE(LEFT(K38,1))) -> 0 | L38: =IFERROR(VLOOKUP(RIGHT(K38,LEN(K38)-2),'cards-dc.json'!$C:$E,3,FALSE),"") | N38: =IF(LEN(O38) < 3,0,VALUE(LEFT(O38,1))) -> 0 | P38: =IFERROR(VLOOKUP(RIGHT(O38,LEN(O38)-2),'cards-dc.json'!$C:$E,3,FALSE),"") | R38: =IF(LEN(S38) < 3,0,VALUE(LEFT(S38,1))) -> 0 | T38: =IFERROR(VLOOKUP(RIGHT(S38,LEN(S38)-2),'cards-dc.json'!$C:$E,3,FALSE),"") | V38: =IF(LEN(W38) < 3,0,VALUE(LEFT(W38,1))) -> 0 | X38: =IFERROR(VLOOKUP(RIGHT(W38,LEN(W38)-2),'cards-dc.json'!$C:$E,3,FALSE),"") | Z38: =IF(LEN(AA38) < 3,0,VALUE(LEFT(AA38,1))) -> 0 | AB38: =IFERROR(VLOOKUP(RIGHT(AA38,LEN(AA38)-2),'cards-dc.json'!$C:$E,3,FALSE),"")
B39: =IF(LEN(C39) < 3,0,VALUE(LEFT(C39,1))) -> 0 | D39: =IFERROR(VLOOKUP(RIGHT(C39,LEN(C39)-2),'cards-dc.json'!$C:$E,3,FALSE),"") | F39: =IF(LEN(G39) < 3,0,VALUE(LEFT(G39,1))) -> 0 | H39: =IFERROR(VLOOKUP(RIGHT(G39,LEN(G39)-2),'cards-dc.json'!$C:$E,3,FALSE),"") | J39: =IF(LEN(K39) < 3,0,VALUE(LEFT(K39,1))) -> 0 | L39: =IFERROR(VLOOKUP(RIGHT(K39,LEN(K39)-2),'cards-dc.json'!$C:$E,3,FALSE),"") | N39: =IF(LEN(O39) < 3,0,VALUE(LEFT(O39,1))) -> 0 | P39: =IFERROR(VLOOKUP(RIGHT(O39,LEN(O39)-2),'cards-dc.json'!$C:$E,3,FALSE),"") | R39: =IF(LEN(S39) < 3,0,VALUE(LEFT(S39,1))) -> 0 | T39: =IFERROR(VLOOKUP(RIGHT(S39,LEN(S39)-2),'cards-dc.json'!$C:$E,3,FALSE),"") | V39: =IF(LEN(W39) < 3,0,VALUE(LEFT(W39,1))) -> 0 | X39: =IFERROR(VLOOKUP(RIGHT(W39,LEN(W39)-2),'cards-dc.json'!$C:$E,3,FALSE),"") | Z39: =IF(LEN(AA39) < 3,0,VALUE(LEFT(AA39,1))) -> 0 | AB39: =IFERROR(VLOOKUP(RIGHT(AA39,LEN(AA39)-2),'cards-dc.json'!$C:$E,3,FALSE),"")
B40: =IF(LEN(C40) < 3,0,VALUE(LEFT(C40,1))) -> 0 | D40: =IFERROR(VLOOKUP(RIGHT(C40,LEN(C40)-2),'cards-dc.json'!$C:$E,3,FALSE),"") | F40: =IF(LEN(G40) < 3,0,VALUE(LEFT(G40,1))) -> 0 | H40: =IFERROR(VLOOKUP(RIGHT(G40,LEN(G40)-2),'cards-dc.json'!$C:$E,3,FALSE),"") | J40: =IF(LEN(K40) < 3,0,VALUE(LEFT(K40,1))) -> 0 | L40: =IFERROR(VLOOKUP(RIGHT(K40,LEN(K40)-2),'cards-dc.json'!$C:$E,3,FALSE),"") | N40: =IF(LEN(O40) < 3,0,VALUE(LEFT(O40,1))) -> 0 | P40: =IFERROR(VLOOKUP(RIGHT(O40,LEN(O40)-2),'cards-dc.json'!$C:$E,3,FALSE),"") | R40: =IF(LEN(S40) < 3,0,VALUE(LEFT(S40,1))) -> 0 | T40: =IFERROR(VLOOKUP(RIGHT(S40,LEN(S40)-2),'cards-dc.json'!$C:$E,3,FALSE),"") | V40: =IF(LEN(W40) < 3,0,VALUE(LEFT(W40,1))) -> 0 | X40: =IFERROR(VLOOKUP(RIGHT(W40,LEN(W40)-2),'cards-dc.json'!$C:$E,3,FALSE),"") | Z40: =IF(LEN(AA40) < 3,0,VALUE(LEFT(AA40,1))) -> 0 | AB40: =IFERROR(VLOOKUP(RIGHT(AA40,LEN(AA40)-2),'cards-dc.json'!$C:$E,3,FALSE),"")
B41: =IF(LEN(C41) < 3,0,VALUE(LEFT(C41,1))) -> 0 | D41: =IFERROR(VLOOKUP(RIGHT(C41,LEN(C41)-2),'cards-dc.json'!$C:$E,3,FALSE),"") | F41: =IF(LEN(G41) < 3,0,VALUE(LEFT(G41,1))) -> 0 | H41: =IFERROR(VLOOKUP(RIGHT(G41,LEN(G41)-2),'cards-dc.json'!$C:$E,3,FALSE),"") | J41: =IF(LEN(K41) < 3,0,VALUE(LEFT(K41,1))) -> 0 | L41: =IFERROR(VLOOKUP(RIGHT(K41,LEN(K41)-2),'cards-dc.json'!$C:$E,3,FALSE),"") | N41: =IF(LEN(O41) < 3,0,VALUE(LEFT(O41,1))) -> 0 | P41: =IFERROR(VLOOKUP(RIGHT(O41,LEN(O41)-2),'cards-dc.json'!$C:$E,3,FALSE),"") | R41: =IF(LEN(S41) < 3,0,VALUE(LEFT(S41,1))) -> 0 | T41: =IFERROR(VLOOKUP(RIGHT(S41,LEN(S41)-2),'cards-dc.json'!$C:$E,3,FALSE),"") | V41: =IF(LEN(W41) < 3,0,VALUE(LEFT(W41,1))) -> 0 | X41: =IFERROR(VLOOKUP(RIGHT(W41,LEN(W41)-2),'cards-dc.json'!$C:$E,3,FALSE),"") | Z41: =IF(LEN(AA41) < 3,0,VALUE(LEFT(AA41,1))) -> 0 | AB41: =IFERROR(VLOOKUP(RIGHT(AA41,LEN(AA41)-2),'cards-dc.json'!$C:$E,3,FALSE),"")
B42: =IF(LEN(C42) < 3,0,VALUE(LEFT(C42,1))) -> 0 | D42: =IFERROR(VLOOKUP(RIGHT(C42,LEN(C42)-2),'cards-dc.json'!$C:$E,3,FALSE),"") | F42: =IF(LEN(G42) < 3,0,VALUE(LEFT(G42,1))) -> 0 | H42: =IFERROR(VLOOKUP(RIGHT(G42,LEN(G42)-2),'cards-dc.json'!$C:$E,3,FALSE),"") | J42: =IF(LEN(K42) < 3,0,VALUE(LEFT(K42,1))) -> 0 | L42: =IFERROR(VLOOKUP(RIGHT(K42,LEN(K42)-2),'cards-dc.json'!$C:$E,3,FALSE),"") | N42: =IF(LEN(O42) < 3,0,VALUE(LEFT(O42,1))) -> 0 | P42: =IFERROR(VLOOKUP(RIGHT(O42,LEN(O42)-2),'cards-dc.json'!$C:$E,3,FALSE),"") | R42: =IF(LEN(S42) < 3,0,VALUE(LEFT(S42,1))) -> 0 | T42: =IFERROR(VLOOKUP(RIGHT(S42,LEN(S42)-2),'cards-dc.json'!$C:$E,3,FALSE),"") | V42: =IF(LEN(W42) < 3,0,VALUE(LEFT(W42,1))) -> 0 | X42: =IFERROR(VLOOKUP(RIGHT(W42,LEN(W42)-2),'cards-dc.json'!$C:$E,3,FALSE),"") | Z42: =IF(LEN(AA42) < 3,0,VALUE(LEFT(AA42,1))) -> 0 | AB42: =IFERROR(VLOOKUP(RIGHT(AA42,LEN(AA42)-2),'cards-dc.json'!$C:$E,3,FALSE),"")
B43: =IF(LEN(C43) < 3,0,VALUE(LEFT(C43,1))) -> 0 | D43: =IFERROR(VLOOKUP(RIGHT(C43,LEN(C43)-2),'cards-dc.json'!$C:$E,3,FALSE),"") | F43: =IF(LEN(G43) < 3,0,VALUE(LEFT(G43,1))) -> 0 | H43: =IFERROR(VLOOKUP(RIGHT(G43,LEN(G43)-2),'cards-dc.json'!$C:$E,3,FALSE),"") | J43: =IF(LEN(K43) < 3,0,VALUE(LEFT(K43,1))) -> 0 | L43: =IFERROR(VLOOKUP(RIGHT(K43,LEN(K43)-2),'cards-dc.json'!$C:$E,3,FALSE),"") | N43: =IF(LEN(O43) < 3,0,VALUE(LEFT(O43,1))) -> 0 | P43: =IFERROR(VLOOKUP(RIGHT(O43,LEN(O43)-2),'cards-dc.json'!$C:$E,3,FALSE),"") | R43: =IF(LEN(S43) < 3,0,VALUE(LEFT(S43,1))) -> 0 | T43: =IFERROR(VLOOKUP(RIGHT(S43,LEN(S43)-2),'cards-dc.json'!$C:$E,3,FALSE),"") | V43: =IF(LEN(W43) < 3,0,VALUE(LEFT(W43,1))) -> 0 | X43: =IFERROR(VLOOKUP(RIGHT(W43,LEN(W43)-2),'cards-dc.json'!$C:$E,3,FALSE),"") | Z43: =IF(LEN(AA43) < 3,0,VALUE(LEFT(AA43,1))) -> 0 | AB43: =IFERROR(VLOOKUP(RIGHT(AA43,LEN(AA43)-2),'cards-dc.json'!$C:$E,3,FALSE),"")
... B46: =IF(LEN(C46) < 3,0,VALUE(LEFT(C46,1))) -> 0 | D46: =IFERROR(VLOOKUP(RIGHT(C46,LEN(C46)-2),'cards-dc.json'!$C:$E,3,FALSE),"") | F46: =IF(LEN(G46) < 3,0,VALUE(LEFT(G46,1))) -> 0 | H46: =IFERROR(VLOOKUP(RIGHT(G46,LEN(G46)-2),'cards-dc.json'!$C:$E,3,FALSE),"") | J46: =IF(LEN(K46) < 3,0,VALUE(LEFT(K46,1))) -> 0 | L46: =IFERROR(VLOOKUP(RIGHT(K46,LEN(K46)-2),'cards-dc.json'!$C:$E,3,FALSE),"") | N46: =IF(LEN(O46) < 3,0,VALUE(LEFT(O46,1))) -> 0 | P46: =IFERROR(VLOOKUP(RIGHT(O46,LEN(O46)-2),'cards-dc.json'!$C:$E,3,FALSE),"") | R46: =IF(LEN(S46) < 3,0,VALUE(LEFT(S46,1))) -> 0 | T46: =IFERROR(VLOOKUP(RIGHT(S46,LEN(S46)-2),'cards-dc.json'!$C:$E,3,FALSE),"") | V46: =IF(LEN(W46) < 3,0,VALUE(LEFT(W46,1))) -> 0 | X46: =IFERROR(VLOOKUP(RIGHT(W46,LEN(W46)-2),'cards-dc.json'!$C:$E,3,FALSE),"") | Z46: =IF(LEN(AA46) < 3,0,VALUE(LEFT(AA46,1))) -> 0 | AB46: =IFERROR(VLOOKUP(RIGHT(AA46,LEN(AA46)-2),'cards-dc.json'!$C:$E,3,FALSE),"")
C47: =C$1&" "&C$3 | G47: =G$1&" "&G$3 | K47: =K$1&" "&K$3 | O47: =O$1&" "&O$3 | S47: =S$1&" "&S$3 | W47: =W$1&" "&W$3 | AA47: =AA$1&" "&AA$3
B48: RESOURCES | C48: RESOURCES | F48: RESOURCES | G48: RESOURCES | J48: RESOURCES | K48: RESOURCES | N48: RESOURCES | O48: RESOURCES | R48: RESOURCES | S48: RESOURCES | V48: RESOURCES | W48: RESOURCES | Z48: RESOURCES | AA48: RESOURCES
B49: ="Qty: "&SUM(B50:B89) -> Qty: 0 | F49: ="Qty: "&SUM(F50:F89) -> Qty: 0 | J49: ="Qty: "&SUM(J50:J89) -> Qty: 0 | N49: ="Qty: "&SUM(N50:N89) -> Qty: 0 | R49: ="Qty: "&SUM(R50:R89) -> Qty: 0 | V49: ="Qty: "&SUM(V50:V89) -> Qty: 0 | Z49: ="Qty: "&SUM(Z50:Z89) -> Qty: 0
B50: =IF(LEN(C50) < 3,0,VALUE(LEFT(C50,1))) -> 0 | D50: =IFERROR(VLOOKUP(RIGHT(C50,LEN(C50)-2),'cards-dc.json'!$C:$E,3,FALSE),"") | F50: =IF(LEN(G50) < 3,0,VALUE(LEFT(G50,1))) -> 0 | H50: =IFERROR(VLOOKUP(RIGHT(G50,LEN(G50)-2),'cards-dc.json'!$C:$E,3,FALSE),"") | J50: =IF(LEN(K50) < 3,0,VALUE(LEFT(K50,1))) -> 0 | L50: =IFERROR(VLOOKUP(RIGHT(K50,LEN(K50)-2),'cards-dc.json'!$C:$E,3,FALSE),"") | N50: =IF(LEN(O50) < 3,0,VALUE(LEFT(O50,1))) -> 0 | P50: =IFERROR(VLOOKUP(RIGHT(O50,LEN(O50)-2),'cards-dc.json'!$C:$E,3,FALSE),"") | R50: =IF(LEN(S50) < 3,0,VALUE(LEFT(S50,1))) -> 0 | T50: =IFERROR(VLOOKUP(RIGHT(S50,LEN(S50)-2),'cards-dc.json'!$C:$E,3,FALSE),"") | V50: =IF(LEN(W50) < 3,0,VALUE(LEFT(W50,1))) -> 0 | X50: =IFERROR(VLOOKUP(RIGHT(W50,LEN(W50)-2),'cards-dc.json'!$C:$E,3,FALSE),"") | Z50: =IF(LEN(AA50) < 3,0,VALUE(LEFT(AA50,1))) -> 0 | AB50: =IFERROR(VLOOKUP(RIGHT(AA50,LEN(AA50)-2),'cards-dc.json'!$C:$E,3,FALSE),"")
B51: =IF(LEN(C51) < 3,0,VALUE(LEFT(C51,1))) -> 0 | D51: =IFERROR(VLOOKUP(RIGHT(C51,LEN(C51)-2),'cards-dc.json'!$C:$E,3,FALSE),"") | F51: =IF(LEN(G51) < 3,0,VALUE(LEFT(G51,1))) -> 0 | H51: =IFERROR(VLOOKUP(RIGHT(G51,LEN(G51)-2),'cards-dc.json'!$C:$E,3,FALSE),"") | J51: =IF(LEN(K51) < 3,0,VALUE(LEFT(K51,1))) -> 0 | L51: =IFERROR(VLOOKUP(RIGHT(K51,LEN(K51)-2),'cards-dc.json'!$C:$E,3,FALSE),"") | N51: =IF(LEN(O51) < 3,0,VALUE(LEFT(O51,1))) -> 0 | P51: =IFERROR(VLOOKUP(RIGHT(O51,LEN(O51)-2),'cards-dc.json'!$C:$E,3,FALSE),"") | R51: =IF(LEN(S51) < 3,0,VALUE(LEFT(S51,1))) -> 0 | T51: =IFERROR(VLOOKUP(RIGHT(S51,LEN(S51)-2),'cards-dc.json'!$C:$E,3,FALSE),"") | V51: =IF(LEN(W51) < 3,0,VALUE(LEFT(W51,1))) -> 0 | X51: =IFERROR(VLOOKUP(RIGHT(W51,LEN(W51)-2),'cards-dc.json'!$C:$E,3,FALSE),"") | Z51: =IF(LEN(AA51) < 3,0,VALUE(LEFT(AA51,1))) -> 0 | AB51: =IFERROR(VLOOKUP(RIGHT(AA51,LEN(AA51)-2),'cards-dc.json'!$C:$E,3,FALSE),"")
B52: =IF(LEN(C52) < 3,0,VALUE(LEFT(C52,1))) -> 0 | D52: =IFERROR(VLOOKUP(RIGHT(C52,LEN(C52)-2),'cards-dc.json'!$C:$E,3,FALSE),"") | F52: =IF(LEN(G52) < 3,0,VALUE(LEFT(G52,1))) -> 0 | H52: =IFERROR(VLOOKUP(RIGHT(G52,LEN(G52)-2),'cards-dc.json'!$C:$E,3,FALSE),"") | J52: =IF(LEN(K52) < 3,0,VALUE(LEFT(K52,1))) -> 0 | L52: =IFERROR(VLOOKUP(RIGHT(K52,LEN(K52)-2),'cards-dc.json'!$C:$E,3,FALSE),"") | N52: =IF(LEN(O52) < 3,0,VALUE(LEFT(O52,1))) -> 0 | P52: =IFERROR(VLOOKUP(RIGHT(O52,LEN(O52)-2),'cards-dc.json'!$C:$E,3,FALSE),"") | R52: =IF(LEN(S52) < 3,0,VALUE(LEFT(S52,1))) -> 0 | T52: =IFERROR(VLOOKUP(RIGHT(S52,LEN(S52)-2),'cards-dc.json'!$C:$E,3,FALSE),"") | V52: =IF(LEN(W52) < 3,0,VALUE(LEFT(W52,1))) -> 0 | X52: =IFERROR(VLOOKUP(RIGHT(W52,LEN(W52)-2),'cards-dc.json'!$C:$E,3,FALSE),"") | Z52: =IF(LEN(AA52) < 3,0,VALUE(LEFT(AA52,1))) -> 0 | AB52: =IFERROR(VLOOKUP(RIGHT(AA52,LEN(AA52)-2),'cards-dc.json'!$C:$E,3,FALSE),"")
B53: =IF(LEN(C53) < 3,0,VALUE(LEFT(C53,1))) -> 0 | D53: =IFERROR(VLOOKUP(RIGHT(C53,LEN(C53)-2),'cards-dc.json'!$C:$E,3,FALSE),"") | F53: =IF(LEN(G53) < 3,0,VALUE(LEFT(G53,1))) -> 0 | H53: =IFERROR(VLOOKUP(RIGHT(G53,LEN(G53)-2),'cards-dc.json'!$C:$E,3,FALSE),"") | J53: =IF(LEN(K53) < 3,0,VALUE(LEFT(K53,1))) -> 0 | L53: =IFERROR(VLOOKUP(RIGHT(K53,LEN(K53)-2),'cards-dc.json'!$C:$E,3,FALSE),"") | N53: =IF(LEN(O53) < 3,0,VALUE(LEFT(O53,1))) -> 0 | P53: =IFERROR(VLOOKUP(RIGHT(O53,LEN(O53)-2),'cards-dc.json'!$C:$E,3,FALSE),"") | R53: =IF(LEN(S53) < 3,0,VALUE(LEFT(S53,1))) -> 0 | T53: =IFERROR(VLOOKUP(RIGHT(S53,LEN(S53)-2),'cards-dc.json'!$C:$E,3,FALSE),"") | V53: =IF(LEN(W53) < 3,0,VALUE(LEFT(W53,1))) -> 0 | X53: =IFERROR(VLOOKUP(RIGHT(W53,LEN(W53)-2),'cards-dc.json'!$C:$E,3,FALSE),"") | Z53: =IF(LEN(AA53) < 3,0,VALUE(LEFT(AA53,1))) -> 0 | AB53: =IFERROR(VLOOKUP(RIGHT(AA53,LEN(AA53)-2),'cards-dc.json'!$C:$E,3,FALSE),"")
B54: =IF(LEN(C54) < 3,0,VALUE(LEFT(C54,1))) -> 0 | D54: =IFERROR(VLOOKUP(RIGHT(C54,LEN(C54)-2),'cards-dc.json'!$C:$E,3,FALSE),"") | F54: =IF(LEN(G54) < 3,0,VALUE(LEFT(G54,1))) -> 0 | H54: =IFERROR(VLOOKUP(RIGHT(G54,LEN(G54)-2),'cards-dc.json'!$C:$E,3,FALSE),"") | J54: =IF(LEN(K54) < 3,0,VALUE(LEFT(K54,1))) -> 0 | L54: =IFERROR(VLOOKUP(RIGHT(K54,LEN(K54)-2),'cards-dc.json'!$C:$E,3,FALSE),"") | N54: =IF(LEN(O54) < 3,0,VALUE(LEFT(O54,1))) -> 0 | P54: =IFERROR(VLOOKUP(RIGHT(O54,LEN(O54)-2),'cards-dc.json'!$C:$E,3,FALSE),"") | R54: =IF(LEN(S54) < 3,0,VALUE(LEFT(S54,1))) -> 0 | T54: =IFERROR(VLOOKUP(RIGHT(S54,LEN(S54)-2),'cards-dc.json'!$C:$E,3,FALSE),"") | V54: =IF(LEN(W54) < 3,0,VALUE(LEFT(W54,1))) -> 0 | X54: =IFERROR(VLOOKUP(RIGHT(W54,LEN(W54)-2),'cards-dc.json'!$C:$E,3,FALSE),"") | Z54: =IF(LEN(AA54) < 3,0,VALUE(LEFT(AA54,1))) -> 0 | AB54: =IFERROR(VLOOKUP(RIGHT(AA54,LEN(AA54)-2),'cards-dc.json'!$C:$E,3,FALSE),"")
B55: =IF(LEN(C55) < 3,0,VALUE(LEFT(C55,1))) -> 0 | D55: =IFERROR(VLOOKUP(RIGHT(C55,LEN(C55)-2),'cards-dc.json'!$C:$E,3,FALSE),"") | F55: =IF(LEN(G55) < 3,0,VALUE(LEFT(G55,1))) -> 0 | H55: =IFERROR(VLOOKUP(RIGHT(G55,LEN(G55)-2),'cards-dc.json'!$C:$E,3,FALSE),"") | J55: =IF(LEN(K55) < 3,0,VALUE(LEFT(K55,1))) -> 0 | L55: =IFERROR(VLOOKUP(RIGHT(K55,LEN(K55)-2),'cards-dc.json'!$C:$E,3,FALSE),"") | N55: =IF(LEN(O55) < 3,0,VALUE(LEFT(O55,1))) -> 0 | P55: =IFERROR(VLOOKUP(RIGHT(O55,LEN(O55)-2),'cards-dc.json'!$C:$E,3,FALSE),"") | R55: =IF(LEN(S55) < 3,0,VALUE(LEFT(S55,1))) -> 0 | T55: =IFERROR(VLOOKUP(RIGHT(S55,LEN(S55)-2),'cards-dc.json'!$C:$E,3,FALSE),"") | V55: =IF(LEN(W55) < 3,0,VALUE(LEFT(W55,1))) -> 0 | X55: =IFERROR(VLOOKUP(RIGHT(W55,LEN(W55)-2),'cards-dc.json'!$C:$E,3,FALSE),"") | Z55: =IF(LEN(AA55) < 3,0,VALUE(LEFT(AA55,1))) -> 0 | AB55: =IFERROR(VLOOKUP(RIGHT(AA55,LEN(AA55)-2),'cards-dc.json'!$C:$E,3,FALSE),"")
B56: =IF(LEN(C56) < 3,0,VALUE(LEFT(C56,1))) -> 0 | D56: =IFERROR(VLOOKUP(RIGHT(C56,LEN(C56)-2),'cards-dc.json'!$C:$E,3,FALSE),"") | F56: =IF(LEN(G56) < 3,0,VALUE(LEFT(G56,1))) -> 0 | H56: =IFERROR(VLOOKUP(RIGHT(G56,LEN(G56)-2),'cards-dc.json'!$C:$E,3,FALSE),"") | J56: =IF(LEN(K56) < 3,0,VALUE(LEFT(K56,1))) -> 0 | L56: =IFERROR(VLOOKUP(RIGHT(K56,LEN(K56)-2),'cards-dc.json'!$C:$E,3,FALSE),"") | N56: =IF(LEN(O56) < 3,0,VALUE(LEFT(O56,1))) -> 0 | P56: =IFERROR(VLOOKUP(RIGHT(O56,LEN(O56)-2),'cards-dc.json'!$C:$E,3,FALSE),"") | R56: =IF(LEN(S56) < 3,0,VALUE(LEFT(S56,1))) -> 0 | T56: =IFERROR(VLOOKUP(RIGHT(S56,LEN(S56)-2),'cards-dc.json'!$C:$E,3,FALSE),"") | V56: =IF(LEN(W56) < 3,0,VALUE(LEFT(W56,1))) -> 0 | X56: =IFERROR(VLOOKUP(RIGHT(W56,LEN(W56)-2),'cards-dc.json'!$C:$E,3,FALSE),"") | Z56: =IF(LEN(AA56) < 3,0,VALUE(LEFT(AA56,1))) -> 0 | AB56: =IFERROR(VLOOKUP(RIGHT(AA56,LEN(AA56)-2),'cards-dc.json'!$C:$E,3,FALSE),"")
B57: =IF(LEN(C57) < 3,0,VALUE(LEFT(C57,1))) -> 0 | D57: =IFERROR(VLOOKUP(RIGHT(C57,LEN(C57)-2),'cards-dc.json'!$C:$E,3,FALSE),"") | F57: =IF(LEN(G57) < 3,0,VALUE(LEFT(G57,1))) -> 0 | H57: =IFERROR(VLOOKUP(RIGHT(G57,LEN(G57)-2),'cards-dc.json'!$C:$E,3,FALSE),"") | J57: =IF(LEN(K57) < 3,0,VALUE(LEFT(K57,1))) -> 0 | L57: =IFERROR(VLOOKUP(RIGHT(K57,LEN(K57)-2),'cards-dc.json'!$C:$E,3,FALSE),"") | N57: =IF(LEN(O57) < 3,0,VALUE(LEFT(O57,1))) -> 0 | P57: =IFERROR(VLOOKUP(RIGHT(O57,LEN(O57)-2),'cards-dc.json'!$C:$E,3,FALSE),"") | R57: =IF(LEN(S57) < 3,0,VALUE(LEFT(S57,1))) -> 0 | T57: =IFERROR(VLOOKUP(RIGHT(S57,LEN(S57)-2),'cards-dc.json'!$C:$E,3,FALSE),"") | V57: =IF(LEN(W57) < 3,0,VALUE(LEFT(W57,1))) -> 0 | X57: =IFERROR(VLOOKUP(RIGHT(W57,LEN(W57)-2),'cards-dc.json'!$C:$E,3,FALSE),"") | Z57: =IF(LEN(AA57) < 3,0,VALUE(LEFT(AA57,1))) -> 0 | AB57: =IFERROR(VLOOKUP(RIGHT(AA57,LEN(AA57)-2),'cards-dc.json'!$C:$E,3,FALSE),"")
B58: =IF(LEN(C58) < 3,0,VALUE(LEFT(C58,1))) -> 0 | D58: =IFERROR(VLOOKUP(RIGHT(C58,LEN(C58)-2),'cards-dc.json'!$C:$E,3,FALSE),"") | F58: =IF(LEN(G58) < 3,0,VALUE(LEFT(G58,1))) -> 0 | H58: =IFERROR(VLOOKUP(RIGHT(G58,LEN(G58)-2),'cards-dc.json'!$C:$E,3,FALSE),"") | J58: =IF(LEN(K58) < 3,0,VALUE(LEFT(K58,1))) -> 0 | L58: =IFERROR(VLOOKUP(RIGHT(K58,LEN(K58)-2),'cards-dc.json'!$C:$E,3,FALSE),"") | N58: =IF(LEN(O58) < 3,0,VALUE(LEFT(O58,1))) -> 0 | P58: =IFERROR(VLOOKUP(RIGHT(O58,LEN(O58)-2),'cards-dc.json'!$C:$E,3,FALSE),"") | R58: =IF(LEN(S58) < 3,0,VALUE(LEFT(S58,1))) -> 0 | T58: =IFERROR(VLOOKUP(RIGHT(S58,LEN(S58)-2),'cards-dc.json'!$C:$E,3,FALSE),"") | V58: =IF(LEN(W58) < 3,0,VALUE(LEFT(W58,1))) -> 0 | X58: =IFERROR(VLOOKUP(RIGHT(W58,LEN(W58)-2),'cards-dc.json'!$C:$E,3,FALSE),"") | Z58: =IF(LEN(AA58) < 3,0,VALUE(LEFT(AA58,1))) -> 0 | AB58: =IFERROR(VLOOKUP(RIGHT(AA58,LEN(AA58)-2),'cards-dc.json'!$C:$E,3,FALSE),"")
B59: =IF(LEN(C59) < 3,0,VALUE(LEFT(C59,1))) -> 0 | D59: =IFERROR(VLOOKUP(RIGHT(C59,LEN(C59)-2),'cards-dc.json'!$C:$E,3,FALSE),"") | F59: =IF(LEN(G59) < 3,0,VALUE(LEFT(G59,1))) -> 0 | H59: =IFERROR(VLOOKUP(RIGHT(G59,LEN(G59)-2),'cards-dc.json'!$C:$E,3,FALSE),"") | J59: =IF(LEN(K59) < 3,0,VALUE(LEFT(K59,1))) -> 0 | L59: =IFERROR(VLOOKUP(RIGHT(K59,LEN(K59)-2),'cards-dc.json'!$C:$E,3,FALSE),"") | N59: =IF(LEN(O59) < 3,0,VALUE(LEFT(O59,1))) -> 0 | P59: =IFERROR(VLOOKUP(RIGHT(O59,LEN(O59)-2),'cards-dc.json'!$C:$E,3,FALSE),"") | R59: =IF(LEN(S59) < 3,0,VALUE(LEFT(S59,1))) -> 0 | T59: =IFERROR(VLOOKUP(RIGHT(S59,LEN(S59)-2),'cards-dc.json'!$C:$E,3,FALSE),"") | V59: =IF(LEN(W59) < 3,0,VALUE(LEFT(W59,1))) -> 0 | X59: =IFERROR(VLOOKUP(RIGHT(W59,LEN(W59)-2),'cards-dc.json'!$C:$E,3,FALSE),"") | Z59: =IF(LEN(AA59) < 3,0,VALUE(LEFT(AA59,1))) -> 0 | AB59: =IFERROR(VLOOKUP(RIGHT(AA59,LEN(AA59)-2),'cards-dc.json'!$C:$E,3,FALSE),"")
B60: =IF(LEN(C60) < 3,0,VALUE(LEFT(C60,1))) -> 0 | D60: =IFERROR(VLOOKUP(RIGHT(C60,LEN(C60)-2),'cards-dc.json'!$C:$E,3,FALSE),"") | F60: =IF(LEN(G60) < 3,0,VALUE(LEFT(G60,1))) -> 0 | H60: =IFERROR(VLOOKUP(RIGHT(G60,LEN(G60)-2),'cards-dc.json'!$C:$E,3,FALSE),"") | J60: =IF(LEN(K60) < 3,0,VALUE(LEFT(K60,1))) -> 0 | L60: =IFERROR(VLOOKUP(RIGHT(K60,LEN(K60)-2),'cards-dc.json'!$C:$E,3,FALSE),"") | N60: =IF(LEN(O60) < 3,0,VALUE(LEFT(O60,1))) -> 0 | P60: =IFERROR(VLOOKUP(RIGHT(O60,LEN(O60)-2),'cards-dc.json'!$C:$E,3,FALSE),"") | R60: =IF(LEN(S60) < 3,0,VALUE(LEFT(S60,1))) -> 0 | T60: =IFERROR(VLOOKUP(RIGHT(S60,LEN(S60)-2),'cards-dc.json'!$C:$E,3,FALSE),"") | V60: =IF(LEN(W60) < 3,0,VALUE(LEFT(W60,1))) -> 0 | X60: =IFERROR(VLOOKUP(RIGHT(W60,LEN(W60)-2),'cards-dc.json'!$C:$E,3,FALSE),"") | Z60: =IF(LEN(AA60) < 3,0,VALUE(LEFT(AA60,1))) -> 0 | AB60: =IFERROR(VLOOKUP(RIGHT(AA60,LEN(AA60)-2),'cards-dc.json'!$C:$E,3,FALSE),"")
B61: =IF(LEN(C61) < 3,0,VALUE(LEFT(C61,1))) -> 0 | D61: =IFERROR(VLOOKUP(RIGHT(C61,LEN(C61)-2),'cards-dc.json'!$C:$E,3,FALSE),"") | F61: =IF(LEN(G61) < 3,0,VALUE(LEFT(G61,1))) -> 0 | H61: =IFERROR(VLOOKUP(RIGHT(G61,LEN(G61)-2),'cards-dc.json'!$C:$E,3,FALSE),"") | J61: =IF(LEN(K61) < 3,0,VALUE(LEFT(K61,1))) -> 0 | L61: =IFERROR(VLOOKUP(RIGHT(K61,LEN(K61)-2),'cards-dc.json'!$C:$E,3,FALSE),"") | N61: =IF(LEN(O61) < 3,0,VALUE(LEFT(O61,1))) -> 0 | P61: =IFERROR(VLOOKUP(RIGHT(O61,LEN(O61)-2),'cards-dc.json'!$C:$E,3,FALSE),"") | R61: =IF(LEN(S61) < 3,0,VALUE(LEFT(S61,1))) -> 0 | T61: =IFERROR(VLOOKUP(RIGHT(S61,LEN(S61)-2),'cards-dc.json'!$C:$E,3,FALSE),"") | V61: =IF(LEN(W61) < 3,0,VALUE(LEFT(W61,1))) -> 0 | X61: =IFERROR(VLOOKUP(RIGHT(W61,LEN(W61)-2),'cards-dc.json'!$C:$E,3,FALSE),"") | Z61: =IF(LEN(AA61) < 3,0,VALUE(LEFT(AA61,1))) -> 0 | AB61: =IFERROR(VLOOKUP(RIGHT(AA61,LEN(AA61)-2),'cards-dc.json'!$C:$E,3,FALSE),"")
... B89: =IF(LEN(C89) < 3,0,VALUE(LEFT(C89,1))) -> 0 | D89: =IFERROR(VLOOKUP(RIGHT(C89,LEN(C89)-2),'cards-dc.json'!$C:$E,3,FALSE),"") | F89: =IF(LEN(G89) < 3,0,VALUE(LEFT(G89,1))) -> 0 | H89: =IFERROR(VLOOKUP(RIGHT(G89,LEN(G89)-2),'cards-dc.json'!$C:$E,3,FALSE),"") | J89: =IF(LEN(K89) < 3,0,VALUE(LEFT(K89,1))) -> 0 | L89: =IFERROR(VLOOKUP(RIGHT(K89,LEN(K89)-2),'cards-dc.json'!$C:$E,3,FALSE),"") | N89: =IF(LEN(O89) < 3,0,VALUE(LEFT(O89,1))) -> 0 | P89: =IFERROR(VLOOKUP(RIGHT(O89,LEN(O89)-2),'cards-dc.json'!$C:$E,3,FALSE),"") | R89: =IF(LEN(S89) < 3,0,VALUE(LEFT(S89,1))) -> 0 | T89: =IFERROR(VLOOKUP(RIGHT(S89,LEN(S89)-2),'cards-dc.json'!$C:$E,3,FALSE),"") | V89: =IF(LEN(W89) < 3,0,VALUE(LEFT(W89,1))) -> 0 | X89: =IFERROR(VLOOKUP(RIGHT(W89,LEN(W89)-2),'cards-dc.json'!$C:$E,3,FALSE),"") | Z89: =IF(LEN(AA89) < 3,0,VALUE(LEFT(AA89,1))) -> 0 | AB89: =IFERROR(VLOOKUP(RIGHT(AA89,LEN(AA89)-2),'cards-dc.json'!$C:$E,3,FALSE),"")
C90: =C$1&" "&C$3 | G90: =G$1&" "&G$3 | K90: =K$1&" "&K$3 | O90: =O$1&" "&O$3 | S90: =S$1&" "&S$3 | W90: =W$1&" "&W$3 | AA90: =AA$1&" "&AA$3
B91: HAZARDS | C91: HAZARDS | F91: HAZARDS | G91: HAZARDS | J91: HAZARDS | K91: HAZARDS | N91: HAZARDS | O91: HAZARDS | R91: HAZARDS | S91: HAZARDS | V91: HAZARDS | W91: HAZARDS | Z91: HAZARDS | AA91: HAZARDS
B92: ="Qty: "&SUM(B93:B132) -> Qty: 0 | F92: ="Qty: "&SUM(F93:F132) -> Qty: 0 | J92: ="Qty: "&SUM(J93:J132) -> Qty: 0 | N92: ="Qty: "&SUM(N93:N132) -> Qty: 0 | R92: ="Qty: "&SUM(R93:R132) -> Qty: 0 | V92: ="Qty: "&SUM(V93:V132) -> Qty: 0 | Z92: ="Qty: "&SUM(Z93:Z132) -> Qty: 0
B93: =IF(LEN(C93) < 3,0,VALUE(LEFT(C93,1))) -> 0 | D93: =IFERROR(VLOOKUP(RIGHT(C93,LEN(C93)-2),'cards-dc.json'!$C:$E,3,FALSE),"") | F93: =IF(LEN(G93) < 3,0,VALUE(LEFT(G93,1))) -> 0 | H93: =IFERROR(VLOOKUP(RIGHT(G93,LEN(G93)-2),'cards-dc.json'!$C:$E,3,FALSE),"") | J93: =IF(LEN(K93) < 3,0,VALUE(LEFT(K93,1))) -> 0 | L93: =IFERROR(VLOOKUP(RIGHT(K93,LEN(K93)-2),'cards-dc.json'!$C:$E,3,FALSE),"") | N93: =IF(LEN(O93) < 3,0,VALUE(LEFT(O93,1))) -> 0 | P93: =IFERROR(VLOOKUP(RIGHT(O93,LEN(O93)-2),'cards-dc.json'!$C:$E,3,FALSE),"") | R93: =IF(LEN(S93) < 3,0,VALUE(LEFT(S93,1))) -> 0 | T93: =IFERROR(VLOOKUP(RIGHT(S93,LEN(S93)-2),'cards-dc.json'!$C:$E,3,FALSE),"") | V93: =IF(LEN(W93) < 3,0,VALUE(LEFT(W93,1))) -> 0 | X93: =IFERROR(VLOOKUP(RIGHT(W93,LEN(W93)-2),'cards-dc.json'!$C:$E,3,FALSE),"") | Z93: =IF(LEN(AA93) < 3,0,VALUE(LEFT(AA93,1))) -> 0 | AB93: =IFERROR(VLOOKUP(RIGHT(AA93,LEN(AA93)-2),'cards-dc.json'!$C:$E,3,FALSE),"")
B94: =IF(LEN(C94) < 3,0,VALUE(LEFT(C94,1))) -> 0 | D94: =IFERROR(VLOOKUP(RIGHT(C94,LEN(C94)-2),'cards-dc.json'!$C:$E,3,FALSE),"") | F94: =IF(LEN(G94) < 3,0,VALUE(LEFT(G94,1))) -> 0 | H94: =IFERROR(VLOOKUP(RIGHT(G94,LEN(G94)-2),'cards-dc.json'!$C:$E,3,FALSE),"") | J94: =IF(LEN(K94) < 3,0,VALUE(LEFT(K94,1))) -> 0 | L94: =IFERROR(VLOOKUP(RIGHT(K94,LEN(K94)-2),'cards-dc.json'!$C:$E,3,FALSE),"") | N94: =IF(LEN(O94) < 3,0,VALUE(LEFT(O94,1))) -> 0 | P94: =IFERROR(VLOOKUP(RIGHT(O94,LEN(O94)-2),'cards-dc.json'!$C:$E,3,FALSE),"") | R94: =IF(LEN(S94) < 3,0,VALUE(LEFT(S94,1))) -> 0 | T94: =IFERROR(VLOOKUP(RIGHT(S94,LEN(S94)-2),'cards-dc.json'!$C:$E,3,FALSE),"") | V94: =IF(LEN(W94) < 3,0,VALUE(LEFT(W94,1))) -> 0 | X94: =IFERROR(VLOOKUP(RIGHT(W94,LEN(W94)-2),'cards-dc.json'!$C:$E,3,FALSE),"") | Z94: =IF(LEN(AA94) < 3,0,VALUE(LEFT(AA94,1))) -> 0 | AB94: =IFERROR(VLOOKUP(RIGHT(AA94,LEN(AA94)-2),'cards-dc.json'!$C:$E,3,FALSE),"")
B95: =IF(LEN(C95) < 3,0,VALUE(LEFT(C95,1))) -> 0 | D95: =IFERROR(VLOOKUP(RIGHT(C95,LEN(C95)-2),'cards-dc.json'!$C:$E,3,FALSE),"") | F95: =IF(LEN(G95) < 3,0,VALUE(LEFT(G95,1))) -> 0 | H95: =IFERROR(VLOOKUP(RIGHT(G95,LEN(G95)-2),'cards-dc.json'!$C:$E,3,FALSE),"") | J95: =IF(LEN(K95) < 3,0,VALUE(LEFT(K95,1))) -> 0 | L95: =IFERROR(VLOOKUP(RIGHT(K95,LEN(K95)-2),'cards-dc.json'!$C:$E,3,FALSE),"") | N95: =IF(LEN(O95) < 3,0,VALUE(LEFT(O95,1))) -> 0 | P95: =IFERROR(VLOOKUP(RIGHT(O95,LEN(O95)-2),'cards-dc.json'!$C:$E,3,FALSE),"") | R95: =IF(LEN(S95) < 3,0,VALUE(LEFT(S95,1))) -> 0 | T95: =IFERROR(VLOOKUP(RIGHT(S95,LEN(S95)-2),'cards-dc.json'!$C:$E,3,FALSE),"") | V95: =IF(LEN(W95) < 3,0,VALUE(LEFT(W95,1))) -> 0 | X95: =IFERROR(VLOOKUP(RIGHT(W95,LEN(W95)-2),'cards-dc.json'!$C:$E,3,FALSE),"") | Z95: =IF(LEN(AA95) < 3,0,VALUE(LEFT(AA95,1))) -> 0 | AB95: =IFERROR(VLOOKUP(RIGHT(AA95,LEN(AA95)-2),'cards-dc.json'!$C:$E,3,FALSE),"")
B96: =IF(LEN(C96) < 3,0,VALUE(LEFT(C96,1))) -> 0 | D96: =IFERROR(VLOOKUP(RIGHT(C96,LEN(C96)-2),'cards-dc.json'!$C:$E,3,FALSE),"") | F96: =IF(LEN(G96) < 3,0,VALUE(LEFT(G96,1))) -> 0 | H96: =IFERROR(VLOOKUP(RIGHT(G96,LEN(G96)-2),'cards-dc.json'!$C:$E,3,FALSE),"") | J96: =IF(LEN(K96) < 3,0,VALUE(LEFT(K96,1))) -> 0 | L96: =IFERROR(VLOOKUP(RIGHT(K96,LEN(K96)-2),'cards-dc.json'!$C:$E,3,FALSE),"") | N96: =IF(LEN(O96) < 3,0,VALUE(LEFT(O96,1))) -> 0 | P96: =IFERROR(VLOOKUP(RIGHT(O96,LEN(O96)-2),'cards-dc.json'!$C:$E,3,FALSE),"") | R96: =IF(LEN(S96) < 3,0,VALUE(LEFT(S96,1))) -> 0 | T96: =IFERROR(VLOOKUP(RIGHT(S96,LEN(S96)-2),'cards-dc.json'!$C:$E,3,FALSE),"") | V96: =IF(LEN(W96) < 3,0,VALUE(LEFT(W96,1))) -> 0 | X96: =IFERROR(VLOOKUP(RIGHT(W96,LEN(W96)-2),'cards-dc.json'!$C:$E,3,FALSE),"") | Z96: =IF(LEN(AA96) < 3,0,VALUE(LEFT(AA96,1))) -> 0 | AB96: =IFERROR(VLOOKUP(RIGHT(AA96,LEN(AA96)-2),'cards-dc.json'!$C:$E,3,FALSE),"")
B97: =IF(LEN(C97) < 3,0,VALUE(LEFT(C97,1))) -> 0 | D97: =IFERROR(VLOOKUP(RIGHT(C97,LEN(C97)-2),'cards-dc.json'!$C:$E,3,FALSE),"") | F97: =IF(LEN(G97) < 3,0,VALUE(LEFT(G97,1))) -> 0 | H97: =IFERROR(VLOOKUP(RIGHT(G97,LEN(G97)-2),'cards-dc.json'!$C:$E,3,FALSE),"") | J97: =IF(LEN(K97) < 3,0,VALUE(LEFT(K97,1))) -> 0 | L97: =IFERROR(VLOOKUP(RIGHT(K97,LEN(K97)-2),'cards-dc.json'!$C:$E,3,FALSE),"") | N97: =IF(LEN(O97) < 3,0,VALUE(LEFT(O97,1))) -> 0 | P97: =IFERROR(VLOOKUP(RIGHT(O97,LEN(O97)-2),'cards-dc.json'!$C:$E,3,FALSE),"") | R97: =IF(LEN(S97) < 3,0,VALUE(LEFT(S97,1))) -> 0 | T97: =IFERROR(VLOOKUP(RIGHT(S97,LEN(S97)-2),'cards-dc.json'!$C:$E,3,FALSE),"") | V97: =IF(LEN(W97) < 3,0,VALUE(LEFT(W97,1))) -> 0 | X97: =IFERROR(VLOOKUP(RIGHT(W97,LEN(W97)-2),'cards-dc.json'!$C:$E,3,FALSE),"") | Z97: =IF(LEN(AA97) < 3,0,VALUE(LEFT(AA97,1))) -> 0 | AB97: =IFERROR(VLOOKUP(RIGHT(AA97,LEN(AA97)-2),'cards-dc.json'!$C:$E,3,FALSE),"")
B98: =IF(LEN(C98) < 3,0,VALUE(LEFT(C98,1))) -> 0 | D98: =IFERROR(VLOOKUP(RIGHT(C98,LEN(C98)-2),'cards-dc.json'!$C:$E,3,FALSE),"") | F98: =IF(LEN(G98) < 3,0,VALUE(LEFT(G98,1))) -> 0 | H98: =IFERROR(VLOOKUP(RIGHT(G98,LEN(G98)-2),'cards-dc.json'!$C:$E,3,FALSE),"") | J98: =IF(LEN(K98) < 3,0,VALUE(LEFT(K98,1))) -> 0 | L98: =IFERROR(VLOOKUP(RIGHT(K98,LEN(K98)-2),'cards-dc.json'!$C:$E,3,FALSE),"") | N98: =IF(LEN(O98) < 3,0,VALUE(LEFT(O98,1))) -> 0 | P98: =IFERROR(VLOOKUP(RIGHT(O98,LEN(O98)-2),'cards-dc.json'!$C:$E,3,FALSE),"") | R98: =IF(LEN(S98) < 3,0,VALUE(LEFT(S98,1))) -> 0 | T98: =IFERROR(VLOOKUP(RIGHT(S98,LEN(S98)-2),'cards-dc.json'!$C:$E,3,FALSE),"") | V98: =IF(LEN(W98) < 3,0,VALUE(LEFT(W98,1))) -> 0 | X98: =IFERROR(VLOOKUP(RIGHT(W98,LEN(W98)-2),'cards-dc.json'!$C:$E,3,FALSE),"") | Z98: =IF(LEN(AA98) < 3,0,VALUE(LEFT(AA98,1))) -> 0 | AB98: =IFERROR(VLOOKUP(RIGHT(AA98,LEN(AA98)-2),'cards-dc.json'!$C:$E,3,FALSE),"")
B99: =IF(LEN(C99) < 3,0,VALUE(LEFT(C99,1))) -> 0 | D99: =IFERROR(VLOOKUP(RIGHT(C99,LEN(C99)-2),'cards-dc.json'!$C:$E,3,FALSE),"") | F99: =IF(LEN(G99) < 3,0,VALUE(LEFT(G99,1))) -> 0 | H99: =IFERROR(VLOOKUP(RIGHT(G99,LEN(G99)-2),'cards-dc.json'!$C:$E,3,FALSE),"") | J99: =IF(LEN(K99) < 3,0,VALUE(LEFT(K99,1))) -> 0 | L99: =IFERROR(VLOOKUP(RIGHT(K99,LEN(K99)-2),'cards-dc.json'!$C:$E,3,FALSE),"") | N99: =IF(LEN(O99) < 3,0,VALUE(LEFT(O99,1))) -> 0 | P99: =IFERROR(VLOOKUP(RIGHT(O99,LEN(O99)-2),'cards-dc.json'!$C:$E,3,FALSE),"") | R99: =IF(LEN(S99) < 3,0,VALUE(LEFT(S99,1))) -> 0 | T99: =IFERROR(VLOOKUP(RIGHT(S99,LEN(S99)-2),'cards-dc.json'!$C:$E,3,FALSE),"") | V99: =IF(LEN(W99) < 3,0,VALUE(LEFT(W99,1))) -> 0 | X99: =IFERROR(VLOOKUP(RIGHT(W99,LEN(W99)-2),'cards-dc.json'!$C:$E,3,FALSE),"") | Z99: =IF(LEN(AA99) < 3,0,VALUE(LEFT(AA99,1))) -> 0 | AB99: =IFERROR(VLOOKUP(RIGHT(AA99,LEN(AA99)-2),'cards-dc.json'!$C:$E,3,FALSE),"")
B100: =IF(LEN(C100) < 3,0,VALUE(LEFT(C100,1))) -> 0 | D100: =IFERROR(VLOOKUP(RIGHT(C100,LEN(C100)-2),'cards-dc.json'!$C:$E,3,FALSE),"") | F100: =IF(LEN(G100) < 3,0,VALUE(LEFT(G100,1))) -> 0 | H100: =IFERROR(VLOOKUP(RIGHT(G100,LEN(G100)-2),'cards-dc.json'!$C:$E,3,FALSE),"") | J100: =IF(LEN(K100) < 3,0,VALUE(LEFT(K100,1))) -> 0 | L100: =IFERROR(VLOOKUP(RIGHT(K100,LEN(K100)-2),'cards-dc.json'!$C:$E,3,FALSE),"") | N100: =IF(LEN(O100) < 3,0,VALUE(LEFT(O100,1))) -> 0 | P100: =IFERROR(VLOOKUP(RIGHT(O100,LEN(O100)-2),'cards-dc.json'!$C:$E,3,FALSE),"") | R100: =IF(LEN(S100) < 3,0,VALUE(LEFT(S100,1))) -> 0 | T100: =IFERROR(VLOOKUP(RIGHT(S100,LEN(S100)-2),'cards-dc.json'!$C:$E,3,FALSE),"") | V100: =IF(LEN(W100) < 3,0,VALUE(LEFT(W100,1))) -> 0 | X100: =IFERROR(VLOOKUP(RIGHT(W100,LEN(W100)-2),'cards-dc.json'!$C:$E,3,FALSE),"") | Z100: =IF(LEN(AA100) < 3,0,VALUE(LEFT(AA100,1))) -> 0 | AB100: =IFERROR(VLOOKUP(RIGHT(AA100,LEN(AA100)-2),'cards-dc.json'!$C:$E,3,FALSE),"")
B101: =IF(LEN(C101) < 3,0,VALUE(LEFT(C101,1))) -> 0 | D101: =IFERROR(VLOOKUP(RIGHT(C101,LEN(C101)-2),'cards-dc.json'!$C:$E,3,FALSE),"") | F101: =IF(LEN(G101) < 3,0,VALUE(LEFT(G101,1))) -> 0 | H101: =IFERROR(VLOOKUP(RIGHT(G101,LEN(G101)-2),'cards-dc.json'!$C:$E,3,FALSE),"") | J101: =IF(LEN(K101) < 3,0,VALUE(LEFT(K101,1))) -> 0 | L101: =IFERROR(VLOOKUP(RIGHT(K101,LEN(K101)-2),'cards-dc.json'!$C:$E,3,FALSE),"") | N101: =IF(LEN(O101) < 3,0,VALUE(LEFT(O101,1))) -> 0 | P101: =IFERROR(VLOOKUP(RIGHT(O101,LEN(O101)-2),'cards-dc.json'!$C:$E,3,FALSE),"") | R101: =IF(LEN(S101) < 3,0,VALUE(LEFT(S101,1))) -> 0 | T101: =IFERROR(VLOOKUP(RIGHT(S101,LEN(S101)-2),'cards-dc.json'!$C:$E,3,FALSE),"") | V101: =IF(LEN(W101) < 3,0,VALUE(LEFT(W101,1))) -> 0 | X101: =IFERROR(VLOOKUP(RIGHT(W101,LEN(W101)-2),'cards-dc.json'!$C:$E,3,FALSE),"") | Z101: =IF(LEN(AA101) < 3,0,VALUE(LEFT(AA101,1))) -> 0 | AB101: =IFERROR(VLOOKUP(RIGHT(AA101,LEN(AA101)-2),'cards-dc.json'!$C:$E,3,FALSE),"")
B102: =IF(LEN(C102) < 3,0,VALUE(LEFT(C102,1))) -> 0 | D102: =IFERROR(VLOOKUP(RIGHT(C102,LEN(C102)-2),'cards-dc.json'!$C:$E,3,FALSE),"") | F102: =IF(LEN(G102) < 3,0,VALUE(LEFT(G102,1))) -> 0 | H102: =IFERROR(VLOOKUP(RIGHT(G102,LEN(G102)-2),'cards-dc.json'!$C:$E,3,FALSE),"") | J102: =IF(LEN(K102) < 3,0,VALUE(LEFT(K102,1))) -> 0 | L102: =IFERROR(VLOOKUP(RIGHT(K102,LEN(K102)-2),'cards-dc.json'!$C:$E,3,FALSE),"") | N102: =IF(LEN(O102) < 3,0,VALUE(LEFT(O102,1))) -> 0 | P102: =IFERROR(VLOOKUP(RIGHT(O102,LEN(O102)-2),'cards-dc.json'!$C:$E,3,FALSE),"") | R102: =IF(LEN(S102) < 3,0,VALUE(LEFT(S102,1))) -> 0 | T102: =IFERROR(VLOOKUP(RIGHT(S102,LEN(S102)-2),'cards-dc.json'!$C:$E,3,FALSE),"") | V102: =IF(LEN(W102) < 3,0,VALUE(LEFT(W102,1))) -> 0 | X102: =IFERROR(VLOOKUP(RIGHT(W102,LEN(W102)-2),'cards-dc.json'!$C:$E,3,FALSE),"") | Z102: =IF(LEN(AA102) < 3,0,VALUE(LEFT(AA102,1))) -> 0 | AB102: =IFERROR(VLOOKUP(RIGHT(AA102,LEN(AA102)-2),'cards-dc.json'!$C:$E,3,FALSE),"")
B103: =IF(LEN(C103) < 3,0,VALUE(LEFT(C103,1))) -> 0 | D103: =IFERROR(VLOOKUP(RIGHT(C103,LEN(C103)-2),'cards-dc.json'!$C:$E,3,FALSE),"") | F103: =IF(LEN(G103) < 3,0,VALUE(LEFT(G103,1))) -> 0 | H103: =IFERROR(VLOOKUP(RIGHT(G103,LEN(G103)-2),'cards-dc.json'!$C:$E,3,FALSE),"") | J103: =IF(LEN(K103) < 3,0,VALUE(LEFT(K103,1))) -> 0 | L103: =IFERROR(VLOOKUP(RIGHT(K103,LEN(K103)-2),'cards-dc.json'!$C:$E,3,FALSE),"") | N103: =IF(LEN(O103) < 3,0,VALUE(LEFT(O103,1))) -> 0 | P103: =IFERROR(VLOOKUP(RIGHT(O103,LEN(O103)-2),'cards-dc.json'!$C:$E,3,FALSE),"") | R103: =IF(LEN(S103) < 3,0,VALUE(LEFT(S103,1))) -> 0 | T103: =IFERROR(VLOOKUP(RIGHT(S103,LEN(S103)-2),'cards-dc.json'!$C:$E,3,FALSE),"") | V103: =IF(LEN(W103) < 3,0,VALUE(LEFT(W103,1))) -> 0 | X103: =IFERROR(VLOOKUP(RIGHT(W103,LEN(W103)-2),'cards-dc.json'!$C:$E,3,FALSE),"") | Z103: =IF(LEN(AA103) < 3,0,VALUE(LEFT(AA103,1))) -> 0 | AB103: =IFERROR(VLOOKUP(RIGHT(AA103,LEN(AA103)-2),'cards-dc.json'!$C:$E,3,FALSE),"")
B104: =IF(LEN(C104) < 3,0,VALUE(LEFT(C104,1))) -> 0 | D104: =IFERROR(VLOOKUP(RIGHT(C104,LEN(C104)-2),'cards-dc.json'!$C:$E,3,FALSE),"") | F104: =IF(LEN(G104) < 3,0,VALUE(LEFT(G104,1))) -> 0 | H104: =IFERROR(VLOOKUP(RIGHT(G104,LEN(G104)-2),'cards-dc.json'!$C:$E,3,FALSE),"") | J104: =IF(LEN(K104) < 3,0,VALUE(LEFT(K104,1))) -> 0 | L104: =IFERROR(VLOOKUP(RIGHT(K104,LEN(K104)-2),'cards-dc.json'!$C:$E,3,FALSE),"") | N104: =IF(LEN(O104) < 3,0,VALUE(LEFT(O104,1))) -> 0 | P104: =IFERROR(VLOOKUP(RIGHT(O104,LEN(O104)-2),'cards-dc.json'!$C:$E,3,FALSE),"") | R104: =IF(LEN(S104) < 3,0,VALUE(LEFT(S104,1))) -> 0 | T104: =IFERROR(VLOOKUP(RIGHT(S104,LEN(S104)-2),'cards-dc.json'!$C:$E,3,FALSE),"") | V104: =IF(LEN(W104) < 3,0,VALUE(LEFT(W104,1))) -> 0 | X104: =IFERROR(VLOOKUP(RIGHT(W104,LEN(W104)-2),'cards-dc.json'!$C:$E,3,FALSE),"") | Z104: =IF(LEN(AA104) < 3,0,VALUE(LEFT(AA104,1))) -> 0 | AB104: =IFERROR(VLOOKUP(RIGHT(AA104,LEN(AA104)-2),'cards-dc.json'!$C:$E,3,FALSE),"")
... B132: =IF(LEN(C132) < 3,0,VALUE(LEFT(C132,1))) -> 0 | D132: =IFERROR(VLOOKUP(RIGHT(C132,LEN(C132)-2),'cards-dc.json'!$C:$E,3,FALSE),"") | F132: =IF(LEN(G132) < 3,0,VALUE(LEFT(G132,1))) -> 0 | H132: =IFERROR(VLOOKUP(RIGHT(G132,LEN(G132)-2),'cards-dc.json'!$C:$E,3,FALSE),"") | J132: =IF(LEN(K132) < 3,0,VALUE(LEFT(K132,1))) -> 0 | L132: =IFERROR(VLOOKUP(RIGHT(K132,LEN(K132)-2),'cards-dc.json'!$C:$E,3,FALSE),"") | N132: =IF(LEN(O132) < 3,0,VALUE(LEFT(O132,1))) -> 0 | P132: =IFERROR(VLOOKUP(RIGHT(O132,LEN(O132)-2),'cards-dc.json'!$C:$E,3,FALSE),"") | R132: =IF(LEN(S132) < 3,0,VALUE(LEFT(S132,1))) -> 0 | T132: =IFERROR(VLOOKUP(RIGHT(S132,LEN(S132)-2),'cards-dc.json'!$C:$E,3,FALSE),"") | V132: =IF(LEN(W132) < 3,0,VALUE(LEFT(W132,1))) -> 0 | X132: =IFERROR(VLOOKUP(RIGHT(W132,LEN(W132)-2),'cards-dc.json'!$C:$E,3,FALSE),"") | Z132: =IF(LEN(AA132) < 3,0,VALUE(LEFT(AA132,1))) -> 0 | AB132: =IFERROR(VLOOKUP(RIGHT(AA132,LEN(AA132)-2),'cards-dc.json'!$C:$E,3,FALSE),"")
C133: =C$1&" "&C$3 | G133: =G$1&" "&G$3 | K133: =K$1&" "&K$3 | O133: =O$1&" "&O$3 | S133: =S$1&" "&S$3 | W133: =W$1&" "&W$3 | AA133: =AA$1&" "&AA$3
B134: SIDEBOARD | C134: SIDEBOARD | F134: SIDEBOARD | G134: SIDEBOARD | J134: SIDEBOARD | K134: SIDEBOARD | N134: SIDEBOARD | O134: SIDEBOARD | R134: SIDEBOARD | S134: SIDEBOARD | V134: SIDEBOARD | W134: SIDEBOARD | Z134: SIDEBOARD | AA134: SIDEBOARD
B135: ="Qty: "&SUM(B136:B175) -> Qty: 0 | F135: ="Qty: "&SUM(F136:F175) -> Qty: 0 | J135: ="Qty: "&SUM(J136:J175) -> Qty: 0 | N135: ="Qty: "&SUM(N136:N175) -> Qty: 0 | R135: ="Qty: "&SUM(R136:R175) -> Qty: 0 | V135: ="Qty: "&SUM(V136:V175) -> Qty: 0 | Z135: ="Qty: "&SUM(Z136:Z175) -> Qty: 0
B136: =IF(LEN(C136) < 3,0,VALUE(LEFT(C136,1))) -> 0 | D136: =IFERROR(VLOOKUP(RIGHT(C136,LEN(C136)-2),'cards-dc.json'!$C:$E,3,FALSE),"") | F136: =IF(LEN(G136) < 3,0,VALUE(LEFT(G136,1))) -> 0 | H136: =IFERROR(VLOOKUP(RIGHT(G136,LEN(G136)-2),'cards-dc.json'!$C:$E,3,FALSE),"") | J136: =IF(LEN(K136) < 3,0,VALUE(LEFT(K136,1))) -> 0 | L136: =IFERROR(VLOOKUP(RIGHT(K136,LEN(K136)-2),'cards-dc.json'!$C:$E,3,FALSE),"") | N136: =IF(LEN(O136) < 3,0,VALUE(LEFT(O136,1))) -> 0 | P136: =IFERROR(VLOOKUP(RIGHT(O136,LEN(O136)-2),'cards-dc.json'!$C:$E,3,FALSE),"") | R136: =IF(LEN(S136) < 3,0,VALUE(LEFT(S136,1))) -> 0 | T136: =IFERROR(VLOOKUP(RIGHT(S136,LEN(S136)-2),'cards-dc.json'!$C:$E,3,FALSE),"") | V136: =IF(LEN(W136) < 3,0,VALUE(LEFT(W136,1))) -> 0 | X136: =IFERROR(VLOOKUP(RIGHT(W136,LEN(W136)-2),'cards-dc.json'!$C:$E,3,FALSE),"") | Z136: =IF(LEN(AA136) < 3,0,VALUE(LEFT(AA136,1))) -> 0 | AB136: =IFERROR(VLOOKUP(RIGHT(AA136,LEN(AA136)-2),'cards-dc.json'!$C:$E,3,FALSE),"")
B137: =IF(LEN(C137) < 3,0,VALUE(LEFT(C137,1))) -> 0 | D137: =IFERROR(VLOOKUP(RIGHT(C137,LEN(C137)-2),'cards-dc.json'!$C:$E,3,FALSE),"") | F137: =IF(LEN(G137) < 3,0,VALUE(LEFT(G137,1))) -> 0 | H137: =IFERROR(VLOOKUP(RIGHT(G137,LEN(G137)-2),'cards-dc.json'!$C:$E,3,FALSE),"") | J137: =IF(LEN(K137) < 3,0,VALUE(LEFT(K137,1))) -> 0 | L137: =IFERROR(VLOOKUP(RIGHT(K137,LEN(K137)-2),'cards-dc.json'!$C:$E,3,FALSE),"") | N137: =IF(LEN(O137) < 3,0,VALUE(LEFT(O137,1))) -> 0 | P137: =IFERROR(VLOOKUP(RIGHT(O137,LEN(O137)-2),'cards-dc.json'!$C:$E,3,FALSE),"") | R137: =IF(LEN(S137) < 3,0,VALUE(LEFT(S137,1))) -> 0 | T137: =IFERROR(VLOOKUP(RIGHT(S137,LEN(S137)-2),'cards-dc.json'!$C:$E,3,FALSE),"") | V137: =IF(LEN(W137) < 3,0,VALUE(LEFT(W137,1))) -> 0 | X137: =IFERROR(VLOOKUP(RIGHT(W137,LEN(W137)-2),'cards-dc.json'!$C:$E,3,FALSE),"") | Z137: =IF(LEN(AA137) < 3,0,VALUE(LEFT(AA137,1))) -> 0 | AB137: =IFERROR(VLOOKUP(RIGHT(AA137,LEN(AA137)-2),'cards-dc.json'!$C:$E,3,FALSE),"")
B138: =IF(LEN(C138) < 3,0,VALUE(LEFT(C138,1))) -> 0 | D138: =IFERROR(VLOOKUP(RIGHT(C138,LEN(C138)-2),'cards-dc.json'!$C:$E,3,FALSE),"") | F138: =IF(LEN(G138) < 3,0,VALUE(LEFT(G138,1))) -> 0 | H138: =IFERROR(VLOOKUP(RIGHT(G138,LEN(G138)-2),'cards-dc.json'!$C:$E,3,FALSE),"") | J138: =IF(LEN(K138) < 3,0,VALUE(LEFT(K138,1))) -> 0 | L138: =IFERROR(VLOOKUP(RIGHT(K138,LEN(K138)-2),'cards-dc.json'!$C:$E,3,FALSE),"") | N138: =IF(LEN(O138) < 3,0,VALUE(LEFT(O138,1))) -> 0 | P138: =IFERROR(VLOOKUP(RIGHT(O138,LEN(O138)-2),'cards-dc.json'!$C:$E,3,FALSE),"") | R138: =IF(LEN(S138) < 3,0,VALUE(LEFT(S138,1))) -> 0 | T138: =IFERROR(VLOOKUP(RIGHT(S138,LEN(S138)-2),'cards-dc.json'!$C:$E,3,FALSE),"") | V138: =IF(LEN(W138) < 3,0,VALUE(LEFT(W138,1))) -> 0 | X138: =IFERROR(VLOOKUP(RIGHT(W138,LEN(W138)-2),'cards-dc.json'!$C:$E,3,FALSE),"") | Z138: =IF(LEN(AA138) < 3,0,VALUE(LEFT(AA138,1))) -> 0 | AB138: =IFERROR(VLOOKUP(RIGHT(AA138,LEN(AA138)-2),'cards-dc.json'!$C:$E,3,FALSE),"")
B139: =IF(LEN(C139) < 3,0,VALUE(LEFT(C139,1))) -> 0 | D139: =IFERROR(VLOOKUP(RIGHT(C139,LEN(C139)-2),'cards-dc.json'!$C:$E,3,FALSE),"") | F139: =IF(LEN(G139) < 3,0,VALUE(LEFT(G139,1))) -> 0 | H139: =IFERROR(VLOOKUP(RIGHT(G139,LEN(G139)-2),'cards-dc.json'!$C:$E,3,FALSE),"") | J139: =IF(LEN(K139) < 3,0,VALUE(LEFT(K139,1))) -> 0 | L139: =IFERROR(VLOOKUP(RIGHT(K139,LEN(K139)-2),'cards-dc.json'!$C:$E,3,FALSE),"") | N139: =IF(LEN(O139) < 3,0,VALUE(LEFT(O139,1))) -> 0 | P139: =IFERROR(VLOOKUP(RIGHT(O139,LEN(O139)-2),'cards-dc.json'!$C:$E,3,FALSE),"") | R139: =IF(LEN(S139) < 3,0,VALUE(LEFT(S139,1))) -> 0 | T139: =IFERROR(VLOOKUP(RIGHT(S139,LEN(S139)-2),'cards-dc.json'!$C:$E,3,FALSE),"") | V139: =IF(LEN(W139) < 3,0,VALUE(LEFT(W139,1))) -> 0 | X139: =IFERROR(VLOOKUP(RIGHT(W139,LEN(W139)-2),'cards-dc.json'!$C:$E,3,FALSE),"") | Z139: =IF(LEN(AA139) < 3,0,VALUE(LEFT(AA139,1))) -> 0 | AB139: =IFERROR(VLOOKUP(RIGHT(AA139,LEN(AA139)-2),'cards-dc.json'!$C:$E,3,FALSE),"")
B140: =IF(LEN(C140) < 3,0,VALUE(LEFT(C140,1))) -> 0 | D140: =IFERROR(VLOOKUP(RIGHT(C140,LEN(C140)-2),'cards-dc.json'!$C:$E,3,FALSE),"") | F140: =IF(LEN(G140) < 3,0,VALUE(LEFT(G140,1))) -> 0 | H140: =IFERROR(VLOOKUP(RIGHT(G140,LEN(G140)-2),'cards-dc.json'!$C:$E,3,FALSE),"") | J140: =IF(LEN(K140) < 3,0,VALUE(LEFT(K140,1))) -> 0 | L140: =IFERROR(VLOOKUP(RIGHT(K140,LEN(K140)-2),'cards-dc.json'!$C:$E,3,FALSE),"") | N140: =IF(LEN(O140) < 3,0,VALUE(LEFT(O140,1))) -> 0 | P140: =IFERROR(VLOOKUP(RIGHT(O140,LEN(O140)-2),'cards-dc.json'!$C:$E,3,FALSE),"") | R140: =IF(LEN(S140) < 3,0,VALUE(LEFT(S140,1))) -> 0 | T140: =IFERROR(VLOOKUP(RIGHT(S140,LEN(S140)-2),'cards-dc.json'!$C:$E,3,FALSE),"") | V140: =IF(LEN(W140) < 3,0,VALUE(LEFT(W140,1))) -> 0 | X140: =IFERROR(VLOOKUP(RIGHT(W140,LEN(W140)-2),'cards-dc.json'!$C:$E,3,FALSE),"") | Z140: =IF(LEN(AA140) < 3,0,VALUE(LEFT(AA140,1))) -> 0 | AB140: =IFERROR(VLOOKUP(RIGHT(AA140,LEN(AA140)-2),'cards-dc.json'!$C:$E,3,FALSE),"")
B141: =IF(LEN(C141) < 3,0,VALUE(LEFT(C141,1))) -> 0 | D141: =IFERROR(VLOOKUP(RIGHT(C141,LEN(C141)-2),'cards-dc.json'!$C:$E,3,FALSE),"") | F141: =IF(LEN(G141) < 3,0,VALUE(LEFT(G141,1))) -> 0 | H141: =IFERROR(VLOOKUP(RIGHT(G141,LEN(G141)-2),'cards-dc.json'!$C:$E,3,FALSE),"") | J141: =IF(LEN(K141) < 3,0,VALUE(LEFT(K141,1))) -> 0 | L141: =IFERROR(VLOOKUP(RIGHT(K141,LEN(K141)-2),'cards-dc.json'!$C:$E,3,FALSE),"") | N141: =IF(LEN(O141) < 3,0,VALUE(LEFT(O141,1))) -> 0 | P141: =IFERROR(VLOOKUP(RIGHT(O141,LEN(O141)-2),'cards-dc.json'!$C:$E,3,FALSE),"") | R141: =IF(LEN(S141) < 3,0,VALUE(LEFT(S141,1))) -> 0 | T141: =IFERROR(VLOOKUP(RIGHT(S141,LEN(S141)-2),'cards-dc.json'!$C:$E,3,FALSE),"") | V141: =IF(LEN(W141) < 3,0,VALUE(LEFT(W141,1))) -> 0 | X141: =IFERROR(VLOOKUP(RIGHT(W141,LEN(W141)-2),'cards-dc.json'!$C:$E,3,FALSE),"") | Z141: =IF(LEN(AA141) < 3,0,VALUE(LEFT(AA141,1))) -> 0 | AB141: =IFERROR(VLOOKUP(RIGHT(AA141,LEN(AA141)-2),'cards-dc.json'!$C:$E,3,FALSE),"")
B142: =IF(LEN(C142) < 3,0,VALUE(LEFT(C142,1))) -> 0 | D142: =IFERROR(VLOOKUP(RIGHT(C142,LEN(C142)-2),'cards-dc.json'!$C:$E,3,FALSE),"") | F142: =IF(LEN(G142) < 3,0,VALUE(LEFT(G142,1))) -> 0 | H142: =IFERROR(VLOOKUP(RIGHT(G142,LEN(G142)-2),'cards-dc.json'!$C:$E,3,FALSE),"") | J142: =IF(LEN(K142) < 3,0,VALUE(LEFT(K142,1))) -> 0 | L142: =IFERROR(VLOOKUP(RIGHT(K142,LEN(K142)-2),'cards-dc.json'!$C:$E,3,FALSE),"") | N142: =IF(LEN(O142) < 3,0,VALUE(LEFT(O142,1))) -> 0 | P142: =IFERROR(VLOOKUP(RIGHT(O142,LEN(O142)-2),'cards-dc.json'!$C:$E,3,FALSE),"") | R142: =IF(LEN(S142) < 3,0,VALUE(LEFT(S142,1))) -> 0 | T142: =IFERROR(VLOOKUP(RIGHT(S142,LEN(S142)-2),'cards-dc.json'!$C:$E,3,FALSE),"") | V142: =IF(LEN(W142) < 3,0,VALUE(LEFT(W142,1))) -> 0 | X142: =IFERROR(VLOOKUP(RIGHT(W142,LEN(W142)-2),'cards-dc.json'!$C:$E,3,FALSE),"") | Z142: =IF(LEN(AA142) < 3,0,VALUE(LEFT(AA142,1))) -> 0 | AB142: =IFERROR(VLOOKUP(RIGHT(AA142,LEN(AA142)-2),'cards-dc.json'!$C:$E,3,FALSE),"")
B143: =IF(LEN(C143) < 3,0,VALUE(LEFT(C143,1))) -> 0 | D143: =IFERROR(VLOOKUP(RIGHT(C143,LEN(C143)-2),'cards-dc.json'!$C:$E,3,FALSE),"") | F143: =IF(LEN(G143) < 3,0,VALUE(LEFT(G143,1))) -> 0 | H143: =IFERROR(VLOOKUP(RIGHT(G143,LEN(G143)-2),'cards-dc.json'!$C:$E,3,FALSE),"") | J143: =IF(LEN(K143) < 3,0,VALUE(LEFT(K143,1))) -> 0 | L143: =IFERROR(VLOOKUP(RIGHT(K143,LEN(K143)-2),'cards-dc.json'!$C:$E,3,FALSE),"") | N143: =IF(LEN(O143) < 3,0,VALUE(LEFT(O143,1))) -> 0 | P143: =IFERROR(VLOOKUP(RIGHT(O143,LEN(O143)-2),'cards-dc.json'!$C:$E,3,FALSE),"") | R143: =IF(LEN(S143) < 3,0,VALUE(LEFT(S143,1))) -> 0 | T143: =IFERROR(VLOOKUP(RIGHT(S143,LEN(S143)-2),'cards-dc.json'!$C:$E,3,FALSE),"") | V143: =IF(LEN(W143) < 3,0,VALUE(LEFT(W143,1))) -> 0 | X143: =IFERROR(VLOOKUP(RIGHT(W143,LEN(W143)-2),'cards-dc.json'!$C:$E,3,FALSE),"") | Z143: =IF(LEN(AA143) < 3,0,VALUE(LEFT(AA143,1))) -> 0 | AB143: =IFERROR(VLOOKUP(RIGHT(AA143,LEN(AA143)-2),'cards-dc.json'!$C:$E,3,FALSE),"")
B144: =IF(LEN(C144) < 3,0,VALUE(LEFT(C144,1))) -> 0 | D144: =IFERROR(VLOOKUP(RIGHT(C144,LEN(C144)-2),'cards-dc.json'!$C:$E,3,FALSE),"") | F144: =IF(LEN(G144) < 3,0,VALUE(LEFT(G144,1))) -> 0 | H144: =IFERROR(VLOOKUP(RIGHT(G144,LEN(G144)-2),'cards-dc.json'!$C:$E,3,FALSE),"") | J144: =IF(LEN(K144) < 3,0,VALUE(LEFT(K144,1))) -> 0 | L144: =IFERROR(VLOOKUP(RIGHT(K144,LEN(K144)-2),'cards-dc.json'!$C:$E,3,FALSE),"") | N144: =IF(LEN(O144) < 3,0,VALUE(LEFT(O144,1))) -> 0 | P144: =IFERROR(VLOOKUP(RIGHT(O144,LEN(O144)-2),'cards-dc.json'!$C:$E,3,FALSE),"") | R144: =IF(LEN(S144) < 3,0,VALUE(LEFT(S144,1))) -> 0 | T144: =IFERROR(VLOOKUP(RIGHT(S144,LEN(S144)-2),'cards-dc.json'!$C:$E,3,FALSE),"") | V144: =IF(LEN(W144) < 3,0,VALUE(LEFT(W144,1))) -> 0 | X144: =IFERROR(VLOOKUP(RIGHT(W144,LEN(W144)-2),'cards-dc.json'!$C:$E,3,FALSE),"") | Z144: =IF(LEN(AA144) < 3,0,VALUE(LEFT(AA144,1))) -> 0 | AB144: =IFERROR(VLOOKUP(RIGHT(AA144,LEN(AA144)-2),'cards-dc.json'!$C:$E,3,FALSE),"")
B145: =IF(LEN(C145) < 3,0,VALUE(LEFT(C145,1))) -> 0 | D145: =IFERROR(VLOOKUP(RIGHT(C145,LEN(C145)-2),'cards-dc.json'!$C:$E,3,FALSE),"") | F145: =IF(LEN(G145) < 3,0,VALUE(LEFT(G145,1))) -> 0 | H145: =IFERROR(VLOOKUP(RIGHT(G145,LEN(G145)-2),'cards-dc.json'!$C:$E,3,FALSE),"") | J145: =IF(LEN(K145) < 3,0,VALUE(LEFT(K145,1))) -> 0 | L145: =IFERROR(VLOOKUP(RIGHT(K145,LEN(K145)-2),'cards-dc.json'!$C:$E,3,FALSE),"") | N145: =IF(LEN(O145) < 3,0,VALUE(LEFT(O145,1))) -> 0 | P145: =IFERROR(VLOOKUP(RIGHT(O145,LEN(O145)-2),'cards-dc.json'!$C:$E,3,FALSE),"") | R145: =IF(LEN(S145) < 3,0,VALUE(LEFT(S145,1))) -> 0 | T145: =IFERROR(VLOOKUP(RIGHT(S145,LEN(S145)-2),'cards-dc.json'!$C:$E,3,FALSE),"") | V145: =IF(LEN(W145) < 3,0,VALUE(LEFT(W145,1))) -> 0 | X145: =IFERROR(VLOOKUP(RIGHT(W145,LEN(W145)-2),'cards-dc.json'!$C:$E,3,FALSE),"") | Z145: =IF(LEN(AA145) < 3,0,VALUE(LEFT(AA145,1))) -> 0 | AB145: =IFERROR(VLOOKUP(RIGHT(AA145,LEN(AA145)-2),'cards-dc.json'!$C:$E,3,FALSE),"")
B146: =IF(LEN(C146) < 3,0,VALUE(LEFT(C146,1))) -> 0 | D146: =IFERROR(VLOOKUP(RIGHT(C146,LEN(C146)-2),'cards-dc.json'!$C:$E,3,FALSE),"") | F146: =IF(LEN(G146) < 3,0,VALUE(LEFT(G146,1))) -> 0 | H146: =IFERROR(VLOOKUP(RIGHT(G146,LEN(G146)-2),'cards-dc.json'!$C:$E,3,FALSE),"") | J146: =IF(LEN(K146) < 3,0,VALUE(LEFT(K146,1))) -> 0 | L146: =IFERROR(VLOOKUP(RIGHT(K146,LEN(K146)-2),'cards-dc.json'!$C:$E,3,FALSE),"") | N146: =IF(LEN(O146) < 3,0,VALUE(LEFT(O146,1))) -> 0 | P146: =IFERROR(VLOOKUP(RIGHT(O146,LEN(O146)-2),'cards-dc.json'!$C:$E,3,FALSE),"") | R146: =IF(LEN(S146) < 3,0,VALUE(LEFT(S146,1))) -> 0 | T146: =IFERROR(VLOOKUP(RIGHT(S146,LEN(S146)-2),'cards-dc.json'!$C:$E,3,FALSE),"") | V146: =IF(LEN(W146) < 3,0,VALUE(LEFT(W146,1))) -> 0 | X146: =IFERROR(VLOOKUP(RIGHT(W146,LEN(W146)-2),'cards-dc.json'!$C:$E,3,FALSE),"") | Z146: =IF(LEN(AA146) < 3,0,VALUE(LEFT(AA146,1))) -> 0 | AB146: =IFERROR(VLOOKUP(RIGHT(AA146,LEN(AA146)-2),'cards-dc.json'!$C:$E,3,FALSE),"")
B147: =IF(LEN(C147) < 3,0,VALUE(LEFT(C147,1))) -> 0 | D147: =IFERROR(VLOOKUP(RIGHT(C147,LEN(C147)-2),'cards-dc.json'!$C:$E,3,FALSE),"") | F147: =IF(LEN(G147) < 3,0,VALUE(LEFT(G147,1))) -> 0 | H147: =IFERROR(VLOOKUP(RIGHT(G147,LEN(G147)-2),'cards-dc.json'!$C:$E,3,FALSE),"") | J147: =IF(LEN(K147) < 3,0,VALUE(LEFT(K147,1))) -> 0 | L147: =IFERROR(VLOOKUP(RIGHT(K147,LEN(K147)-2),'cards-dc.json'!$C:$E,3,FALSE),"") | N147: =IF(LEN(O147) < 3,0,VALUE(LEFT(O147,1))) -> 0 | P147: =IFERROR(VLOOKUP(RIGHT(O147,LEN(O147)-2),'cards-dc.json'!$C:$E,3,FALSE),"") | R147: =IF(LEN(S147) < 3,0,VALUE(LEFT(S147,1))) -> 0 | T147: =IFERROR(VLOOKUP(RIGHT(S147,LEN(S147)-2),'cards-dc.json'!$C:$E,3,FALSE),"") | V147: =IF(LEN(W147) < 3,0,VALUE(LEFT(W147,1))) -> 0 | X147: =IFERROR(VLOOKUP(RIGHT(W147,LEN(W147)-2),'cards-dc.json'!$C:$E,3,FALSE),"") | Z147: =IF(LEN(AA147) < 3,0,VALUE(LEFT(AA147,1))) -> 0 | AB147: =IFERROR(VLOOKUP(RIGHT(AA147,LEN(AA147)-2),'cards-dc.json'!$C:$E,3,FALSE),"")
... B165: =IF(LEN(C165) < 3,0,VALUE(LEFT(C165,1))) -> 0 | D165: =IFERROR(VLOOKUP(RIGHT(C165,LEN(C165)-2),'cards-dc.json'!$C:$E,3,FALSE),"") | F165: =IF(LEN(G165) < 3,0,VALUE(LEFT(G165,1))) -> 0 | H165: =IFERROR(VLOOKUP(RIGHT(G165,LEN(G165)-2),'cards-dc.json'!$C:$E,3,FALSE),"") | J165: =IF(LEN(K165) < 3,0,VALUE(LEFT(K165,1))) -> 0 | L165: =IFERROR(VLOOKUP(RIGHT(K165,LEN(K165)-2),'cards-dc.json'!$C:$E,3,FALSE),"") | N165: =IF(LEN(O165) < 3,0,VALUE(LEFT(O165,1))) -> 0 | P165: =IFERROR(VLOOKUP(RIGHT(O165,LEN(O165)-2),'cards-dc.json'!$C:$E,3,FALSE),"") | R165: =IF(LEN(S165) < 3,0,VALUE(LEFT(S165,1))) -> 0 | T165: =IFERROR(VLOOKUP(RIGHT(S165,LEN(S165)-2),'cards-dc.json'!$C:$E,3,FALSE),"") | V165: =IF(LEN(W165) < 3,0,VALUE(LEFT(W165,1))) -> 0 | X165: =IFERROR(VLOOKUP(RIGHT(W165,LEN(W165)-2),'cards-dc.json'!$C:$E,3,FALSE),"") | Z165: =IF(LEN(AA165) < 3,0,VALUE(LEFT(AA165,1))) -> 0 | AB165: =IFERROR(VLOOKUP(RIGHT(AA165,LEN(AA165)-2),'cards-dc.json'!$C:$E,3,FALSE),"")
B166: =IF(LEN(C166) < 3,0,VALUE(LEFT(C166,1))) -> 0 | F166: =IF(LEN(G166) < 3,0,VALUE(LEFT(G166,1))) -> 0 | J166: =IF(LEN(K166) < 3,0,VALUE(LEFT(K166,1))) -> 0 | N166: =IF(LEN(O166) < 3,0,VALUE(LEFT(O166,1))) -> 0 | R166: =IF(LEN(S166) < 3,0,VALUE(LEFT(S166,1))) -> 0 | V166: =IF(LEN(W166) < 3,0,VALUE(LEFT(W166,1))) -> 0 | Z166: =IF(LEN(AA166) < 3,0,VALUE(LEFT(AA166,1))) -> 0
B167: =IF(LEN(C167) < 3,0,VALUE(LEFT(C167,1))) -> 0 | F167: =IF(LEN(G167) < 3,0,VALUE(LEFT(G167,1))) -> 0 | J167: =IF(LEN(K167) < 3,0,VALUE(LEFT(K167,1))) -> 0 | N167: =IF(LEN(O167) < 3,0,VALUE(LEFT(O167,1))) -> 0 | R167: =IF(LEN(S167) < 3,0,VALUE(LEFT(S167,1))) -> 0 | V167: =IF(LEN(W167) < 3,0,VALUE(LEFT(W167,1))) -> 0 | Z167: =IF(LEN(AA167) < 3,0,VALUE(LEFT(AA167,1))) -> 0
B168: =IF(LEN(C168) < 3,0,VALUE(LEFT(C168,1))) -> 0 | F168: =IF(LEN(G168) < 3,0,VALUE(LEFT(G168,1))) -> 0 | J168: =IF(LEN(K168) < 3,0,VALUE(LEFT(K168,1))) -> 0 | N168: =IF(LEN(O168) < 3,0,VALUE(LEFT(O168,1))) -> 0 | R168: =IF(LEN(S168) < 3,0,VALUE(LEFT(S168,1))) -> 0 | V168: =IF(LEN(W168) < 3,0,VALUE(LEFT(W168,1))) -> 0 | Z168: =IF(LEN(AA168) < 3,0,VALUE(LEFT(AA168,1))) -> 0
B169: =IF(LEN(C169) < 3,0,VALUE(LEFT(C169,1))) -> 0 | F169: =IF(LEN(G169) < 3,0,VALUE(LEFT(G169,1))) -> 0 | J169: =IF(LEN(K169) < 3,0,VALUE(LEFT(K169,1))) -> 0 | N169: =IF(LEN(O169) < 3,0,VALUE(LEFT(O169,1))) -> 0 | R169: =IF(LEN(S169) < 3,0,VALUE(LEFT(S169,1))) -> 0 | V169: =IF(LEN(W169) < 3,0,VALUE(LEFT(W169,1))) -> 0 | Z169: =IF(LEN(AA169) < 3,0,VALUE(LEFT(AA169,1))) -> 0
B170: =IF(LEN(C170) < 3,0,VALUE(LEFT(C170,1))) -> 0 | F170: =IF(LEN(G170) < 3,0,VALUE(LEFT(G170,1))) -> 0 | J170: =IF(LEN(K170) < 3,0,VALUE(LEFT(K170,1))) -> 0 | N170: =IF(LEN(O170) < 3,0,VALUE(LEFT(O170,1))) -> 0 | R170: =IF(LEN(S170) < 3,0,VALUE(LEFT(S170,1))) -> 0 | V170: =IF(LEN(W170) < 3,0,VALUE(LEFT(W170,1))) -> 0 | Z170: =IF(LEN(AA170) < 3,0,VALUE(LEFT(AA170,1))) -> 0
B171: =IF(LEN(C171) < 3,0,VALUE(LEFT(C171,1))) -> 0 | F171: =IF(LEN(G171) < 3,0,VALUE(LEFT(G171,1))) -> 0 | J171: =IF(LEN(K171) < 3,0,VALUE(LEFT(K171,1))) -> 0 | N171: =IF(LEN(O171) < 3,0,VALUE(LEFT(O171,1))) -> 0 | R171: =IF(LEN(S171) < 3,0,VALUE(LEFT(S171,1))) -> 0 | V171: =IF(LEN(W171) < 3,0,VALUE(LEFT(W171,1))) -> 0 | Z171: =IF(LEN(AA171) < 3,0,VALUE(LEFT(AA171,1))) -> 0
B172: =IF(LEN(C172) < 3,0,VALUE(LEFT(C172,1))) -> 0 | F172: =IF(LEN(G172) < 3,0,VALUE(LEFT(G172,1))) -> 0 | J172: =IF(LEN(K172) < 3,0,VALUE(LEFT(K172,1))) -> 0 | N172: =IF(LEN(O172) < 3,0,VALUE(LEFT(O172,1))) -> 0 | R172: =IF(LEN(S172) < 3,0,VALUE(LEFT(S172,1))) -> 0 | V172: =IF(LEN(W172) < 3,0,VALUE(LEFT(W172,1))) -> 0 | Z172: =IF(LEN(AA172) < 3,0,VALUE(LEFT(AA172,1))) -> 0
B173: =IF(LEN(C173) < 3,0,VALUE(LEFT(C173,1))) -> 0 | F173: =IF(LEN(G173) < 3,0,VALUE(LEFT(G173,1))) -> 0 | J173: =IF(LEN(K173) < 3,0,VALUE(LEFT(K173,1))) -> 0 | N173: =IF(LEN(O173) < 3,0,VALUE(LEFT(O173,1))) -> 0 | R173: =IF(LEN(S173) < 3,0,VALUE(LEFT(S173,1))) -> 0 | V173: =IF(LEN(W173) < 3,0,VALUE(LEFT(W173,1))) -> 0 | Z173: =IF(LEN(AA173) < 3,0,VALUE(LEFT(AA173,1))) -> 0
B174: =IF(LEN(C174) < 3,0,VALUE(LEFT(C174,1))) -> 0 | F174: =IF(LEN(G174) < 3,0,VALUE(LEFT(G174,1))) -> 0 | J174: =IF(LEN(K174) < 3,0,VALUE(LEFT(K174,1))) -> 0 | N174: =IF(LEN(O174) < 3,0,VALUE(LEFT(O174,1))) -> 0 | R174: =IF(LEN(S174) < 3,0,VALUE(LEFT(S174,1))) -> 0 | V174: =IF(LEN(W174) < 3,0,VALUE(LEFT(W174,1))) -> 0 | Z174: =IF(LEN(AA174) < 3,0,VALUE(LEFT(AA174,1))) -> 0
B175: =IF(LEN(C175) < 3,0,VALUE(LEFT(C175,1))) -> 0 | F175: =IF(LEN(G175) < 3,0,VALUE(LEFT(G175,1))) -> 0 | J175: =IF(LEN(K175) < 3,0,VALUE(LEFT(K175,1))) -> 0 | N175: =IF(LEN(O175) < 3,0,VALUE(LEFT(O175,1))) -> 0 | R175: =IF(LEN(S175) < 3,0,VALUE(LEFT(S175,1))) -> 0 | V175: =IF(LEN(W175) < 3,0,VALUE(LEFT(W175,1))) -> 0 | Z175: =IF(LEN(AA175) < 3,0,VALUE(LEFT(AA175,1))) -> 0
C176: =C$1&" "&C$3 | G176: =G$1&" "&G$3 | K176: =K$1&" "&K$3 | O176: =O$1&" "&O$3 | S176: =S$1&" "&S$3 | W176: =W$1&" "&W$3 | AA176: =AA$1&" "&AA$3
B177: FW-DC-SB | C177: SIDEBOARD: Fallen,Dream | F177: FW-DC-SB | G177: SIDEBOARD: Fallen,Dream | J177: FW-DC-SB | K177: SIDEBOARD: Fallen,Dream | N177: FW-DC-SB | O177: SIDEBOARD: Fallen,Dream | R177: FW-DC-SB | S177: SIDEBOARD: Fallen,Dream | V177: FW-DC-SB | W177: SIDEBOARD: Fallen,Dream | Z177: FW-DC-SB | AA177: SIDEBOARD: Fallen,Dream
B178: ="Qty: "&SUM(B179:B249) -> Qty: 0 | F178: ="Qty: "&SUM(F179:F249) -> Qty: 0 | J178: ="Qty: "&SUM(J179:J249) -> Qty: 0 | N178: ="Qty: "&SUM(N179:N249) -> Qty: 0 | R178: ="Qty: "&SUM(R179:R249) -> Qty: 0 | V178: ="Qty: "&SUM(V179:V249) -> Qty: 0 | Z178: ="Qty: "&SUM(Z179:Z249) -> Qty: 0
B179: =IF(LEN(C179) < 3,0,VALUE(LEFT(C179,1))) -> 0 | D179: =IFERROR(VLOOKUP(RIGHT(C179,LEN(C179)-2),'cards-dc.json'!$C:$E,3,FALSE),"") | F179: =IF(LEN(G179) < 3,0,VALUE(LEFT(G179,1))) -> 0 | H179: =IFERROR(VLOOKUP(RIGHT(G179,LEN(G179)-2),'cards-dc.json'!$C:$E,3,FALSE),"") | J179: =IF(LEN(K179) < 3,0,VALUE(LEFT(K179,1))) -> 0 | L179: =IFERROR(VLOOKUP(RIGHT(K179,LEN(K179)-2),'cards-dc.json'!$C:$E,3,FALSE),"") | N179: =IF(LEN(O179) < 3,0,VALUE(LEFT(O179,1))) -> 0 | P179: =IFERROR(VLOOKUP(RIGHT(O179,LEN(O179)-2),'cards-dc.json'!$C:$E,3,FALSE),"") | R179: =IF(LEN(S179) < 3,0,VALUE(LEFT(S179,1))) -> 0 | T179: =IFERROR(VLOOKUP(RIGHT(S179,LEN(S179)-2),'cards-dc.json'!$C:$E,3,FALSE),"") | V179: =IF(LEN(W179) < 3,0,VALUE(LEFT(W179,1))) -> 0 | X179: =IFERROR(VLOOKUP(RIGHT(W179,LEN(W179)-2),'cards-dc.json'!$C:$E,3,FALSE),"") | Z179: =IF(LEN(AA179) < 3,0,VALUE(LEFT(AA179,1))) -> 0 | AB179: =IFERROR(VLOOKUP(RIGHT(AA179,LEN(AA179)-2),'cards-dc.json'!$C:$E,3,FALSE),"")
...

Sheet World
B1: deck name | C1: Gandalf - Short Breaks in Eriador | F1: deck name | G1: Radagast - Start of Hope in Anduin | J1: deck name | K1: Sauron - Border Squat | N1: deck name | O1: Pallando - Song of Lords and Halflings | R1: deck name | S1: Pallando - Song of Lords and Halflings | V1: deck name | W1: Balrog | Z1: deck name | AA1: Balrog | AD1: deck name | AE1: Balrog | AH1: deck name | AI1: Balrog | AL1: deck name | AM1: Fallen Radagast | AP1: deck name | AQ1: Fallen Radagast | AT1: deck name | AU1: Hero One Ring | AX1: deck name | AY1: Hero One Ring | BB1: deck name | BC1: Balrog | BF1: deck name | BG1: Balrog | BJ1: deck name | BK1: Fallen Alatar | BN1: deck name | BO1: Fallen Alatar | BR1: deck name | BS1: Balrog - Red Hills | BV1: deck name | BW1: Balrog - Red Hills | BZ1: deck name | CA1: Fallen Alatar | CD1: deck name | CE1: Fallen Radagast | CH1: deck name | CI1: Fallen Radagast | CL1: deck name | CM1: Sauron - Faithless Stewards | CP1: deck name | CQ1: Balrog - Red Hills | CT1: deck name | CU1: Balrog | CX1: deck name | CY1: Balrog | DB1: deck name | DC1: Balrog | DF1: deck name | DG1: Ren | DJ1: deck name | DK1: Hero One Ring | DN1: deck name | DO1: Fallen Pallando | DR1: deck name | DS1: Radagast | DV1: deck name | DW1: Gandalf | DZ1: deck name | EA1: Sauron Arise | ED1: deck name | EE1: Sauron Arise | EH1: deck name
C2: Jordi Sorribes, Worlds 2022 (Rk1) | G2: Jordi Sorribes, Worlds 2022 (Rk1) | K2: Sergio 'Kodi' Martínez, Worlds 2021 (Rk1) | O2: Sergio 'Kodi' Martínez, Worlds 2021 (Rk1) | S2: Sergio 'Kodi' Martínez, Worlds 2021 (Rk1) | W2: Patric, Worlds 2019 (winner) | AA2: Patric, Worlds 2019 (winner) | AE2: Heiner Vierhues, Worlds 2018 (Rk1) | AI2: Heiner Vierhues, Worlds 2018 (Rk1) | AM2: Patric Laxander, Worlds 2017 (Rk1) | AQ2: Patric Laxander, Worlds 2017 (Rk1) | AU2: Patric Laxander, Worlds 2016 (Rk1) | AY2: Patric Laxander, Worlds 2016 (Rk1) | BC2: Enrique Navarro, Worlds 2011 (Rk1) | BG2: Enrique Navarro, Worlds 2011 (Rk1) | BK2: Jordi Sorribes, Worlds 2009 | BO2: Jordi Sorribes, Worlds 2009 | BS2: Heiner Vierhues, Worlds 2008 (Rk1) | BW2: Heiner Vierhues, Worlds 2008 (Rk1) | CA2: Agustín Lozano, Worlds 2007 (Rk1) | CE2: Patric Laxander, Worlds 2005 (Rk1) | CI2: Patric Laxander, Worlds 2005 (Rk1) | CM2: Mark Alfano, Worlds 2004 (Rk1) | CQ2: Mark Alfano, Worlds 2004 (Rk1) | CU2: Jeroen Ouwehand, Worlds 2003 (Rk1) | CY2: Jeroen Ouwehand, Worlds 2003 (Rk1) | DC2: Wanja Hargens, Worlds 2002 (Rk1) | DG2: Wanja Hargens, Worlds 2002 (Rk1) | DK2: Steve Cantens, Worlds 2000 (win) | DO2: Georg Kühlmeyer, Worlds 1998 (Rk1) | DS2: Héctor Sanz, Worlds 1997 (Rk1) | DW2: Omar Sagol Solano, Worlds 1996 (Rk 1) | EA2: Beornd, Caradhras Munich 2011 (win) | EE2: Beornd, Caradhras Munich 2011 (win) | EI2: blank; copy to use later
C3: vs. Hero/Fallen Wizard | G3: vs. Minion | K3: vs. Hero/Fallen Wizard | O3: vs. Minion | S3: vs. Hero/Fallen Wizard | W3: vs. Hero/Fallen Wizard | AA3: vs. Minion | AE3: vs. Hero/FW | AI3: vs. Minion | AM3: vs. Hero | AQ3: vs. Minioin/Fallen-wizard | AU3: vs. Hero | AY3: vs. Minioin/Fallen-wizard | BC3: vs. Hero/Fallen-Wizard | BG3: vs. Minion | BK3: vs. Hero, Fallen | BO3: vs. Minion | BS3: vs. Hero/FW | BW3: vs. Minion | CA3: vs. Hero/Minion/FW | CE3: vs. Hero | CI3: vs. Minion/Fallen Wizard | CM3: vs. Hero/Fallen Wizard | CQ3: vs. Minion | CU3: vs. Hero | CY3: vs. Minion/Fallen | DC3: vs. Hero/Fallen Wizard | DG3: vs. Minioin | DK3: vs. Hero/Minion | DO3: vs. Minion | DS3: vs. Minion | DW3: vs. Hero | EA3: vs. Hero | EE3: vs. Minion
B4: POOL | C4: =SUM(B13:B28) -> 10 | F4: POOL | G4: =SUM(F13:F28) -> 7 | J4: POOL | K4: =SUM(J13:J28) -> 10 | N4: POOL | O4: =SUM(N13:N28) -> 6 | R4: POOL | S4: =SUM(R13:R28) -> 12 | V4: POOL | W4: =SUM(V13:V28) -> 11 | Z4: POOL | AA4: =SUM(Z13:Z28) -> 11 | AD4: POOL | AE4: =SUM(AD13:AD28) -> 5 | AH4: POOL | AI4: =SUM(AH13:AH28) -> 5 | AL4: POOL | AM4: =SUM(AL13:AL28) -> 15 | AP4: POOL | AQ4: =SUM(AP13:AP28) -> 15 | AT4: POOL | AU4: =SUM(AT13:AT28) -> 12 | AX4: POOL | AY4: =SUM(AX13:AX28) -> 12 | BB4: POOL | BC4: =SUM(BB13:BB28) -> 5 | BF4: POOL | BG4: =SUM(BF13:BF28) -> 12 | BJ4: POOL | BK4: =SUM(BJ13:BJ28) -> 13 | BN4: POOL | BO4: =SUM(BN13:BN28) -> 14 | BR4: POOL | BS4: =SUM(BR13:BR28) -> 5 | BV4: POOL | BW4: =SUM(BV13:BV28) -> 12 | BZ4: POOL | CA4: =SUM(BZ13:BZ28) -> 14 | CD4: POOL | CE4: =SUM(CD13:CD28) -> 14 | CH4: POOL | CI4: =SUM(CH13:CH28) -> 9 | CL4: POOL | CM4: =SUM(CL13:CL28) -> 12 | CP4: POOL | CQ4: =SUM(CP13:CP28) -> 11 | CT4: POOL | CU4: =SUM(CT13:CT28) -> 10 | CX4: POOL | CY4: =SUM(CX13:CX28) -> 10 | DB4: POOL | DC4: =SUM(DB13:DB28) -> 6 | DF4: POOL | DG4: =SUM(DF13:DF28) -> 12 | DJ4: POOL | DK4: =SUM(DJ13:DJ28) -> 10 | DN4: POOL | DO4: =SUM(DN13:DN28) -> 14 | DR4: POOL | DS4: =SUM(DR13:DR28) -> 7 | DV4: POOL | DW4: =SUM(DV13:DV28) -> 6 | DZ4: POOL | EA4: =SUM(DZ13:DZ28) -> 8 | ED4: POOL | EE4: =SUM(ED13:ED28) -> 8 | EH4: POOL | EI4: =SUM(EH13:EH28) -> 0
B5: CHAR | C5: =SUM(B32:B46) -> 9 | F5: CHAR | G5: =SUM(F32:F46) -> 6 | J5: CHAR | K5: =SUM(J32:J46) -> 10 | N5: CHAR | O5: =SUM(N32:N46) -> 8 | R5: CHAR | S5: =SUM(R32:R46) -> 8 | V5: CHAR | W5: =SUM(V32:V46) -> 3 | Z5: CHAR | AA5: =SUM(Z32:Z46) -> 3 | AD5: CHAR | AE5: =SUM(AD32:AD46) -> 6 | AH5: CHAR | AI5: =SUM(AH32:AH46) -> 6 | AL5: CHAR | AM5: =SUM(AL32:AL46) -> 5 | AP5: CHAR | AQ5: =SUM(AP32:AP46) -> 5 | AT5: CHAR | AU5: =SUM(AT32:AT46) -> 8 | AX5: CHAR | AY5: =SUM(AX32:AX46) -> 8 | BB5: CHAR | BC5: =SUM(BB32:BB46) -> 5 | BF5: CHAR | BG5: =SUM(BF32:BF46) -> 3 | BJ5: CHAR | BK5: =SUM(BJ32:BJ46) -> 6 | BN5: CHAR | BO5: =SUM(BN32:BN46) -> 7 | BR5: CHAR | BS5: =SUM(BR32:BR46) -> 8 | BV5: CHAR | BW5: =SUM(BV32:BV46) -> 4 | BZ5: CHAR | CA5: =SUM(BZ32:BZ46) -> 4 | CD5: CHAR | CE5: =SUM(CD32:CD46) -> 8 | CH5: CHAR | CI5: =SUM(CH32:CH46) -> 10 | CL5: CHAR | CM5: =SUM(CL32:CL46) -> 5 | CP5: CHAR | CQ5: =SUM(CP32:CP46) -> 3 | CT5: CHAR | CU5: =SUM(CT32:CT46) -> 3 | CX5: CHAR | CY5: =SUM(CX32:CX46) -> 3 | DB5: CHAR | DC5: =SUM(DB32:DB46) -> 3 | DF5: CHAR | DG5: =SUM(DF32:DF46) -> 12 | DJ5: CHAR | DK5: =SUM(DJ32:DJ46) -> 3 | DN5: CHAR | DO5: =SUM(DN32:DN46) -> 4 | DR5: CHAR | DS5: =SUM(DR32:DR46) -> 8 | DV5: CHAR | DW5: =SUM(DV32:DV46) -> 8 | DZ5: CHAR | EA5: =SUM(DZ32:DZ46) -> 8 | ED5: CHAR | EE5: =SUM(ED32:ED46) -> 8 | EH5: CHAR | EI5: =SUM(EH32:EH46) -> 0
B6: RES | C6: =SUM(B50:B89) -> 30 | F6: RES | G6: =SUM(F50:F89) -> 30 | J6: RES | K6: =SUM(J50:J89) -> 30 | N6: RES | O6: =SUM(N50:N89) -> 30 | R6: RES | S6: =SUM(R50:R89) -> 30 | V6: RES | W6: =SUM(V50:V89) -> 30 | Z6: RES | AA6: =SUM(Z50:Z89) -> 30 | AD6: RES | AE6: =SUM(AD50:AD89) -> 30 | AH6: RES | AI6: =SUM(AH50:AH89) -> 30 | AL6: RES | AM6: =SUM(AL50:AL89) -> 30 | AP6: RES | AQ6: =SUM(AP50:AP89) -> 30 | AT6: RES | AU6: =SUM(AT50:AT89) -> 30 | AX6: RES | AY6: =SUM(AX50:AX89) -> 30 | BB6: RES | BC6: =SUM(BB50:BB89) -> 30 | BF6: RES | BG6: =SUM(BF50:BF89) -> 30 | BJ6: RES | BK6: =SUM(BJ50:BJ89) -> 30 | BN6: RES | BO6: =SUM(BN50:BN89) -> 30 | BR6: RES | BS6: =SUM(BR50:BR89) -> 30 | BV6: RES | BW6: =SUM(BV50:BV89) -> 30 | BZ6: RES | CA6: =SUM(BZ50:BZ89) -> 30 | CD6: RES | CE6: =SUM(CD50:CD89) -> 30 | CH6: RES | CI6: =SUM(CH50:CH89) -> 30 | CL6: RES | CM6: =SUM(CL50:CL89) -> 30 | CP6: RES | CQ6: =SUM(CP50:CP89) -> 30 | CT6: RES | CU6: =SUM(CT50:CT89) -> 30 | CX6: RES | CY6: =SUM(CX50:CX89) -> 30 | DB6: RES | DC6: =SUM(DB50:DB89) -> 30 | DF6: RES | DG6: =SUM(DF50:DF89) -> 30 | DJ6: RES | DK6: =SUM(DJ50:DJ89) -> 30 | DN6: RES | DO6: =SUM(DN50:DN89) -> 30 | DR6: RES | DS6: =SUM(DR50:DR89) -> 30 | DV6: RES | DW6: =SUM(DV50:DV89) -> 31 | DZ6: RES | EA6: =SUM(DZ50:DZ89) -> 30 | ED6: RES | EE6: =SUM(ED50:ED89) -> 30 | EH6: RES | EI6: =SUM(EH50:EH89) -> 0
B7: HAZ | C7: =SUM(B93:B132) -> 30 | F7: HAZ | G7: =SUM(F93:F132) -> 30 | J7: HAZ | K7: =SUM(J93:J132) -> 30 | N7: HAZ | O7: =SUM(N93:N132) -> 30 | R7: HAZ | S7: =SUM(R93:R132) -> 30 | V7: HAZ | W7: =SUM(V93:V132) -> 30 | Z7: HAZ | AA7: =SUM(Z93:Z132) -> 30 | AD7: HAZ | AE7: =SUM(AD93:AD132) -> 0 | AH7: HAZ | AI7: =SUM(AH93:AH132) -> 0 | AL7: HAZ | AM7: =SUM(AL93:AL132) -> 30 | AP7: HAZ | AQ7: =SUM(AP93:AP132) -> 30 | AT7: HAZ | AU7: =SUM(AT93:AT132) -> 30 | AX7: HAZ | AY7: =SUM(AX93:AX132) -> 30 | BB7: HAZ | BC7: =SUM(BB93:BB132) -> 30 | BF7: HAZ | BG7: =SUM(BF93:BF132) -> 30 | BJ7: HAZ | BK7: =SUM(BJ93:BJ132) -> 30 | BN7: HAZ | BO7: =SUM(BN93:BN132) -> 30 | BR7: HAZ | BS7: =SUM(BR93:BR132) -> 30 | BV7: HAZ | BW7: =SUM(BV93:BV132) -> 30 | BZ7: HAZ | CA7: =SUM(BZ93:BZ132) -> 30 | CD7: HAZ | CE7: =SUM(CD93:CD132) -> 30 | CH7: HAZ | CI7: =SUM(CH93:CH132) -> 30 | CL7: HAZ | CM7: =SUM(CL93:CL132) -> 30 | CP7: HAZ | CQ7: =SUM(CP93:CP132) -> 30 | CT7: HAZ | CU7: =SUM(CT93:CT132) -> 30 | CX7: HAZ | CY7: =SUM(CX93:CX132) -> 30 | DB7: HAZ | DC7: =SUM(DB93:DB132) -> 30 | DF7: HAZ | DG7: =SUM(DF93:DF132) -> 30 | DJ7: HAZ | DK7: =SUM(DJ93:DJ132) -> 30 | DN7: HAZ | DO7: =SUM(DN93:DN132) -> 30 | DR7: HAZ | DS7: =SUM(DR93:DR132) -> 30 | DV7: HAZ | DW7: =SUM(DV93:DV132) -> 31 | DZ7: HAZ | EA7: =SUM(DZ93:DZ132) -> 30 | ED7: HAZ | EE7: =SUM(ED93:ED132) -> 30 | EH7: HAZ | EI7: =SUM(EH93:EH132) -> 0
B8: Sideboard | C8: =SUM(B136:B175) -> 12 | F8: Sideboard | G8: =SUM(F136:F175) -> 30 | J8: Sideboard | K8: =SUM(J136:J175) -> 30 | N8: Sideboard | O8: =SUM(N136:N175) -> 30 | R8: Sideboard | S8: =SUM(R136:R175) -> 30 | V8: Sideboard | W8: =SUM(V136:V175) -> 30 | Z8: Sideboard | AA8: =SUM(Z136:Z175) -> 30 | AD8: Sideboard | AE8: =SUM(AD136:AD175) -> 20 | AH8: Sideboard | AI8: =SUM(AH136:AH175) -> 20 | AL8: Sideboard | AM8: =SUM(AL136:AL175) -> 30 | AP8: Sideboard | AQ8: =SUM(AP136:AP175) -> 30 | AT8: Sideboard | AU8: =SUM(AT136:AT175) -> 30 | AX8: Sideboard | AY8: =SUM(AX136:AX175) -> 30 | BB8: Sideboard | BC8: =SUM(BB136:BB175) -> 30 | BF8: Sideboard | BG8: =SUM(BF136:BF175) -> 30 | BJ8: Sideboard | BK8: =SUM(BJ136:BJ175) -> 30 | BN8: Sideboard | BO8: =SUM(BN136:BN175) -> 30 | BR8: Sideboard | BS8: =SUM(BR136:BR175) -> 29 | BV8: Sideboard | BW8: =SUM(BV136:BV175) -> 30 | BZ8: Sideboard | CA8: =SUM(BZ136:BZ175) -> 30 | CD8: Sideboard | CE8: =SUM(CD136:CD175) -> 30 | CH8: Sideboard | CI8: =SUM(CH136:CH175) -> 30 | CL8: Sideboard | CM8: =SUM(CL136:CL175) -> 30 | CP8: Sideboard | CQ8: =SUM(CP136:CP175) -> 30 | CT8: Sideboard | CU8: =SUM(CT136:CT175) -> 30 | CX8: Sideboard | CY8: =SUM(CX136:CX175) -> 30 | DB8: Sideboard | DC8: =SUM(DB136:DB175) -> 30 | DF8: Sideboard | DG8: =SUM(DF136:DF175) -> 30 | DJ8: Sideboard | DK8: =SUM(DJ136:DJ175) -> 30 | DN8: Sideboard | DO8: =SUM(DN136:DN175) -> 30 | DR8: Sideboard | DS8: =SUM(DR136:DR175) -> 25 | DV8: Sideboard | DW8: =SUM(DV136:DV175) -> 20 | DZ8: Sideboard | EA8: =SUM(DZ136:DZ175) -> 30 | ED8: Sideboard | EE8: =SUM(ED136:ED175) -> 30 | EH8: Sideboard | EI8: =SUM(EH136:EH175) -> 0
B9: FW-DC-SB | C9: =SUM(B179:B198) -> 0 | F9: FW-DC-SB | G9: =SUM(F179:F198) -> 0 | J9: FW-DC-SB | K9: =SUM(J179:J198) -> 10 | N9: FW-DC-SB | O9: =SUM(N179:N198) -> 0 | R9: FW-DC-SB | S9: =SUM(R179:R198) -> 10 | V9: FW-DC-SB | W9: =SUM(V179:V198) -> 10 | Z9: FW-DC-SB | AA9: =SUM(Z179:Z198) -> 10 | AD9: FW-DC-SB | AE9: =SUM(AD179:AD198) -> 0 | AH9: FW-DC-SB | AI9: =SUM(AH179:AH198) -> 0 | AL9: FW-DC-SB | AM9: =SUM(AL179:AL198) -> 0 | AP9: FW-DC-SB | AQ9: =SUM(AP179:AP198) -> 10 | AT9: FW-DC-SB | AU9: =SUM(AT179:AT198) -> 0 | AX9: FW-DC-SB | AY9: =SUM(AX179:AX198) -> 0 | BB9: FW-DC-SB | BC9: =SUM(BB179:BB198) -> 10 | BF9: FW-DC-SB | BG9: =SUM(BF179:BF198) -> 0 | BJ9: FW-DC-SB | BK9: =SUM(BJ179:BJ198) -> 10 | BN9: FW-DC-SB | BO9: =SUM(BN179:BN198) -> 0 | BR9: FW-DC-SB | BS9: =SUM(BR179:BR198) -> 10 | BV9: FW-DC-SB | BW9: =SUM(BV179:BV198) -> 0 | BZ9: FW-DC-SB | CA9: =SUM(BZ179:BZ198) -> 10 | CD9: FW-DC-SB | CE9: =SUM(CD179:CD198) -> 0 | CH9: FW-DC-SB | CI9: =SUM(CH179:CH198) -> 10 | CL9: FW-DC-SB | CM9: =SUM(CL179:CL198) -> 0 | CP9: FW-DC-SB | CQ9: =SUM(CP179:CP198) -> 0 | CT9: FW-DC-SB | CU9: =SUM(CT179:CT198) -> 0 | CX9: FW-DC-SB | CY9: =SUM(CX179:CX198) -> 10 | DB9: FW-DC-SB | DC9: =SUM(DB179:DB198) -> 10 | DF9: FW-DC-SB | DG9: =SUM(DF179:DF198) -> 0 | DJ9: FW-DC-SB | DK9: =SUM(DJ179:DJ198) -> 0 | DN9: FW-DC-SB | DO9: =SUM(DN179:DN198) -> 0 | DR9: FW-DC-SB | DS9: =SUM(DR179:DR198) -> 0 | DV9: FW-DC-SB | DW9: =SUM(DV179:DV198) -> 0 | DZ9: FW-DC-SB | EA9: =SUM(DZ179:DZ198) -> 10 | ED9: FW-DC-SB | EE9: =SUM(ED179:ED198) -> 10 | EH9: FW-DC-SB | EI9: =SUM(EH179:EH198) -> 0
